Workbook
Name \d: #N/A
Name \f: #N/A
Name \p: #N/A
Name _BSADJ: #REF!
Name _BSTGT: #REF!
Name _IND1: #REF!
Name _IND2: #REF!
Name a: #REF!
Name acha.coluna: #REF!
Name acha.dados: #REF!
Name acha.dados2: #REF!
Name acha.linha: #REF!
Name acha.linha2: #REF!
Name Área_impressão_IM: #REF!
Name Área_impressão_IM2: #REF!
Name AreaTeste: #REF!
Name AreaTeste: #REF!
Name AreaTeste: #REF!
Name AreaTeste: #REF!
Name AreaTeste: #REF!
Name AreaTeste: #REF!
Name AreaTeste: #REF!
Name AreaTeste2: #REF!
Name AreaTeste2: #REF!
Name AreaTeste2: #REF!
Name AreaTeste2: #REF!
Name AreaTeste2: #REF!
Name AreaTeste2: #REF!
Name bdi: #REF!
Name BDIlds: '[2]LIGAÇÕES DOMICILIARES (SER)'!$K$13
Name BDIm: #REF!
Name BDIs: [3]Serv!$I$11
Name cb: #REF!
Name ccc: #REF!
Name CélulaInicioPlanilha: #REF!
Name CélulaInicioPlanilha: #REF!
Name CélulaInicioPlanilha: #REF!
Name CélulaInicioPlanilha: #REF!
Name CélulaInicioPlanilha: #REF!
Name CélulaInicioPlanilha: #REF!
Name CélulaInicioPlanilha: #REF!
Name CélulaResumo: #REF!
Name CélulaResumo: #REF!
Name CélulaResumo: #REF!
Name CélulaResumo: #REF!
Name CélulaResumo: #REF!
Name CélulaResumo: #REF!
Name cer: #REF!
Name COM: #REF!
Name CRITERIOS2: #REF!
Name dssds: #REF!
Name Exist: #REF!
Name fdfd: #REF!
Name fdfd: #REF!
Name fdfd: #REF!
Name INCC: [3]Mat!$J$9
Name INCC1: [3]Serv!$I$10
Name j: #REF!
Name jfhdskjg: #REF!
Name jfhdskjg: #REF!

Sheet BDI_EDIFICACOES_26,53%_COM
B2: COMPOSIÇÃO DE BDI PARA SERVIÇOS GERAIS DE EDIFICAÇÕES
B4: BONIFICAÇÃO E DESPESAS INDIRETAS
B6: =#REF! -> #REF!
B7: =#REF! -> #REF!
B8: =#REF! -> #REF!
B10: DESCRIÇÃO | C10: SIGLA | D10: VALOR (*) | F10: FAIXA REFERENCIAL - Ref. Acórdão 2622/2013
B12: Taxa de rateio da Administração Central | C12: AC | D12: 0.04 | E12: med | F12: De 3,00% até 5,50%; médio = 4,00%
B14: Taxa de Despesas Financeiras | C14: DF | D14: 0.0123 | E14: med | F14: De 0,59% até 1,39%; médio = 1,23%
B16: Taxa de Risco | C16: R | D16: 0.0097 | E16: med | F16: De 0,97% até 1,27%; médio = 1,27%
B18: Taxa de Seguro e Taxa de Garantia | C18: S + G | D18: 0.008 | E18: *med=min | F18: De 0,80% até 1,00%; médio = 0,80%
B20: COFINS | C20: COFINS | D20: 0.03
B21: ISS (**) | C21: ISS | D21: 0.02 | E21: =0.05*0.4 -> 0.02
B22: PIS | C22: PIS | D22: 0.0065
B23: CONTRIBUIÇÃO PREVIDENCIÁRIA SOBRE RECEITA BRUTA (***) | C23: CPRB | D23: 0.045 | E23: *
B24: Taxa de Tributos (Soma dos itens COFINS, ISS, PIS e CPRB) | C24: I | D24: =SUM(D20:D23) -> 0.1015
B26: Taxa de Lucro | C26: L | D26: 0.0618 | E26: min-med | F26: De 6,16% até 8,96%; médio = 7,40%
B28: BDI Resultante | D28: =ROUND((((1+D12+D18+D16)*(1+D14)*(1+D26))/(1-D24))-1,4) -> 0.2653 | E28: (BDI padrão Edificações com CPRB considerando M.O. de 40%)
F29: De 20,34% até 25,00%; médio = 22,12%
B32: Fórmula do BDI conforme Acórdão TCU 2622/2013-P:
B40: Obs.:
B41: (*) Todas as taxas adotadas estão na faixa admissível do Acórdão 2622/2013-P do TCU.
B42: (**) A alíquota de ISS no Município de Orobó/PE é de 5% sobre os custos de mão de obra. Considerou-se para todos os serviços uma proporção de 40% de mão de obra, de modo que a taxa de ISS a incidir sobre os custos unitários dos itens será de 5% x 40% = 2,00%.
B43: (***) Conforme determina a Lei nº 13.161, de 31 de agosto de 2015, que altera a Lei nº 12.546, de 14 de dezembro 2011, para obras de infraestrutura e do setor de construção, foi regulamentada a substituição da contribuição previdenciária patronal de 20% sobre a folha de pagamentos por uma contribuição de 4,50% sobre a receita bruta, sendo facultativa a opção pela contribuição substitutiva. Nesta composição de BDI foi considerada a opção pela contribuição substitutiva, sendo portanto necessário utilizar tabelas de custos DESONERADAS para elaboração do orçamento básico. | F43: Obs.: 1. Acompanhar a questão, pois existe a possibilidade da Lei da Desoneração vencer ou ser revogada. 2. As atividades incluídas na desoneração são as relativas aos grupos 412, 432, 433 e 439 da CNAE 2.0
B46: Obs.:
B47: Os custos indiretos são decorrentes da estrutura da obra e da empresa e que não podem ser atribuídos diretamente à execução de um dado serviço. Os custos indiretos variam muito, principalmente, em função do local de execução dos serviços, do tipo da obra, impostos incidentes, e ainda com as exigências do edital ou contrato. Devem ser distribuídos pelos custos unitários diretos totais dos serviços na forma de percentual destes. Os custos indiretos que mais afetam a construção estão a seguir identificados, entretanto, o engenheiro de custos deve analisar em cada caso sua validade.
B61: Fórmula BDI conforme Acórdão TCU 325/2007:

Sheet (ORÇAMENTO GERAL)
A1: PLANILHA ORÇAMENTÁRIA
A3: MEMÓRIA DE CÁLCULO EXPLICATIVO
A4: PROJETO
A6: OBRA: REFORMA DO AÇOUGUE MUNICIPAL E CONSTRUÇÃO DE 01 GALPÃO PRÉ-FABRICADO DE CONCRETO ARMADO
A7: LOCALIZAÇÃO: RUA SÉRGIO AMARO DO NASCIMENTO - JOÃO ALFREDO/PE
A8: FONTES DE PREÇOS: SINAPI-PE FEVEREIRO - 2025 / ORSEJANEIRO - 2025 / SEINFRA-CE 028 / SBC - PE / COMPOSIÇÕES / SEM DESONERAÇÃO / BDI = 20,50% / BDI = 11,10%
A9: DATA: ABRIL/2025
L10: BDI (FORNECIMENTO) = | N10: 0.1632 | O10: BDI (FORNECIMENTO) = | Q10: 0.111
L11: BDI (EDIFICAÇÕES) = | N11: 0.2653 | O11: BDI (EDIFICAÇÕES) = | Q11: 0.205
L12: COM DESONERAÇÃO | O12: SEM DESONERAÇÃO | R12: COM | S12: =N405 -> 2653615.7
A13: ITEM | B13: FONTE | C13: CÓDIGO | D13: DESCRIÇÃO | E13: UN. | F13: TAXA | G13: COMP. | H13: LARG. | I13: ALTURA | J13: TOTAL | K13: QUANT. | L13: V. UNIT. S/BDI | M13: V. UNIT. C/ BDI | N13: V. TOTAL C/ BDI | O13: V. UNIT. S/BDI | P13: V. UNIT. C/ BDI | Q13: V. TOTAL C/ BDI | R13: SEM | S13: =Q405 -> 2590295.2
A15: 1.0 | D15: ADMINISTRAÇÃO LOCAL | N15: =SUM(N16:N20) -> 71798.07 | Q15: =SUM(Q16:Q20) -> 76173.24
A17: 1.1 | B17: COMPOSIÇÃO | C17: 01 | D17: ADMINISTRAÇÃO LOCAL DA OBRA | E17: UN | K17: =J19 -> 1 | L17: =COMPOSIÇÕES!H20 -> 56743.91 | M17: =ROUND(L17*(1+$N$11),2) -> 71798.07 | N17: =TRUNC($K17*M17,2) -> 71798.07 | O17: =COMPOSIÇÕES!J20 -> 63214.31 | P17: =ROUND(O17*(1+$Q$11),2) -> 76173.24 | Q17: =TRUNC($K17*P17,2) -> 76173.24 | R17: OK - ATUALIZADO_12/2024 | U17: =Q15/Q405 -> 0.029407166
D18: Estimava para ao local da obra (Encarregado) - 2 vezes por semana e 4 semanas durante 10 meses (2x4x10) / Estimava para ao local da obra (Engenheiro) - 2 vezes por semana e 4 semanas durante 10 meses (2x4x10) | F18: 1 | J18: =ROUND(PRODUCT(F18:I18),2) -> 1
D19: ="Total item "&A17 -> Total item 1.1 | J19: =SUM(J18:J18) -> 1
A21: 2.0 | D21: SERVIÇOS PRELIMINARES | N21: =SUM(N22:N64) -> 110752.93 | Q21: =SUM(Q22:Q64) -> 110675.94
A23: 2.1 | B23: SINAPI | C23: 103689 | D23: FORNECIMENTO E INSTALAÇÃO DE PLACA DE OBRA COM CHAPA GALVANIZADA E ESTRUTURA DE MADEIRA. AF_03/2022_PS | E23: M2 | K23: =J25 -> 27 | L23: 462,48 | M23: =ROUND(L23*(1+$N$11),2) -> 585.18 | N23: =TRUNC($K23*M23,2) -> 15799.86 | O23: 465,75 | P23: =ROUND(O23*(1+$Q$11),2) -> 561.23 | Q23: =TRUNC($K23*P23,2) -> 15153.21 | R23: OK - ATUALIZADO_02/2025
D24: Placa de Obra | G24: 6 | I24: 4.5 | J24: =ROUND(PRODUCT(F24:I24),2) -> 27
D25: ="Total item "&A23 -> Total item 2.1 | J25: =SUM(J24:J24) -> 27
A27: 2.2 | B27: SINAPI | C27: 97647 | D27: REMOÇÃO DE TELHAS DE FIBROCIMENTO METÁLICA E CERÂMICA, DE FORMA MANUAL, SEM REAPROVEITAMENTO. AF_09/2023 | E27: M2 | G27: Área conf proejto | K27: =J29 -> 1562.66 | L27: 3,47 | M27: =ROUND(L27*(1+$N$11),2) -> 4.39 | N27: =TRUNC($K27*M27,2) -> 6860.07 | O27: 3,76 | P27: =ROUND(O27*(1+$Q$11),2) -> 4.53 | Q27: =TRUNC($K27*P27,2) -> 7078.84 | R27: OK - ATUALIZADO_02/2025
D28: Coberta existente (telha fribrociemnto) | G28: 1562.66 | J28: =ROUND(PRODUCT(F28:I28),2) -> 1562.66
D29: ="Total item "&A27 -> Total item 2.2 | J29: =SUM(J28:J28) -> 1562.66
A31: 2.3 | B31: SINAPI | C31: 104790 | D31: DEMOLIÇÃO DE PISO DE CONCRETO SIMPLES, DE FORMA MECANIZADA COM MARTELETE, SEM REAPROVEITAMENTO. AF_09/2023 | E31: M3 | G31: Área conf proejto | K31: =J33 -> 89.93 | L31: 103,03 | M31: =ROUND(L31*(1+$N$11),2) -> 130.36 | N31: =TRUNC($K31*M31,2) -> 11723.27 | O31: 107,3 | P31: =ROUND(O31*(1+$Q$11),2) -> 129.3 | Q31: =TRUNC($K31*P31,2) -> 11627.94 | R31: OK - ATUALIZADO_02/2025
D32: Piso existente | G32: 1798.52 | I32: 0.05 | J32: =ROUND(PRODUCT(F32:I32),2) -> 89.93
D33: ="Total item "&A31 -> Total item 2.3 | J33: =SUM(J32:J32) -> 89.93
A35: 2.4 | B35: SINAPI | C35: 97633 | D35: DEMOLIÇÃO DE REVESTIMENTO CERÂMICO, DE FORMA MANUAL, SEM REAPROVEITAMENTO. AF_09/2023 | E35: M2 | G35: Área conf proejto | K35: =J37 -> 1245.83 | L35: 22.4 | M35: =ROUND(L35*(1+$N$11),2) -> 28.34 | N35: =TRUNC($K35*M35,2) -> 35306.82 | O35: 24,24 | P35: =ROUND(O35*(1+$Q$11),2) -> 29.21 | Q35: =TRUNC($K35*P35,2) -> 36390.69 | R35: OK - ATUALIZADO_02/2025
D36: Revestimento existente | G36: 1245.83 | J36: =ROUND(PRODUCT(F36:I36),2) -> 1245.83
D37: ="Total item "&A35 -> Total item 2.4 | J37: =SUM(J36:J36) -> 1245.83
A39: 2.5 | B39: SINAPI | C39: 97621 | D39: DEMOLIÇÃO DE ALVENARIA DE BLOCO FURADO, DE FORMA MANUAL, COM REAPROVEITAMENTO. AF_09/2023 | E39: M2 | G39: Área conf proejto | K39: =J41 -> 87.42 | L39: 114,61 | M39: =ROUND(L39*(1+$N$11),2) -> 145.02 | N39: =TRUNC($K39*M39,2) -> 12677.64 | O39: 123,97 | P39: =ROUND(O39*(1+$Q$11),2) -> 149.38 | Q39: =TRUNC($K39*P39,2) -> 13058.79 | R39: OK - ATUALIZADO_02/2025
D40: Wc's | G40: 87.42 | J40: =ROUND(PRODUCT(F40:I40),2) -> 87.42
D41: ="Total item "&A39 -> Total item 2.5 | J41: =SUM(J40:J40) -> 87.42
A43: 2.6 | B43: SINAPI | C43: 104803 | D43: REMOÇÃO CALHAS E RUFOS, DE FORMA MANUAL, SEM REAPROVEITAMENTO. AF_09/2023 | E43: M2 | K43: =J45 -> 63 | L43: 4,45 | M43: =ROUND(L43*(1+$N$11),2) -> 5.63 | N43: =TRUNC($K43*M43,2) -> 354.69 | O43: 4,83 | P43: =ROUND(O43*(1+$Q$11),2) -> 5.82 | Q43: =TRUNC($K43*P43,2) -> 366.66 | R43: OK - ATUALIZADO_02/2025
D44: Calha existente | G44: 63 | J44: =ROUND(PRODUCT(F44:I44),2) -> 63
D45: ="Total item "&A43 -> Total item 2.6 | J45: =SUM(J44:J44) -> 63
A47: 2.7 | B47: ORSE | C47: 021 | D47: DEMOLIÇÃO DE MEIO-FIO GRANÍTICO OU PRE-MOLDADO | E47: M | K47: =J49 -> 80 | L47: 10.35 | M47: =ROUND(L47*(1+$N$11),2) -> 13.1 | N47: =TRUNC($K47*M47,2) -> 1048 | O47: 10.35 | P47: =ROUND(O47*(1+$Q$11),2) -> 12.47 | Q47: =TRUNC($K47*P47,2) -> 997.6 | R47: OK - ATUALIZADO_02/2025
D48: Calçada frontal | G48: 80 | J48: =ROUND(PRODUCT(F48:I48),2) -> 80
D49: ="Total item "&A47 -> Total item 2.7 | J49: =SUM(J47:J48) -> 80
A51: 2.8 | B51: SINAPI | C51: 97631 | D51: DEMOLIÇÃO DE ARGAMASSAS, DE FORMA MANUAL, SEM REAPROVEITAMENTO. AF_09/2023 | E51: M2 | K51: =J53 -> 1226.75 | L51: 10.35 | M51: =ROUND(L51*(1+$N$11),2) -> 13.1 | N51: =TRUNC($K51*M51,2) -> 16070.42 | O51: 10.35 | P51: =ROUND(O51*(1+$Q$11),2) -> 12.47 | Q51: =TRUNC($K51*P51,2) -> 15297.57 | R51: OK - ATUALIZADO_02/2025
D52: Revestimento | G52: 1226.75 | J52: =ROUND(PRODUCT(F52:I52),2) -> 1226.75
D53: ="Total item "&A51 -> Total item 2.8 | J53: =SUM(J51:J52) -> 1226.75
A55: 2.9 | B55: SINAPI | C55: 98459 | D55: TAPUME COM TELHA METÁLICA. AF_03/2024 | E55: M2 | K55: =J59 -> 88 | L55: 92,19 | M55: =ROUND(L55*(1+$N$11),2) -> 116.65 | N55: =TRUNC($K55*M55,2) -> 10265.2 | O55: 94,86 | P55: =ROUND(O55*(1+$Q$11),2) -> 114.31 | Q55: =TRUNC($K55*P55,2) -> 10059.28 | R55: OK - ATUALIZADO_02/2025
D56: Tapume da Obra
D57: Frontal | G57: 20 | I57: 2.2 | J57: =ROUND(PRODUCT(F57:I57),2) -> 44
D58: Posterior | G58: 20 | I58: 2.2 | J58: =ROUND(PRODUCT(F58:I58),2) -> 44
D59: ="Total item "&A55 -> Total item 2.9 | J59: =SUM(J56:J58) -> 88
A61: 2.10 | B61: SINAPI | C61: 99059 | D61: LOCAÇÃO CONVENCIONAL DE OBRA, UTILIZANDO GABARITO DE TÁBUAS CORRIDAS PONTALETADAS A CADA 2,00M - 2 UTILIZAÇÕES. AF_03/2024 | E61: M | K61: =J63 -> 8 | L61: 63,91 | M61: =ROUND(L61*(1+$N$11),2) -> 80.87 | N61: =TRUNC($K61*M61,2) -> 646.96 | O61: 66,95 | P61: =ROUND(O61*(1+$Q$11),2) -> 80.67 | Q61: =TRUNC($K61*P61,2) -> 645.36 | R61: OK - ATUALIZADO_02/2025
D62: Gabarito do Galpão | F62: 4 | G62: 2 | J62: =ROUND(PRODUCT(F62:I62),2) -> 8
D63: ="Total item "&A61 -> Total item 2.10 | J63: =SUM(J62:J62) -> 8
A65: 3.0 | D65: DRENAGEM | N65: =SUM(N66:N95) -> 120524.77 | Q65: =SUM(Q66:Q95) -> 117286.42
A67: 3.1 | B67: SINAPI | C67: 92212 | D67: TUBO DE CONCRETO PARA REDES COLETORAS DE ÁGUAS PLUVIAIS, DIÂMETRO DE 600 MM, JUNTA RÍGIDA, INSTALADO EM LOCAL COM BAIXO NÍVEL DE INTERFERÊNCIAS - FORNECIMENTO E ASSENTAMENTO. AF_03/2024 | E67: M | K67: =J71 -> 150 | L67: 240,64 | M67: =ROUND(L67*(1+$N$11),2) -> 304.48 | N67: =TRUNC($K67*M67,2) -> 45672 | O67: 242,75 | P67: =ROUND(O67*(1+$Q$11),2) -> 292.51 | Q67: =TRUNC($K67*P67,2) -> 43876.5 | R67: OK - ATUALIZADO_02/2025
D68: Rua Antônio Soares | G68: 50 | J68: =ROUND(PRODUCT(F68:I68),2) -> 50
D69: Rua Severino Ricardo dos Passos | G69: 60 | J69: =ROUND(PRODUCT(F69:I69),2) -> 60
D70: Rua Sérgio Amaro do Nascimento | G70: 40 | J70: =ROUND(PRODUCT(F70:I70),2) -> 40
D71: ="Total item "&A67 -> Total item 3.1 | J71: =SUM(J68:J70) -> 150
A73: 3.2 | B73: SINAPI | C73: 97951 | D73: CAIXA PARA BOCA DE LOBO COMBINADA COM GRELHA RETANGULAR, EM ALVENARIA COM TIJOLOS CERÂMICOS MACIÇOS, DIMENSÕES INTERNAS: 1,3X1X1,2 M. AF_12/2020 | E73: UN | K73: =J77 -> 12 | L73: 2594.8 | M73: =ROUND(L73*(1+$N$11),2) -> 3283.2 | N73: =TRUNC($K73*M73,2) -> 39398.4 | O73: 2685,26 | P73: =ROUND(O73*(1+$Q$11),2) -> 3235.74 | Q73: =TRUNC($K73*P73,2) -> 38828.88 | R73: OK - ATUALIZADO_02/2025
D74: Rua Antônio Soares | F74: 4 | J74: =ROUND(PRODUCT(F74:I74),2) -> 4
D75: Rua Severino Ricardo dos Passos | F75: 5 | J75: =ROUND(PRODUCT(F75:I75),2) -> 5
D76: Rua Sérgio Amaro do Nascimento | F76: 3 | J76: =ROUND(PRODUCT(F76:I76),2) -> 3
D77: ="Total item "&A73 -> Total item 3.2 | J77: =SUM(J74:J76) -> 12
A79: 3.3 | B79: SINAPI | C79: 97952 | D79: CAIXA PARA BOCA DE LOBO DUPLA COMBINADA COM GRELHA RETANGULAR, EM ALVENARIA COM TIJOLOS CERÂMICOS MACIÇOS, DIMENSÕES INTERNAS: 1,3X2,2X1,2 M. AF_12/2020 | E79: UN | K79: =J82 -> 2 | L79: 4498,29 | M79: =ROUND(L79*(1+$N$11),2) -> 5691.69 | N79: =TRUNC($K79*M79,2) -> 11383.38 | O79: 4652,52 | P79: =ROUND(O79*(1+$Q$11),2) -> 5606.29 | Q79: =TRUNC($K79*P79,2) -> 11212.58 | R79: OK - ATUALIZADO_02/2025
D80: Rua Severino Ricardo dos Passos | F80: 1 | J80: =ROUND(PRODUCT(F80:I80),2) -> 1
D81: Rua Sérgio Amaro do Nascimento | F81: 1 | J81: =ROUND(PRODUCT(F81:I81),2) -> 1
D82: ="Total item "&A79 -> Total item 3.3 | J82: =SUM(J80:J81) -> 2
A84: 3.4 | B84: SEINFRA.28 | C84: C1437 | D84: GRELHA DE FERRO P/CANALETAS | E84: M2 | K84: =J86 -> 45 | L84: 249.27 | M84: =ROUND(L84*(1+$N$11),2) -> 315.4 | N84: =TRUNC($K84*M84,2) -> 14193 | O84: 256.32 | P84: =ROUND(O84*(1+$Q$11),2) -> 308.87 | Q84: =TRUNC($K84*P84,2) -> 13899.15 | R84: OK - ATUALIZADO_02/2025
D85: canaletas internas | G85: 300 | H85: 0.15 | J85: =ROUND(PRODUCT(F85:I85),2) -> 45
D86: ="Total item "&A84 -> Total item 3.4 | J86: =SUM(J85:J85) -> 45
U87: =IF(Q87>$U$13*$Q$1030,"Arcevo"," ")
A88: 3.5 | B88: ORSE | C88: 9942 | D88: CANALETA EM TIJOLO MACIÇO 45X40CM COM TAMPA DE CONCRETO | E88: M | K88: =J90 -> 22.2 | L88: 201.89 | M88: =ROUND(L88*(1+$N$11),2) -> 255.45 | N88: =TRUNC($K88*M88,2) -> 5670.99 | O88: 201.89 | P88: =ROUND(O88*(1+$Q$11),2) -> 243.28 | Q88: =TRUNC($K88*P88,2) -> 5400.81 | R88: OK - ATUALIZADO_02/2025 | U88: =IF(Q88>$U$13*$Q$1030,"Arcevo"," ") -> Arcevo
D89: canaletas externas | G89: =19+3.2 -> 22.2 | J89: =ROUND(PRODUCT(F89:I89),2) -> 22.2 | U89: =IF(Q89>$U$13*$Q$1030,"Arcevo"," ")
D90: ="Total item "&A88 -> Total item 3.5 | J90: =SUM(J89:J89) -> 22.2 | U90: =IF(Q90>$U$13*$Q$1030,"Arcevo"," ")
U91: =IF(Q91>$U$13*$Q$1030,"Arcevo"," ")
A92: 3.6 | B92: SINAPI | C92: 104166 | D92: TUBO PVC, SÉRIE R, ÁGUA PLUVIAL, DN 150 MM, FORNECIDO E INSTALADO EM RAMAL DE ENCAMINHAMENTO. AF_06/2022 | E92: M | K92: =J94 -> 50 | L92: 66.5 | M92: =ROUND(L92*(1+$N$11),2) -> 84.14 | N92: =TRUNC($K92*M92,2) -> 4207 | O92: 67,53 | P92: =ROUND(O92*(1+$Q$11),2) -> 81.37 | Q92: =TRUNC($K92*P92,2) -> 4068.5 | R92: OK - ATUALIZADO_02/2025 | U92: =IF(Q92>$U$13*$Q$1030,"Arcevo"," ") -> Arcevo
D93: Internas | G93: 50 | J93: =ROUND(PRODUCT(F93:I93),2) -> 50 | U93: =IF(Q93>$U$13*$Q$1030,"Arcevo"," ")
D94: ="Total item "&A92 -> Total item 3.6 | J94: =SUM(J93:J93) -> 50 | U94: =IF(Q94>$U$13*$Q$1030,"Arcevo"," ")
A96: 4.0 | D96: ESTRUTURA | N96: =SUM(N97:N108) -> 297848.03 | Q96: =SUM(Q97:Q108) -> 288216.69
D97: ESTRUTURA METÁLICA - COBERTA
A99: 4.1 | B99: SEINFRA.28 | C99: C5216 | D99: ESTRUTURA TRELIÇADA DE COBERTURA, TIPO FINK, COM LIGAÇÕES SOLDADAS, INCLUSOS PERFIS METÁLICOS, CHAPAS METÁLICAS, TRANSPORTE COM GUINDASTE, JATEAMENTO E PINTURA | E99: KG | G99: kg/m | H99: C | K99: =J101 -> 5593.77 | L99: 17.68 | M99: =ROUND(L99*(1+$N$11),2) -> 22.37 | N99: =TRUNC($K99*M99,2) -> 125132.63 | O99: 18.36 | P99: =ROUND(O99*(1+$Q$11),2) -> 22.12 | Q99: =TRUNC($K99*P99,2) -> 123734.19 | R99: OK - ATUALIZADO_02/2025
D100: Terças - Perfil U Estrutural - Enrijecido | F100: 13 | G100: 6.83 | H100: 63 | J100: =ROUND(PRODUCT(F100:I100),2) -> 5593.77
D101: ="Total item "&A99 -> Total item 4.1 | J101: =SUM(J100:J100) -> 5593.77
D103: OUTROS ELEMENTOS ESTRUTURAIS
A105: 4.2 | B105: ORSE | C105: 12994 | D105: ESTRUTURA PARA GALPÃO PRÉ-MOLDADO DE CONCRETO ARMADO, PADRÃO QUADRA DE ESPORTE, SEM LANTERNIM, C/MONTAGEM, VÃOS ATÉ 22M, TESOURA SEM EMENDA, VÃOS ENTRE PILARES DE 5,00/6,00M, ALTURA 6,50/7,50M(LATERAL/MEIO), EXCLUSO TELHAS, INCLUSIVE FUNDAÇÃO - RV 01 | E105: M2 | K105: =J107 -> 390 | L105: 350 | M105: =ROUND(L105*(1+$N$11),2) -> 442.86 | N105: =TRUNC($K105*M105,2) -> 172715.4 | O105: 350 | P105: =ROUND(O105*(1+$Q$11),2) -> 421.75 | Q105: =TRUNC($K105*P105,2) -> 164482.5 | R105: OK - ATUALIZADO_02/2025
D106: Galpão pré-moldado | G106: 65 | H106: 6 | J106: =ROUND(PRODUCT(F106:I106),2) -> 390
D107: ="Total item "&A105 -> Total item 4.2 | J107: =SUM(J106:J106) -> 390
A109: 5.0 | D109: PAREDES E REVESTIMENTOS | N109: =SUM(N110:N128) -> 440936.73 | Q109: =SUM(Q110:Q128) -> 435887.5
U110: =IF(Q110>$U$13*$Q$1256,"Arcevo"," ")
A111: 5.1 | B111: SINAPI | C111: 103328 | D111: ALVENARIA DE VEDAÇÃO DE BLOCOS CERÂMICOS FURADOS NA HORIZONTAL DE 9X19X19 CM (ESPESSURA 9 CM) E ARGAMASSA DE ASSENTAMENTO COM PREPARO EM BETONEIRA. AF_12/2021 | E111: M2 | G111: Área conf proejto | K111: =J113 -> 26.46 | L111: 86,13 | M111: =ROUND(L111*(1+$N$11),2) -> 108.98 | N111: =TRUNC($K111*M111,2) -> 2883.61 | O111: 91,23 | P111: =ROUND(O111*(1+$Q$11),2) -> 109.93 | Q111: =TRUNC($K111*P111,2) -> 2908.74 | R111: OK - ATUALIZADO_02/2025 | U111: =IF(Q111>$U$13*$Q$1256,"Arcevo"," ") -> Arcevo
D112: Wc's | G112: 26.46 | J112: =ROUND(PRODUCT(F112:I112),2) -> 26.46
D113: ="Total item "&A111 -> Total item 5.1 | J113: =SUM(J112:J112) -> 26.46 | U113: =IF(Q113>$U$13*$Q$1256,"Arcevo"," ")
U114: =IF(Q114>$U$13*$Q$1256,"Arcevo"," ")
A115: 5.2 | B115: SINAPI | C115: 87879 | D115: CHAPISCO APLICADO EM ALVENARIAS E ESTRUTURAS DE CONCRETO INTERNAS, COM COLHER DE PEDREIRO. ARGAMASSA TRAÇO 1:3 COM PREPARO EM BETONEIRA 400L. AF_10/2022 | E115: M2 | G115: Área | K115: =J119 -> 4998.08 | L115: 4.2 | M115: =ROUND(L115*(1+$N$11),2) -> 5.31 | N115: =TRUNC($K115*M115,2) -> 26539.8 | O115: 4,42 | P115: =ROUND(O115*(1+$Q$11),2) -> 5.33 | Q115: =TRUNC($K115*P115,2) -> 26639.76 | R115: OK - ATUALIZADO_02/2025
D116: Item 5.1 | F116: 2 | G116: =J113 -> 26.46 | J116: =ROUND(PRODUCT(F116:I116),2) -> 52.92
D117: Paredes internas e tarimbas | F117: 2 | G117: =G36 -> 1245.83 | J117: =ROUND(PRODUCT(F117:I117),2) -> 2491.66
F118: 2 | G118: =G52 -> 1226.75 | J118: =ROUND(PRODUCT(F118:I118),2) -> 2453.5
D119: ="Total item "&A115 -> Total item 5.2 | J119: =SUM(J116:J118) -> 4998.08
A121: 5.3 | B121: SINAPI | C121: 87792 | D121: EMBOÇO OU MASSA ÚNICA EM ARGAMASSA TRAÇO 1:2:8, PREPARO MECÂNICO COM BETONEIRA 400 L, APLICADA MANUALMENTE EM PANOS CEGOS DE FACHADA (SEM PRESENÇA DE VÃOS), ESPESSURA DE 25 MM. AF_08/2022 | E121: M2 | G121: Área | K121: =J123 -> 4998.08 | L121: 41,53 | M121: =ROUND(L121*(1+$N$11),2) -> 52.55 | N121: =TRUNC($K121*M121,2) -> 262649.1 | O121: 43,38 | P121: =ROUND(O121*(1+$Q$11),2) -> 52.27 | Q121: =TRUNC($K121*P121,2) -> 261249.64 | R121: OK - ATUALIZADO_02/2025
D122: Item 5.2 | G122: =J119 -> 4998.08 | J122: =ROUND(PRODUCT(F122:I122),2) -> 4998.08
D123: ="Total item "&A121 -> Total item 5.3 | J123: =SUM(J122:J122) -> 4998.08
A125: 5.5 | B125: SINAPI | C125: 104611 | D125: REVESTIMENTO CERÂMICO PARA PAREDES INTERNAS COM PLACAS TIPO ESMALTADA DE DIMENSÕES 60X60 CM APLICADAS NA ALTURA INTEIRA DAS PAREDES. AF_02/2023_PE | E125: M2 | G125: Área conf Projeto | K125: =J127 -> 1245.83 | L125: 94,44 | M125: =ROUND(L125*(1+$N$11),2) -> 119.49 | N125: =TRUNC($K125*M125,2) -> 148864.22 | O125: 96,65 | P125: =ROUND(O125*(1+$Q$11),2) -> 116.46 | Q125: =TRUNC($K125*P125,2) -> 145089.36 | R125: OK - ATUALIZADO_02/2025
D126: Paredes internas e tarimbas | G126: =G36 -> 1245.83 | J126: =ROUND(PRODUCT(F126:I126),2) -> 1245.83
D127: ="Total item "&A125 -> Total item 5.5 | J127: =SUM(J126:J126) -> 1245.83
...

Sheet ORÇAMENTO
A1: PLANILHA ORÇAMENTÁRIA
A3: OBRA: REFORMA DO AÇOUGUE MUNICIPAL E CONSTRUÇÃO DE 01 GALPÃO PRÉ-FABRICADO DE CONCRETO ARMADO
A4: LOCALIZAÇÃO: RUA SÉRGIO AMARO DO NASCIMENTO - JOÃO ALFREDO/PE
A5: FONTES DE PREÇOS: SINAPI-PE FEVEREIRO - 2025 / ORSE JANEIRO - 2025 / SEINFRA-CE 028 / SBC - PE / COMPOSIÇÕES / SEM DESONERAÇÃO / BDI = 20,50% / BDI = 11,10%
A6: DATA: ABRIL/2025
G7: BDI (FORNECIMENTO) = | I7: 0.111
G8: BDI (EDIFICAÇÕES) = | I8: 0.205
G9: SEM DESONERAÇÃO
A10: ITEM | B10: FONTE | C10: CÓDIGO | D10: DESCRIÇÃO | E10: UN. | F10: QUANT. | G10: V. UNIT. S/BDI | H10: V. UNIT. C/ BDI | I10: V. TOTAL C/ BDI | J10: SEM | K10: =I118 -> 2590295.2
A12: 1.0 | D12: ADMINISTRAÇÃO LOCAL | I12: =SUM(I13:I14) -> 76173.24
A13: 1.1 | B13: COMPOSIÇÃO | C13: 01 | D13: ADMINISTRAÇÃO LOCAL DA OBRA | E13: UN | F13: 1 | G13: =COMPOSIÇÕES!J20 -> 63214.31 | H13: =ROUND(G13*(1+$I$8),2) -> 76173.24 | I13: =TRUNC($F13*H13,2) -> 76173.24 | J13: OK - ATUALIZADO_12/2024 | M13: =I12/I118 -> 0.029407166
A15: 2.0 | D15: SERVIÇOS PRELIMINARES | I15: =SUM(I16:I26) -> 110675.94
A16: 2.1 | B16: SINAPI | C16: 103689 | D16: FORNECIMENTO E INSTALAÇÃO DE PLACA DE OBRA COM CHAPA GALVANIZADA E ESTRUTURA DE MADEIRA. AF_03/2022_PS | E16: M2 | F16: 27 | G16: 465,75 | H16: =ROUND(G16*(1+$I$8),2) -> 561.23 | I16: =TRUNC($F16*H16,2) -> 15153.21 | J16: OK - ATUALIZADO_02/2025
A17: 2.2 | B17: SINAPI | C17: 97647 | D17: REMOÇÃO DE TELHAS DE FIBROCIMENTO METÁLICA E CERÂMICA, DE FORMA MANUAL, SEM REAPROVEITAMENTO. AF_09/2023 | E17: M2 | F17: 1562.66 | G17: 3,76 | H17: =ROUND(G17*(1+$I$8),2) -> 4.53 | I17: =TRUNC($F17*H17,2) -> 7078.84 | J17: OK - ATUALIZADO_02/2025
A18: 2.3 | B18: SINAPI | C18: 104790 | D18: DEMOLIÇÃO DE PISO DE CONCRETO SIMPLES, DE FORMA MECANIZADA COM MARTELETE, SEM REAPROVEITAMENTO. AF_09/2023 | E18: M3 | F18: 89.93 | G18: 107,3 | H18: =ROUND(G18*(1+$I$8),2) -> 129.3 | I18: =TRUNC($F18*H18,2) -> 11627.94 | J18: OK - ATUALIZADO_02/2025
A19: 2.4 | B19: SINAPI | C19: 97633 | D19: DEMOLIÇÃO DE REVESTIMENTO CERÂMICO, DE FORMA MANUAL, SEM REAPROVEITAMENTO. AF_09/2023 | E19: M2 | F19: 1245.83 | G19: 24,24 | H19: =ROUND(G19*(1+$I$8),2) -> 29.21 | I19: =TRUNC($F19*H19,2) -> 36390.69 | J19: OK - ATUALIZADO_02/2025
A20: 2.5 | B20: SINAPI | C20: 97621 | D20: DEMOLIÇÃO DE ALVENARIA DE BLOCO FURADO, DE FORMA MANUAL, COM REAPROVEITAMENTO. AF_09/2023 | E20: M2 | F20: 87.42 | G20: 123,97 | H20: =ROUND(G20*(1+$I$8),2) -> 149.38 | I20: =TRUNC($F20*H20,2) -> 13058.79 | J20: OK - ATUALIZADO_02/2025
A21: 2.6 | B21: SINAPI | C21: 104803 | D21: REMOÇÃO CALHAS E RUFOS, DE FORMA MANUAL, SEM REAPROVEITAMENTO. AF_09/2023 | E21: M2 | F21: 63 | G21: 4,83 | H21: =ROUND(G21*(1+$I$8),2) -> 5.82 | I21: =TRUNC($F21*H21,2) -> 366.66 | J21: OK - ATUALIZADO_02/2025
A22: 2.7 | B22: ORSE | C22: 021 | D22: DEMOLIÇÃO DE MEIO-FIO GRANÍTICO OU PRE-MOLDADO | E22: M | F22: 80 | G22: 10.35 | H22: =ROUND(G22*(1+$I$8),2) -> 12.47 | I22: =TRUNC($F22*H22,2) -> 997.6 | J22: OK - ATUALIZADO_02/2025
A23: 2.8 | B23: SINAPI | C23: 97631 | D23: DEMOLIÇÃO DE ARGAMASSAS, DE FORMA MANUAL, SEM REAPROVEITAMENTO. AF_09/2023 | E23: M2 | F23: 1226.75 | G23: 10.35 | H23: =ROUND(G23*(1+$I$8),2) -> 12.47 | I23: =TRUNC($F23*H23,2) -> 15297.57 | J23: OK - ATUALIZADO_02/2025
A24: 2.9 | B24: SINAPI | C24: 98459 | D24: TAPUME COM TELHA METÁLICA. AF_03/2024 | E24: M2 | F24: 88 | G24: 94,86 | H24: =ROUND(G24*(1+$I$8),2) -> 114.31 | I24: =TRUNC($F24*H24,2) -> 10059.28 | J24: OK - ATUALIZADO_02/2025
A25: 2.10 | B25: SINAPI | C25: 99059 | D25: LOCAÇÃO CONVENCIONAL DE OBRA, UTILIZANDO GABARITO DE TÁBUAS CORRIDAS PONTALETADAS A CADA 2,00M - 2 UTILIZAÇÕES. AF_03/2024 | E25: M | F25: 8 | G25: 66,95 | H25: =ROUND(G25*(1+$I$8),2) -> 80.67 | I25: =TRUNC($F25*H25,2) -> 645.36 | J25: OK - ATUALIZADO_02/2025
A27: 3.0 | D27: DRENAGEM | I27: =SUM(I28:I34) -> 117286.42
A28: 3.1 | B28: SINAPI | C28: 92212 | D28: TUBO DE CONCRETO PARA REDES COLETORAS DE ÁGUAS PLUVIAIS, DIÂMETRO DE 600 MM, JUNTA RÍGIDA, INSTALADO EM LOCAL COM BAIXO NÍVEL DE INTERFERÊNCIAS - FORNECIMENTO E ASSENTAMENTO. AF_03/2024 | E28: M | F28: 150 | G28: 242,75 | H28: =ROUND(G28*(1+$I$8),2) -> 292.51 | I28: =TRUNC($F28*H28,2) -> 43876.5 | J28: OK - ATUALIZADO_02/2025
A29: 3.2 | B29: SINAPI | C29: 97951 | D29: CAIXA PARA BOCA DE LOBO COMBINADA COM GRELHA RETANGULAR, EM ALVENARIA COM TIJOLOS CERÂMICOS MACIÇOS, DIMENSÕES INTERNAS: 1,3X1X1,2 M. AF_12/2020 | E29: UN | F29: 12 | G29: 2685,26 | H29: =ROUND(G29*(1+$I$8),2) -> 3235.74 | I29: =TRUNC($F29*H29,2) -> 38828.88 | J29: OK - ATUALIZADO_02/2025
A30: 3.3 | B30: SINAPI | C30: 97952 | D30: CAIXA PARA BOCA DE LOBO DUPLA COMBINADA COM GRELHA RETANGULAR, EM ALVENARIA COM TIJOLOS CERÂMICOS MACIÇOS, DIMENSÕES INTERNAS: 1,3X2,2X1,2 M. AF_12/2020 | E30: UN | F30: 2 | G30: 4652,52 | H30: =ROUND(G30*(1+$I$8),2) -> 5606.29 | I30: =TRUNC($F30*H30,2) -> 11212.58 | J30: OK - ATUALIZADO_02/2025
A31: 3.4 | B31: SEINFRA.28 | C31: C1437 | D31: GRELHA DE FERRO P/CANALETAS | E31: M2 | F31: 45 | G31: 256.32 | H31: =ROUND(G31*(1+$I$8),2) -> 308.87 | I31: =TRUNC($F31*H31,2) -> 13899.15 | J31: OK - ATUALIZADO_02/2025
A32: 3.5 | B32: ORSE | C32: 9942 | D32: CANALETA EM TIJOLO MACIÇO 45X40CM COM TAMPA DE CONCRETO | E32: M | F32: 22.2 | G32: 201.89 | H32: =ROUND(G32*(1+$I$8),2) -> 243.28 | I32: =TRUNC($F32*H32,2) -> 5400.81 | J32: OK - ATUALIZADO_02/2025
A33: 3.6 | B33: SINAPI | C33: 104166 | D33: TUBO PVC, SÉRIE R, ÁGUA PLUVIAL, DN 150 MM, FORNECIDO E INSTALADO EM RAMAL DE ENCAMINHAMENTO. AF_06/2022 | E33: M | F33: 50 | G33: 67,53 | H33: =ROUND(G33*(1+$I$8),2) -> 81.37 | I33: =TRUNC($F33*H33,2) -> 4068.5 | J33: OK - ATUALIZADO_02/2025
A35: 4.0 | D35: ESTRUTURA | I35: =SUM(I36:I40) -> 288216.69
D36: ESTRUTURA METÁLICA - COBERTA
A37: 4.1 | B37: SEINFRA.28 | C37: C5216 | D37: ESTRUTURA TRELIÇADA DE COBERTURA, TIPO FINK, COM LIGAÇÕES SOLDADAS, INCLUSOS PERFIS METÁLICOS, CHAPAS METÁLICAS, TRANSPORTE COM GUINDASTE, JATEAMENTO E PINTURA | E37: KG | F37: 5593.77 | G37: 18.36 | H37: =ROUND(G37*(1+$I$8),2) -> 22.12 | I37: =TRUNC($F37*H37,2) -> 123734.19 | J37: OK - ATUALIZADO_02/2025
D38: OUTROS ELEMENTOS ESTRUTURAIS
A39: 4.2 | B39: ORSE | C39: 12994 | D39: ESTRUTURA PARA GALPÃO PRÉ-MOLDADO DE CONCRETO ARMADO, PADRÃO QUADRA DE ESPORTE, SEM LANTERNIM, C/MONTAGEM, VÃOS ATÉ 22M, TESOURA SEM EMENDA, VÃOS ENTRE PILARES DE 5,00/6,00M, ALTURA 6,50/7,50M(LATERAL/MEIO), EXCLUSO TELHAS, INCLUSIVE FUNDAÇÃO - RV 01 | E39: M2 | F39: 390 | G39: 350 | H39: =ROUND(G39*(1+$I$8),2) -> 421.75 | I39: =TRUNC($F39*H39,2) -> 164482.5 | J39: OK - ATUALIZADO_02/2025
A41: 5.0 | D41: PAREDES E REVESTIMENTOS | I41: =SUM(I42:I46) -> 435887.5
A42: 5.1 | B42: SINAPI | C42: 103328 | D42: ALVENARIA DE VEDAÇÃO DE BLOCOS CERÂMICOS FURADOS NA HORIZONTAL DE 9X19X19 CM (ESPESSURA 9 CM) E ARGAMASSA DE ASSENTAMENTO COM PREPARO EM BETONEIRA. AF_12/2021 | E42: M2 | F42: 26.46 | G42: 91,23 | H42: =ROUND(G42*(1+$I$8),2) -> 109.93 | I42: =TRUNC($F42*H42,2) -> 2908.74 | J42: OK - ATUALIZADO_02/2025
A43: 5.2 | B43: SINAPI | C43: 87879 | D43: CHAPISCO APLICADO EM ALVENARIAS E ESTRUTURAS DE CONCRETO INTERNAS, COM COLHER DE PEDREIRO. ARGAMASSA TRAÇO 1:3 COM PREPARO EM BETONEIRA 400L. AF_10/2022 | E43: M2 | F43: 4998.08 | G43: 4,42 | H43: =ROUND(G43*(1+$I$8),2) -> 5.33 | I43: =TRUNC($F43*H43,2) -> 26639.76 | J43: OK - ATUALIZADO_02/2025
A44: 5.3 | B44: SINAPI | C44: 87792 | D44: EMBOÇO OU MASSA ÚNICA EM ARGAMASSA TRAÇO 1:2:8, PREPARO MECÂNICO COM BETONEIRA 400 L, APLICADA MANUALMENTE EM PANOS CEGOS DE FACHADA (SEM PRESENÇA DE VÃOS), ESPESSURA DE 25 MM. AF_08/2022 | E44: M2 | F44: 4998.08 | G44: 43,38 | H44: =ROUND(G44*(1+$I$8),2) -> 52.27 | I44: =TRUNC($F44*H44,2) -> 261249.64 | J44: OK - ATUALIZADO_02/2025
A45: 5.5 | B45: SINAPI | C45: 104611 | D45: REVESTIMENTO CERÂMICO PARA PAREDES INTERNAS COM PLACAS TIPO ESMALTADA DE DIMENSÕES 60X60 CM APLICADAS NA ALTURA INTEIRA DAS PAREDES. AF_02/2023_PE | E45: M2 | F45: 1245.83 | G45: 96,65 | H45: =ROUND(G45*(1+$I$8),2) -> 116.46 | I45: =TRUNC($F45*H45,2) -> 145089.36 | J45: OK - ATUALIZADO_02/2025
A47: 6.0 | D47: PISOS | I47: =SUM(I48:I52) -> 355599.14
A48: 6.1 | B48: SINAPI | C48: 96620 | D48: LASTRO DE CONCRETO MAGRO, APLICADO EM PISOS, LAJES SOBRE SOLO OU RADIERS. AF_01/2024 | E48: M3 | F48: 53.96 | G48: 735,91 | H48: =ROUND(G48*(1+$I$8),2) -> 886.77 | I48: =TRUNC($F48*H48,2) -> 47850.1 | J48: OK - ATUALIZADO_02/2025
A49: 6.2 | B49: SINAPI | C49: 87735 | D49: CONTRAPISO EM ARGAMASSA TRAÇO 1:4 (CIMENTO E AREIA), PREPARO MECÂNICO COM BETONEIRA 400 L, APLICADO EM ÁREAS MOLHADAS SOBRE LAJE, ADERIDO, ACABAMENTO NÃO REFORÇADO, ESPESSURA 2CM. AF_07/2021 | E49: M2 | F49: 1798.52 | G49: 43,66 | H49: =ROUND(G49*(1+$I$8),2) -> 52.61 | I49: =TRUNC($F49*H49,2) -> 94620.13 | J49: OK - ATUALIZADO_02/2025
A50: 6.3 | B50: SINAPI | C50: 104162 | D50: PISO EM GRANILITE, MARMORITE OU GRANITINA EM AMBIENTES INTERNOS, COM ESPESSURA DE 8 MM, INCLUSO MISTURA EM BETONEIRA, COLOCAÇÃO DAS JUNTAS, APLICAÇÃO DO PISO, 4 POLIMENTOS COM POLITRIZ, ESTUCAMENTO, SELADOR E CERA. AF_06/2022 | E50: M2 | F50: 1798.52 | G50: 95,93 | H50: =ROUND(G50*(1+$I$8),2) -> 115.6 | I50: =TRUNC($F50*H50,2) -> 207908.91 | J50: OK - ATUALIZADO_02/2025
A51: 6.4 | B51: SINAPI | C51: 94274 | D51: ASSENTAMENTO DE GUIA (MEIO-FIO) EM TRECHO CURVO, CONFECCIONADA EM CONCRETO PRÉ-FABRICADO, DIMENSÕES 100X15X13X30 CM (COMPRIMENTO X BASE INFERIOR X BASE SUPERIOR X ALTURA). AF_01/2024 | E51: M | F51: 80 | G51: 54,15 | H51: =ROUND(G51*(1+$I$8),2) -> 65.25 | I51: =TRUNC($F51*H51,2) -> 5220 | J51: OK - ATUALIZADO_02/2025
A53: 7.0 | D53: COBERTA | I53: =SUM(I54:I61) -> 570477.03
A54: 7.1 | B54: SINAPI | C54: 94216 | D54: TELHAMENTO COM TELHA METÁLICA TERMOACÚSTICA E = 30 MM, COM ATÉ 2 ÁGUAS, INCLUSO IÇAMENTO. AF_07/2019 | E54: M2 | F54: 1952.66 | G54: 203,52 | H54: =ROUND(G54*(1+$I$8),2) -> 245.24 | I54: =TRUNC($F54*H54,2) -> 478870.33 | J54: OK - ATUALIZADO_02/2025
A55: 7.2 | B55: SEINFRA.28 | C55: C1002 | D55: CUMEEIRA TERMOACÚSTICA | E55: M | F55: 187 | G55: 78.3 | H55: =ROUND(G55*(1+$I$8),2) -> 94.35 | I55: =TRUNC($F55*H55,2) -> 17643.45 | J55: OK - ATUALIZADO_02/2025
A56: 7.4 | B56: SINAPI | C56: 94229 | D56: CALHA EM CHAPA DE AÇO GALVANIZADO NÚMERO 24, DESENVOLVIMENTO DE 100 CM, INCLUSO TRANSPORTE VERTICAL. AF_07/2019 | E56: M | F56: 252 | G56: 147,1 | H56: =ROUND(G56*(1+$I$8),2) -> 177.26 | I56: =TRUNC($F56*H56,2) -> 44669.52 | J56: OK - ATUALIZADO_02/2025
A57: 7.5 | B57: SINAPI | C57: 96486 | D57: FORRO EM RÉGUAS DE PVC, LISO, PARA AMBIENTES COMERCIAIS, INCLUSIVE ESTRUTURA BIDIRECIONAL DE FIXAÇÃO. AF_08/2023_PS | E57: M | F57: 38.07 | G57: 71,13 | H57: =ROUND(G57*(1+$I$8),2) -> 85.71 | I57: =TRUNC($F57*H57,2) -> 3262.97 | J57: OK - ATUALIZADO_02/2025
A58: 7.6 | B58: SINAPI | C58: 89512 | D58: TUBO PVC, SÉRIE R, ÁGUA PLUVIAL, DN 100 MM, FORNECIDO E INSTALADO EM RAMAL DE ENCAMINHAMENTO. AF_06/2022 | E58: M | F58: 186.4 | G58: 46,39 | H58: =ROUND(G58*(1+$I$8),2) -> 55.9 | I58: =TRUNC($F58*H58,2) -> 10419.76 | J58: OK - ATUALIZADO_02/2025
A59: 7.6 | B59: SINAPI | C59: 92210 | D59: TUBO DE CONCRETO PARA REDES COLETORAS DE ÁGUAS PLUVIAIS, DIÂMETRO DE 400 MM, JUNTA RÍGIDA, INSTALADO EM LOCAL COM BAIXO NÍVEL DE INTERFERÊNCIAS - FORNECIMENTO E ASSENTAMENTO. AF_03/2024 | E59: M | F59: 50 | G59: 131,29 | H59: =ROUND(G59*(1+$I$8),2) -> 158.2 | I59: =TRUNC($F59*H59,2) -> 7910 | J59: OK - ATUALIZADO_02/2025
A60: 7.7 | B60: SINAPI | C60: 99253 | D60: CAIXA ENTERRADA HIDRÁULICA RETANGULAR EM ALVENARIA COM TIJOLOS CERÂMICOS MACIÇOS, DIMENSÕES INTERNAS: 0,6X0,6X0,6 M PARA REDE DE DRENAGEM. AF_12/2020 | E60: UN | F60: 12 | G60: 532,57 | H60: =ROUND(G60*(1+$I$8),2) -> 641.75 | I60: =TRUNC($F60*H60,2) -> 7701 | J60: OK - ATUALIZADO_02/2025
A62: 8.0 | D62: ESQUADRIAS | I62: =SUM(I63:I70) -> 205025.82
A63: 8.1 | B63: SINAPI | C63: 91341 | D63: PORTA EM ALUMÍNIO DE ABRIR TIPO VENEZIANA COM GUARNIÇÃO, FIXAÇÃO COM PARAFUSOS - FORNECIMENTO E INSTALAÇÃO. AF_12/2019 | E63: M2 | F63: 15.36 | G63: 691,18 | H63: =ROUND(G63*(1+$I$8),2) -> 832.87 | I63: =TRUNC($F63*H63,2) -> 12792.88 | J63: OK - ATUALIZADO_02/2025
A64: 8.2 | B64: ORSE | C64: 12710 | D64: PORTA DE ENROLAR, EM PERFIL MEIA CANA FECHADO, EM CHAPA DE AÇO GALVANIZADO Nº22 | E64: UN | F64: 63.97 | G64: 356.32 | H64: =ROUND(G64*(1+$I$8),2) -> 429.37 | I64: =TRUNC($F64*H64,2) -> 27466.79 | J64: OK - ATUALIZADO_02/2025
A65: 8.3 | B65: SINAPI | C65: 100701 | D65: PORTA DE FERRO, DE ABRIR, TIPO GRADE COM CHAPA, COM GUARNIÇÕES. AF_12/2019 | E65: M2 | F65: 3.96 | G65: 697,63 | H65: =ROUND(G65*(1+$I$8),2) -> 840.64 | I65: =TRUNC($F65*H65,2) -> 3328.93 | J65: OK - ATUALIZADO_02/2025
A66: 8.4 | B66: SINAPI | C66: 94570 | D66: JANELA DE ALUMÍNIO DE CORRER COM 2 FOLHAS PARA VIDROS (VIDROS INCLUSOS), BATENTE/ REQUADRO 6 A 14 CM, ACABAMENTO COM ACETATO OU BRILHANTE, FIXAÇÃO COM PARAFUSO, SEM GUARNIÇÃO/ ALIZAR, DIMENSÕES 100X120 CM, VEDAÇÃO COM SILICONE, EXCLUSIVE CONTRAMARCO - FORNECIMENTO E INSTALAÇÃO. AF_11/2024 | E66: M2 | F66: 4.95 | G66: 234.73 | H66: =ROUND(G66*(1+$I$8),2) -> 282.85 | I66: =TRUNC($F66*H66,2) -> 1400.1 | J66: OK - ATUALIZADO_02/2025
A67: 8.5 | B67: SINAPI | C67: 91307 | D67: FECHADURA DE EMBUTIR PARA PORTAS INTERNAS, COMPLETA, ACABAMENTO PADRÃO POPULAR, COM EXECUÇÃO DE FURO - FORNECIMENTO E INSTALAÇÃO. AF_12/2019 | E67: UN | F67: 12 | G67: 108,67 | H67: =ROUND(G67*(1+$I$8),2) -> 130.95 | I67: =TRUNC($F67*H67,2) -> 1571.4 | J67: OK - ATUALIZADO_02/2025
A68: 8.6 | B68: ORSE | C68: 99855 | D68: CORRIMÃO SIMPLES, DIÂMETRO EXTERNO = 1 1/2", EM AÇO GALVANIZADO. AF_04/2019_PS | E68: M | F68: 1271.62 | G68: 102,27 | H68: =ROUND(G68*(1+$I$8),2) -> 123.24 | I68: =TRUNC($F68*H68,2) -> 156714.44 | J68: OK - ATUALIZADO_02/2025
A69: 8.7 | B69: SINAPI | C69: 100868 | D69: BARRA DE APOIO RETA, EM ACO INOX POLIDO, COMPRIMENTO 80 CM, FIXADA NA PAREDE - FORNECIMENTO E INSTALAÇÃO. AF_01/2020 | E69: UN | F69: 4 | G69: 363,34 | H69: =ROUND(G69*(1+$I$8),2) -> 437.82 | I69: =TRUNC($F69*H69,2) -> 1751.28 | J69: OK - ATUALIZADO_02/2025
A71: 9.0 | D71: PINTURAS E ACABAMENTOS | I71: =SUM(I72:I77) -> 58000.37
A72: 9.1 | B72: SINAPI | C72: 88485 | D72: FUNDO SELADOR ACRÍLICO, APLICAÇÃO MANUAL EM PAREDE, UMA DEMÃO. AF_04/2023 | E72: M2 | F72: 1226.75 | G72: 4,24 | H72: =ROUND(G72*(1+$I$8),2) -> 5.11 | I72: =TRUNC($F72*H72,2) -> 6268.69 | J72: OK - ATUALIZADO_02/2025
A73: 9.2 | B73: SINAPI | C73: 88497 | D73: EMASSAMENTO COM MASSA LÁTEX, APLICAÇÃO EM PAREDE, DUAS DEMÃOS, LIXAMENTO MANUAL. AF_04/2023 | E73: M2 | F73: 1226.75 | G73: 16,95 | H73: =ROUND(G73*(1+$I$8),2) -> 20.42 | I73: =TRUNC($F73*H73,2) -> 25050.23 | J73: OK - ATUALIZADO_02/2025
A74: 9.3 | B74: SINAPI | C74: 88489 | D74: PINTURA LÁTEX ACRÍLICA PREMIUM, APLICAÇÃO MANUAL EM PAREDES, DUAS DEMÃOS. AF_04/2023 | E74: M2 | F74: 1226.75 | G74: 13,54 | H74: =ROUND(G74*(1+$I$8),2) -> 16.32 | I74: =TRUNC($F74*H74,2) -> 20020.56 | J74: OK - ATUALIZADO_02/2025
A75: 9.4 | B75: SINAPI | C75: 100721 | D75: PINTURA COM TINTA ALQUÍDICA DE FUNDO (TIPO ZARCÃO) PULVERIZADA SOBRE SUPERFÍCIES METÁLICAS (EXCETO PERFIL) EXECUTADO EM OBRA (POR DEMÃO). AF_01/2020_P | E75: M2 | F75: 70.1 | G75: 26,67 | H75: =ROUND(G75*(1+$I$8),2) -> 32.14 | I75: =TRUNC($F75*H75,2) -> 2253.01 | J75: OK - ATUALIZADO_02/2025
A76: 9.5 | B76: SINAPI | C76: 100758 | D76: PINTURA COM TINTA ALQUÍDICA DE ACABAMENTO (ESMALTE SINTÉTICO ACETINADO) APLICADA A ROLO OU PINCEL SOBRE SUPERFÍCIES METÁLICAS (EXCETO PERFIL) EXECUTADO EM OBRA (02 DEMÃOS). AF_01/2020 | E76: M2 | F76: 70.1 | G76: 52,18 | H76: =ROUND(G76*(1+$I$8),2) -> 62.88 | I76: =TRUNC($F76*H76,2) -> 4407.88 | J76: OK - ATUALIZADO_02/2025
A78: 10.0 | D78: INSTALAÇÕES HIDROSSANITÁRIOS | I78: =SUM(I79:I94) -> 110449.45
A79: 10.1 | B79: COMPOSIÇÃO | C79: 02 | D79: PONTO DE CONSUMO TERMINAL DE ÁGUA FRIA (SUBRAMAL) COM TUBULAÇÃO DE PVC, DN 25 MM, INSTALADO EM RAMAL DE ÁGUA, INCLUSOS RASGO E CHUMBAMENTO EM ALVENARIA. AF_12/2014 | E79: UN | F79: 121 | G79: =COMPOSIÇÕES!J74 -> 138.53 | H79: =ROUND(G79*(1+$I$8),2) -> 166.93 | I79: =TRUNC($F79*H79,2) -> 20198.53 | J79: OK - ATUALIZADO_02/2025
A80: 10.2 | B80: COMPOSIÇÃO | C80: 03 | D80: PONTO DE ESGOTO COM TUBO DE PVC RÍGIDO SOLDÁVEL DE Ø 100 MM (VASO SANITÁRIO) | E80: UN | F80: 8 | G80: =COMPOSIÇÕES!J92 -> 106.92 | H80: =ROUND(G80*(1+$I$8),2) -> 128.84 | I80: =TRUNC($F80*H80,2) -> 1030.72 | J80: OK - ATUALIZADO_02/2025
A81: 10.3 | B81: COMPOSIÇÃO | C81: 04 | D81: PONTO DE ESGOTO COM TUBO DE PVC RÍGIDO SOLDÁVEL DE Ø 40 MM (LAVATÓRIOS, MICTÓRIOS, RALOS SIFONADOS, ETC.) | E81: UN | F81: 129 | G81: =COMPOSIÇÕES!J112 -> 76.81 | H81: =ROUND(G81*(1+$I$8),2) -> 92.56 | I81: =TRUNC($F81*H81,2) -> 11940.24 | J81: OK - ATUALIZADO_02/2025
A82: 10.4 | B82: SINAPI | C82: 86888 | D82: VASO SANITÁRIO SIFONADO COM CAIXA ACOPLADA LOUÇA BRANCA - FORNECIMENTO E INSTALAÇÃO. AF_01/2020 | E82: UN | F82: 8 | G82: 453,25 | H82: =ROUND(G82*(1+$I$8),2) -> 546.17 | I82: =TRUNC($F82*H82,2) -> 4369.36 | J82: OK - ATUALIZADO_02/2025
A83: 10.5 | B83: SINAPI | C83: 86943 | D83: LAVATÓRIO LOUÇA BRANCA SUSPENSO, 29,5 X 39CM OU EQUIVALENTE, PADRÃO POPULAR, INCLUSO SIFÃO FLEXÍVEL EM PVC, VÁLVULA E ENGATE FLEXÍVEL 30CM EM PLÁSTICO E TORNEIRA CROMADA DE MESA, PADRÃO POPULAR - FORNECIMENTO E INSTALAÇÃO. AF_01/2020 | E83: UN | F83: 111 | G83: 268,5 | H83: =ROUND(G83*(1+$I$8),2) -> 323.54 | I83: =TRUNC($F83*H83,2) -> 35912.94 | J83: OK - ATUALIZADO_02/2025
A84: 10.6 | B84: COMPOSIÇÃO | C84: 05 | D84: LAVATÓRIO DE CANTO DE LOUÇA BRANCA SUSPENSO, 40 X 30 CM - FORNECIMENTO E INSTALAÇÃO | E84: UN | F84: 2 | G84: =COMPOSIÇÕES!J128 -> 200.94 | H84: =ROUND(G84*(1+$I$8),2) -> 242.13 | I84: =TRUNC($F84*H84,2) -> 484.26 | J84: OK - ATUALIZADO_02/2025
A85: 10.7 | B85: SINAPI | C85: 86915 | D85: TORNEIRA CROMADA DE MESA, 1/2" OU 3/4", PARA LAVATÓRIO, PADRÃO MÉDIO - FORNECIMENTO E INSTALAÇÃO. AF_01/2020 | E85: UN | F85: 2 | G85: 160,17 | H85: =ROUND(G85*(1+$I$8),2) -> 193 | I85: =TRUNC($F85*H85,2) -> 386 | J85: OK - ATUALIZADO_02/2025
A86: 10.8 | B86: SINAPI | C86: 89987 | D86: REGISTRO DE GAVETA BRUTO, LATÃO, ROSCÁVEL, 3/4", COM ACABAMENTO E CANOPLA CROMADOS - FORNECIMENTO E INSTALAÇÃO. AF_08/2021 | E86: UN | F86: 114 | G86: 99,87 | H86: =ROUND(G86*(1+$I$8),2) -> 120.34 | I86: =TRUNC($F86*H86,2) -> 13718.76 | J86: OK - ATUALIZADO_02/2025
A87: 10.9 | B87: SINAPI | C87: 100849 | D87: ASSENTO SANITÁRIO CONVENCIONAL - FORNECIMENTO E INSTALACAO. AF_01/2020 | E87: UN | F87: 8 | G87: 32,85 | H87: =ROUND(G87*(1+$I$8),2) -> 39.58 | I87: =TRUNC($F87*H87,2) -> 316.64 | J87: OK - ATUALIZADO_02/2025
A88: 10.10 | B88: SINAPI | C88: 95545 | D88: SABONETEIRA DE PAREDE EM METAL CROMADO, INCLUSO FIXAÇÃO. AF_01/2020 | E88: UN | F88: 4 | G88: 82,21 | H88: =ROUND(G88*(1+$I$8),2) -> 99.06 | I88: =TRUNC($F88*H88,2) -> 396.24 | J88: OK - ATUALIZADO_02/2025
A89: 10.11 | B89: SINAPI | C89: 95544 | D89: PAPELEIRA DE PAREDE EM METAL CROMADO SEM TAMPA, INCLUSO FIXAÇÃO. AF_01/2020 | E89: UN | F89: 4 | G89: 84,05 | H89: =ROUND(G89*(1+$I$8),2) -> 101.28 | I89: =TRUNC($F89*H89,2) -> 405.12 | J89: OK - ATUALIZADO_02/2025
A90: 10.12 | B90: SINAPI | C90: 95543 | D90: PORTA TOALHA BANHO EM METAL CROMADO, TIPO BARRA, INCLUSO FIXAÇÃO. AF_01/2020 | E90: UN | F90: 4 | G90: 108,92 | H90: =ROUND(G90*(1+$I$8),2) -> 131.25 | I90: =TRUNC($F90*H90,2) -> 525 | J90: OK - ATUALIZADO_02/2025
A91: 10.13 | B91: COMPOSIÇÃO | C91: 06 | D91: RESERVATÓRIO ELEVADO C/ CAIXA D'AGUA EM FIBRA DE VIDRO DE 5.000 LITROS APOIADO EM ESTRUTURA PRÉ-MOLDADA CONCRETO, COMPOSTA DE CAPITEL P/APOIO DA CAIXA E PILAR CILÍNDRICO C/ALTURA ÚTIL = 6,00M, INCLUSO FRETE E MONTAGEM NO LOCAL | E91: UN | F91: 1 | G91: =COMPOSIÇÕES!J145 -> 9162.51 | H91: =ROUND(G91*(1+$I$8),2) -> 11040.82 | I91: =TRUNC($F91*H91,2) -> 11040.82 | J91: OK - ATUALIZADO_02/2025
A92: 10.14 | B92: SINAPI | C92: 89357 | D92: TUBO, PVC, SOLDÁVEL, DE 32MM, INSTALADO EM RAMAL OU SUB-RAMAL DE ÁGUA - FORNECIMENTO E INSTALAÇÃO. AF_06/2022 | E92: M | F92: 200 | G92: 31,8 | H92: =ROUND(G92*(1+$I$8),2) -> 38.32 | I92: =TRUNC($F92*H92,2) -> 7664 | J92: OK - ATUALIZADO_02/2025
A93: 10.15 | B93: SINAPI | C93: 97901 | D93: CAIXA ENTERRADA HIDRÁULICA RETANGULAR EM ALVENARIA COM TIJOLOS CERÂMICOS MACIÇOS, DIMENSÕES INTERNAS: 0,4X0,4X0,4 M PARA REDE DE ESGOTO. AF_12/2020 | E93: UN | F93: 6 | G93: 285,04 | H93: =ROUND(G93*(1+$I$8),2) -> 343.47 | I93: =TRUNC($F93*H93,2) -> 2060.82 | J93: OK - ATUALIZADO_02/2025
A95: 11.0 | D95: INSTALAÇÃO ELÉTRICA | I95: =SUM(I96:I111) -> 92712.38
A96: 11.1 | B96: COMPOSIÇÃO | C96: 07 | D96: POSTE DE CONCRETO COM COMPRIMENTO NOMINAL DE 8 M, ENGASTAMENTO SIMPLES COM 1,5 M DE SOLO - FORNECIMENTO E INSTALACAO | E96: UN | F96: 1 | G96: =COMPOSIÇÕES!J159 -> 1008.86 | H96: =ROUND(G96*(1+$I$8),2) -> 1215.68 | I96: =TRUNC($F96*H96,2) -> 1215.68 | J96: OK - ATUALIZADO_02/2025
A97: 11.2 | B97: SINAPI | C97: 39808 | D97: CAIXA PARA MEDIDOR MONOFASICO, EM POLICARBONATO / TERMOPLASTICO, PARA ALOJAR 1 DISJUNTOR (PADRAO DA CONCESSIONARIA LOCAL) | E97: UN | F97: 1 | G97: 115,04 | H97: =ROUND(G97*(1+$I$8),2) -> 138.62 | I97: =TRUNC($F97*H97,2) -> 138.62 | J97: OK - ATUALIZADO_02/2025
A98: 11.3 | B98: SINAPI | C98: 101879 | D98: QUADRO DE DISTRIBUIÇÃO DE ENERGIA EM CHAPA DE AÇO GALVANIZADO, DE EMBUTIR, COM BARRAMENTO TRIFÁSICO, PARA 24 DISJUNTORES DIN 100A - FORNECIMENTO E INSTALAÇÃO. AF_10/2020 | E98: UN | F98: 1 | G98: 490.5 | H98: =ROUND(G98*(1+$I$8),2) -> 591.05 | I98: =TRUNC($F98*H98,2) -> 591.05 | J98: OK - ATUALIZADO_02/2025
A99: 11.4 | B99: ORSE | C99: 00642 | D99: PONTO DE LUZ EM TETO OU PAREDE, COM ELETRODUTO PVC RÍGIDO EMBUTIDO Ø 3/4" | E99: UN | F99: 108 | G99: 291.08 | H99: =ROUND(G99*(1+$I$8),2) -> 350.75 | I99: =TRUNC($F99*H99,2) -> 37881 | J99: OK - ATUALIZADO_02/2025
A100: 11.5 | B100: ORSE | C100: 3298 | D100: PONTO DE TOMADA 2P+T, ABNT, DE EMBUTIR, 10 A, COM ELETRODUTO DE PVC FLEXÍVEL SANFONADO EMBUTIDO Ø 3/4", FIO RIGIDO 2,5MM² (FIO 12), INCLUSIVE PLACA EM PVCE ATERRAMENTO | E100: PT | F100: 121 | G100: 222.37 | H100: =ROUND(G100*(1+$I$8),2) -> 267.96 | I100: =TRUNC($F100*H100,2) -> 32423.16 | J100: OK - ATUALIZADO_02/2025
A101: 11.6 | B101: ORSE | C101: 3287 | D101: PONTO DE INTERRUPTOR 01 SEÇÃO PARALELA, EMBUTIDO, COM ELETRODUTO DE PVC FLEXÍVEL SANFONADO Ø 3/4" | E101: PT | F101: 6 | G101: 218.97 | H101: =ROUND(G101*(1+$I$8),2) -> 263.86 | I101: =TRUNC($F101*H101,2) -> 1583.16 | J101: OK - ATUALIZADO_02/2025
A102: 11.7 | B102: SINAPI | C102: 103782 | D102: LUMINÁRIA TIPO PLAFON CIRCULAR, DE SOBREPOR, COM LED DE 12/13 W - FORNECIMENTO E INSTALAÇÃO. AF_09/2024 | E102: UN | F102: 7 | G102: 34,65 | H102: =ROUND(G102*(1+$I$8),2) -> 41.75 | I102: =TRUNC($F102*H102,2) -> 292.25 | J102: OK - ATUALIZADO_02/2025
A103: 11.8 | B103: ORSE | C103: 12808 | D103: REFLETOR SLIM LED 200W DE POTÊNCIA, BRANCO FRIO, 6500K, AUTOVOLT, MARCA G-LIGHT OU SIMILAR | E103: UN | F103: 101 | G103: 134.66 | H103: =ROUND(G103*(1+$I$8),2) -> 162.27 | I103: =TRUNC($F103*H103,2) -> 16389.27 | J103: OK - ATUALIZADO_02/2025
A104: 11.9 | B104: SINAPI | C104: 93653 | D104: DISJUNTOR MONOPOLAR TIPO DIN, CORRENTE NOMINAL DE 10A - FORNECIMENTO E INSTALAÇÃO. AF_10/2020 | E104: UN | F104: 1 | G104: 15,31 | H104: =ROUND(G104*(1+$I$8),2) -> 18.45 | I104: =TRUNC($F104*H104,2) -> 18.45 | J104: OK - ATUALIZADO_02/2025
A105: 11.10 | B105: SINAPI | C105: 93654 | D105: DISJUNTOR MONOPOLAR TIPO DIN, CORRENTE NOMINAL DE 16A - FORNECIMENTO E INSTALAÇÃO. AF_10/2020 | E105: UN | F105: 11 | G105: 15,96 | H105: =ROUND(G105*(1+$I$8),2) -> 19.23 | I105: =TRUNC($F105*H105,2) -> 211.53 | J105: OK - ATUALIZADO_02/2025
A106: 11.11 | B106: SINAPI | C106: 101893 | D106: DISJUNTOR TRIPOLAR TIPO NEMA, CORRENTE NOMINAL DE 10 ATÉ 50A - FORNECIMENTO E INSTALAÇÃO. AF_10/2020 | E106: UN | F106: 2 | G106: 122,04 | H106: =ROUND(G106*(1+$I$8),2) -> 147.06 | I106: =TRUNC($F106*H106,2) -> 294.12 | J106: OK - ATUALIZADO_02/2025
A107: 11.12 | B107: SINAPI | C107: 39471 | D107: DISPOSITIVO DPS CLASSE II, 1 POLO, TENSAO MAXIMA DE 275 V, CORRENTE MAXIMA DE *45* KA (TIPO AC) | E107: UN | F107: 4 | G107: 141,77 | H107: =ROUND(G107*(1+$I$8),2) -> 170.83 | I107: =TRUNC($F107*H107,2) -> 683.32 | J107: OK - ATUALIZADO_02/2025
A108: 11.13 | B108: SINAPI | C108: 39456 | D108: DISPOSITIVO DR, 4 POLOS, SENSIBILIDADE DE 30 MA, CORRENTE DE 40 A, TIPO AC | E108: UN | F108: 1 | G108: 216,21 | H108: =ROUND(G108*(1+$I$8),2) -> 260.53 | I108: =TRUNC($F108*H108,2) -> 260.53 | J108: OK - ATUALIZADO_02/2025
A109: 11.14 | B109: SINAPI | C109: 98111 | D109: CAIXA DE INSPEÇÃO PARA ATERRAMENTO, CIRCULAR, EM POLIETILENO, DIÂMETRO INTERNO = 0,3 M. AF_12/2020 | E109: UN | F109: 4 | G109: 43,23 | H109: =ROUND(G109*(1+$I$8),2) -> 52.09 | I109: =TRUNC($F109*H109,2) -> 208.36 | J109: OK - ATUALIZADO_02/2025
A110: 11.15 | B110: SINAPI | C110: 96985 | D110: HASTE DE ATERRAMENTO, DIÂMETRO 5/8", COM 3 METROS - FORNECIMENTO E INSTALAÇÃO. AF_08/2023 | E110: UN | F110: 4 | G110: 108,27 | H110: =ROUND(G110*(1+$I$8),2) -> 130.47 | I110: =TRUNC($F110*H110,2) -> 521.88 | J110: OK - ATUALIZADO_02/2025
A112: 12.0 | D112: SERVIÇOS COMPLEMENTARES | I112: =SUM(I113:I117) -> 169791.21
A113: 12.1 | B113: SBC | C113: 008584 | D113: COZINHA-CAMARA FRIGORIFICA 3,3x1,55x2,20m 80 kgf/DIA | E113: UN | F113: 3 | G113: 49161.4 | H113: =ROUND(G113*(1+$I$7),2) -> 54618.32 | I113: =TRUNC($F113*H113,2) -> 163854.96 | J113: OK - ATUALIZADO_02/2025
...

Sheet MEMÓRIA
A1: MEMÓRIA DE CÁLCULO EXPLICATIVO
A2: PROJETO
A4: OBRA: REFORMA DO AÇOUGUE MUNICIPAL E CONSTRUÇÃO DE 01 GALPÃO PRÉ-FABRICADO DE CONCRETO ARMADO
A5: LOCALIZAÇÃO: RUA SÉRGIO AMARO DO NASCIMENTO - JOÃO ALFREDO/PE
A6: DATA: ABRIL/2025
A7: ITEM | B7: DESCRIÇÃO | C7: UN. | D7: TAXA | E7: COMP. | F7: LARG. | G7: ALTURA | H7: TOTAL
A9: 1.0 | B9: ADMINISTRAÇÃO LOCAL
A11: 1.1 | B11: ADMINISTRAÇÃO LOCAL DA OBRA | C11: UN | I11: OK - ATUALIZADO_12/2024
B12: Estimava para ao local da obra (Encarregado) - 2 vezes por semana e 4 semanas durante 10 meses (2x4x10) / Estimava para ao local da obra (Engenheiro) - 2 vezes por semana e 4 semanas durante 10 meses (2x4x10) | D12: 1 | H12: =ROUND(PRODUCT(D12:G12),2) -> 1
B13: ="Total item "&A11 -> Total item 1.1 | H13: =SUM(H12:H12) -> 1
A15: 2.0 | B15: SERVIÇOS PRELIMINARES
A17: 2.1 | B17: FORNECIMENTO E INSTALAÇÃO DE PLACA DE OBRA COM CHAPA GALVANIZADA E ESTRUTURA DE MADEIRA. AF_03/2022_PS | C17: M2 | I17: OK - ATUALIZADO_02/2025
B18: Placa de Obra | E18: 6 | G18: 4.5 | H18: =ROUND(PRODUCT(D18:G18),2) -> 27
B19: ="Total item "&A17 -> Total item 2.1 | H19: =SUM(H18:H18) -> 27
A21: 2.2 | B21: REMOÇÃO DE TELHAS DE FIBROCIMENTO METÁLICA E CERÂMICA, DE FORMA MANUAL, SEM REAPROVEITAMENTO. AF_09/2023 | C21: M2 | E21: Área conf proejto | I21: OK - ATUALIZADO_02/2025
B22: Coberta existente (telha fribrociemnto) | E22: 1562.66 | H22: =ROUND(PRODUCT(D22:G22),2) -> 1562.66
B23: ="Total item "&A21 -> Total item 2.2 | H23: =SUM(H22:H22) -> 1562.66
A25: 2.3 | B25: DEMOLIÇÃO DE PISO DE CONCRETO SIMPLES, DE FORMA MECANIZADA COM MARTELETE, SEM REAPROVEITAMENTO. AF_09/2023 | C25: M3 | E25: Área conf proejto | I25: OK - ATUALIZADO_02/2025
B26: Piso existente | E26: 1798.52 | G26: 0.05 | H26: =ROUND(PRODUCT(D26:G26),2) -> 89.93
B27: ="Total item "&A25 -> Total item 2.3 | H27: =SUM(H26:H26) -> 89.93
A29: 2.4 | B29: DEMOLIÇÃO DE REVESTIMENTO CERÂMICO, DE FORMA MANUAL, SEM REAPROVEITAMENTO. AF_09/2023 | C29: M2 | E29: Área conf proejto | I29: OK - ATUALIZADO_02/2025
B30: Revestimento existente | E30: 1245.83 | H30: =ROUND(PRODUCT(D30:G30),2) -> 1245.83
B31: ="Total item "&A29 -> Total item 2.4 | H31: =SUM(H30:H30) -> 1245.83
A33: 2.5 | B33: DEMOLIÇÃO DE ALVENARIA DE BLOCO FURADO, DE FORMA MANUAL, COM REAPROVEITAMENTO. AF_09/2023 | C33: M2 | E33: Área conf proejto | I33: OK - ATUALIZADO_02/2025
B34: Wc's | E34: 87.42 | H34: =ROUND(PRODUCT(D34:G34),2) -> 87.42
B35: ="Total item "&A33 -> Total item 2.5 | H35: =SUM(H34:H34) -> 87.42
A37: 2.6 | B37: REMOÇÃO CALHAS E RUFOS, DE FORMA MANUAL, SEM REAPROVEITAMENTO. AF_09/2023 | C37: M2 | I37: OK - ATUALIZADO_02/2025
B38: Calha existente | E38: 63 | H38: =ROUND(PRODUCT(D38:G38),2) -> 63
B39: ="Total item "&A37 -> Total item 2.6 | H39: =SUM(H38:H38) -> 63
A41: 2.7 | B41: DEMOLIÇÃO DE MEIO-FIO GRANÍTICO OU PRE-MOLDADO | C41: M | I41: OK - ATUALIZADO_02/2025
B42: Calçada frontal | E42: 80 | H42: =ROUND(PRODUCT(D42:G42),2) -> 80
B43: ="Total item "&A41 -> Total item 2.7 | H43: =SUM(H41:H42) -> 80
A45: 2.8 | B45: DEMOLIÇÃO DE ARGAMASSAS, DE FORMA MANUAL, SEM REAPROVEITAMENTO. AF_09/2023 | C45: M2 | I45: OK - ATUALIZADO_02/2025
B46: Revestimento | E46: 1226.75 | H46: =ROUND(PRODUCT(D46:G46),2) -> 1226.75
B47: ="Total item "&A45 -> Total item 2.8 | H47: =SUM(H45:H46) -> 1226.75
A49: 2.9 | B49: TAPUME COM TELHA METÁLICA. AF_03/2024 | C49: M2 | I49: OK - ATUALIZADO_02/2025
B50: Tapume da Obra
B51: Frontal | E51: 20 | G51: 2.2 | H51: =ROUND(PRODUCT(D51:G51),2) -> 44
B52: Posterior | E52: 20 | G52: 2.2 | H52: =ROUND(PRODUCT(D52:G52),2) -> 44
B53: ="Total item "&A49 -> Total item 2.9 | H53: =SUM(H50:H52) -> 88
A55: 2.10 | B55: LOCAÇÃO CONVENCIONAL DE OBRA, UTILIZANDO GABARITO DE TÁBUAS CORRIDAS PONTALETADAS A CADA 2,00M - 2 UTILIZAÇÕES. AF_03/2024 | C55: M | I55: OK - ATUALIZADO_02/2025
B56: Gabarito do Galpão | D56: 4 | E56: 2 | H56: =ROUND(PRODUCT(D56:G56),2) -> 8
B57: ="Total item "&A55 -> Total item 2.10 | H57: =SUM(H56:H56) -> 8
A59: 3.0 | B59: DRENAGEM
A61: 3.1 | B61: TUBO DE CONCRETO PARA REDES COLETORAS DE ÁGUAS PLUVIAIS, DIÂMETRO DE 600 MM, JUNTA RÍGIDA, INSTALADO EM LOCAL COM BAIXO NÍVEL DE INTERFERÊNCIAS - FORNECIMENTO E ASSENTAMENTO. AF_03/2024 | C61: M | I61: OK - ATUALIZADO_02/2025
B62: Rua Antônio Soares | E62: 50 | H62: =ROUND(PRODUCT(D62:G62),2) -> 50
B63: Rua Severino Ricardo dos Passos | E63: 60 | H63: =ROUND(PRODUCT(D63:G63),2) -> 60
B64: Rua Sérgio Amaro do Nascimento | E64: 40 | H64: =ROUND(PRODUCT(D64:G64),2) -> 40
B65: ="Total item "&A61 -> Total item 3.1 | H65: =SUM(H62:H64) -> 150
A67: 3.2 | B67: CAIXA PARA BOCA DE LOBO COMBINADA COM GRELHA RETANGULAR, EM ALVENARIA COM TIJOLOS CERÂMICOS MACIÇOS, DIMENSÕES INTERNAS: 1,3X1X1,2 M. AF_12/2020 | C67: UN | I67: OK - ATUALIZADO_02/2025
B68: Rua Antônio Soares | D68: 4 | H68: =ROUND(PRODUCT(D68:G68),2) -> 4
B69: Rua Severino Ricardo dos Passos | D69: 5 | H69: =ROUND(PRODUCT(D69:G69),2) -> 5
B70: Rua Sérgio Amaro do Nascimento | D70: 3 | H70: =ROUND(PRODUCT(D70:G70),2) -> 3
B71: ="Total item "&A67 -> Total item 3.2 | H71: =SUM(H68:H70) -> 12
A73: 3.3 | B73: CAIXA PARA BOCA DE LOBO DUPLA COMBINADA COM GRELHA RETANGULAR, EM ALVENARIA COM TIJOLOS CERÂMICOS MACIÇOS, DIMENSÕES INTERNAS: 1,3X2,2X1,2 M. AF_12/2020 | C73: UN | I73: OK - ATUALIZADO_02/2025
B74: Rua Severino Ricardo dos Passos | D74: 1 | H74: =ROUND(PRODUCT(D74:G74),2) -> 1
B75: Rua Sérgio Amaro do Nascimento | D75: 1 | H75: =ROUND(PRODUCT(D75:G75),2) -> 1
B76: ="Total item "&A73 -> Total item 3.3 | H76: =SUM(H74:H75) -> 2
A78: 3.4 | B78: GRELHA DE FERRO P/CANALETAS | C78: M2 | I78: OK - ATUALIZADO_02/2025
B79: canaletas internas | E79: 300 | F79: 0.15 | H79: =ROUND(PRODUCT(D79:G79),2) -> 45
B80: ="Total item "&A78 -> Total item 3.4 | H80: =SUM(H79:H79) -> 45
A82: 3.5 | B82: CANALETA EM TIJOLO MACIÇO 45X40CM COM TAMPA DE CONCRETO | C82: M | I82: OK - ATUALIZADO_02/2025
B83: canaletas externas | E83: =19+3.2 -> 22.2 | H83: =ROUND(PRODUCT(D83:G83),2) -> 22.2
B84: ="Total item "&A82 -> Total item 3.5 | H84: =SUM(H83:H83) -> 22.2
A86: 3.6 | B86: TUBO PVC, SÉRIE R, ÁGUA PLUVIAL, DN 150 MM, FORNECIDO E INSTALADO EM RAMAL DE ENCAMINHAMENTO. AF_06/2022 | C86: M | I86: OK - ATUALIZADO_02/2025
B87: Internas | E87: 50 | H87: =ROUND(PRODUCT(D87:G87),2) -> 50
B88: ="Total item "&A86 -> Total item 3.6 | H88: =SUM(H87:H87) -> 50
A90: 4.0 | B90: ESTRUTURA
B91: ESTRUTURA METÁLICA - COBERTA
A93: 4.1 | B93: ESTRUTURA TRELIÇADA DE COBERTURA, TIPO FINK, COM LIGAÇÕES SOLDADAS, INCLUSOS PERFIS METÁLICOS, CHAPAS METÁLICAS, TRANSPORTE COM GUINDASTE, JATEAMENTO E PINTURA | C93: KG | E93: kg/m | F93: C | I93: OK - ATUALIZADO_02/2025
B94: Terças - Perfil U Estrutural - Enrijecido | D94: 13 | E94: 6.83 | F94: 63 | H94: =ROUND(PRODUCT(D94:G94),2) -> 5593.77
B95: ="Total item "&A93 -> Total item 4.1 | H95: =SUM(H94:H94) -> 5593.77
B97: OUTROS ELEMENTOS ESTRUTURAIS
A99: 4.2 | B99: ESTRUTURA PARA GALPÃO PRÉ-MOLDADO DE CONCRETO ARMADO, PADRÃO QUADRA DE ESPORTE, SEM LANTERNIM, C/MONTAGEM, VÃOS ATÉ 22M, TESOURA SEM EMENDA, VÃOS ENTRE PILARES DE 5,00/6,00M, ALTURA 6,50/7,50M(LATERAL/MEIO), EXCLUSO TELHAS, INCLUSIVE FUNDAÇÃO - RV 01 | C99: M2 | I99: OK - ATUALIZADO_02/2025
B100: Galpão pré-moldado | E100: 65 | F100: 6 | H100: =ROUND(PRODUCT(D100:G100),2) -> 390
B101: ="Total item "&A99 -> Total item 4.2 | H101: =SUM(H100:H100) -> 390
A103: 5.0 | B103: PAREDES E REVESTIMENTOS
A105: 5.1 | B105: ALVENARIA DE VEDAÇÃO DE BLOCOS CERÂMICOS FURADOS NA HORIZONTAL DE 9X19X19 CM (ESPESSURA 9 CM) E ARGAMASSA DE ASSENTAMENTO COM PREPARO EM BETONEIRA. AF_12/2021 | C105: M2 | E105: Área conf proejto | I105: OK - ATUALIZADO_02/2025
B106: Wc's | E106: 26.46 | H106: =ROUND(PRODUCT(D106:G106),2) -> 26.46
B107: ="Total item "&A105 -> Total item 5.1 | H107: =SUM(H106:H106) -> 26.46
A109: 5.2 | B109: CHAPISCO APLICADO EM ALVENARIAS E ESTRUTURAS DE CONCRETO INTERNAS, COM COLHER DE PEDREIRO. ARGAMASSA TRAÇO 1:3 COM PREPARO EM BETONEIRA 400L. AF_10/2022 | C109: M2 | E109: Área | I109: OK - ATUALIZADO_02/2025
B110: Item 5.1 | D110: 2 | E110: =H107 -> 26.46 | H110: =ROUND(PRODUCT(D110:G110),2) -> 52.92
B111: Paredes internas e tarimbas | D111: 2 | E111: =E30 -> 1245.83 | H111: =ROUND(PRODUCT(D111:G111),2) -> 2491.66
D112: 2 | E112: =E46 -> 1226.75 | H112: =ROUND(PRODUCT(D112:G112),2) -> 2453.5
B113: ="Total item "&A109 -> Total item 5.2 | H113: =SUM(H110:H112) -> 4998.08
A115: 5.3 | B115: EMBOÇO OU MASSA ÚNICA EM ARGAMASSA TRAÇO 1:2:8, PREPARO MECÂNICO COM BETONEIRA 400 L, APLICADA MANUALMENTE EM PANOS CEGOS DE FACHADA (SEM PRESENÇA DE VÃOS), ESPESSURA DE 25 MM. AF_08/2022 | C115: M2 | E115: Área | I115: OK - ATUALIZADO_02/2025
B116: Item 5.2 | E116: =H113 -> 4998.08 | H116: =ROUND(PRODUCT(D116:G116),2) -> 4998.08
B117: ="Total item "&A115 -> Total item 5.3 | H117: =SUM(H116:H116) -> 4998.08
A119: 5.5 | B119: REVESTIMENTO CERÂMICO PARA PAREDES INTERNAS COM PLACAS TIPO ESMALTADA DE DIMENSÕES 60X60 CM APLICADAS NA ALTURA INTEIRA DAS PAREDES. AF_02/2023_PE | C119: M2 | E119: Área conf Projeto | I119: OK - ATUALIZADO_02/2025
B120: Paredes internas e tarimbas | E120: =E30 -> 1245.83 | H120: =ROUND(PRODUCT(D120:G120),2) -> 1245.83
B121: ="Total item "&A119 -> Total item 5.5 | H121: =SUM(H120:H120) -> 1245.83
A123: 6.0 | B123: PISOS
A125: 6.1 | B125: LASTRO DE CONCRETO MAGRO, APLICADO EM PISOS, LAJES SOBRE SOLO OU RADIERS. AF_01/2024 | C125: M3 | E125: Área conf projeto | I125: OK - ATUALIZADO_02/2025
B126: Área do piso | E126: =E26 -> 1798.52 | G126: 0.03 | H126: =ROUND(PRODUCT(D126:G126),2) -> 53.96
B127: ="Total item "&A125 -> Total item 6.1 | H127: =SUM(H126:H126) -> 53.96
A129: 6.2 | B129: CONTRAPISO EM ARGAMASSA TRAÇO 1:4 (CIMENTO E AREIA), PREPARO MECÂNICO COM BETONEIRA 400 L, APLICADO EM ÁREAS MOLHADAS SOBRE LAJE, ADERIDO, ACABAMENTO NÃO REFORÇADO, ESPESSURA 2CM. AF_07/2021 | C129: M2 | E129: Área conf projeto | I129: OK - ATUALIZADO_02/2025
B130: Área do piso | E130: =E126 -> 1798.52 | H130: =ROUND(PRODUCT(D130:G130),2) -> 1798.52
B131: ="Total item "&A129 -> Total item 6.2 | H131: =SUM(H130:H130) -> 1798.52
A133: 6.3 | B133: PISO EM GRANILITE, MARMORITE OU GRANITINA EM AMBIENTES INTERNOS, COM ESPESSURA DE 8 MM, INCLUSO MISTURA EM BETONEIRA, COLOCAÇÃO DAS JUNTAS, APLICAÇÃO DO PISO, 4 POLIMENTOS COM POLITRIZ, ESTUCAMENTO, SELADOR E CERA. AF_06/2022 | C133: M2 | E133: Área conf projeto | I133: OK - ATUALIZADO_02/2025
B134: Área do piso | E134: =E130 -> 1798.52 | H134: =ROUND(PRODUCT(D134:G134),2) -> 1798.52
...

Sheet CRONOGRAMA
A1: CRONOGRAMA FÍSICO-FINANCEIRO
A3: ='(ORÇAMENTO GERAL)'!A6 -> OBRA: REFORMA DO AÇOUGUE MUNICIPAL E CONSTRUÇÃO DE 01 GALPÃO PRÉ-FABRICADO DE CONCRETO ARMADO
A4: ='(ORÇAMENTO GERAL)'!A7 -> LOCALIZAÇÃO: RUA SÉRGIO AMARO DO NASCIMENTO - JOÃO ALFREDO/PE
A5: ='(ORÇAMENTO GERAL)'!A9 -> DATA: ABRIL/2025
A7: ETAPA | B7: SERVIÇO | C7: TOTAL ETAPA (R$) | D7: MÊS/ DESEMBOLSO
D8: 1º MÊS | E8: 2º MÊS | F8: 3º MÊS | G8: 4º MÊS | H8: 5º MÊS | I8: 6º MÊS
A10: 1.0 | B10: ADMINISTRAÇÃO LOCAL | C10: ='(ORÇAMENTO GERAL)'!Q15 -> 76173.24 | D10: =TRUNC($C10*D11,2) -> 12698.07 | E10: =TRUNC($C10*E11,2) -> 12698.07 | F10: =TRUNC($C10*F11,2) -> 12698.07 | G10: =TRUNC($C10*G11,2) -> 12698.07 | H10: =TRUNC($C10*H11,2)+0.03 -> 12690.49 | I10: =TRUNC($C10*I11,2)+0.01 -> 12690.47 | K10: =C10-SUM(D10:I10) -> 0
C11: =C10/$C$46 -> 0.029407166 | D11: 0.1667 | E11: 0.1667 | F11: 0.1667 | G11: 0.1667 | H11: 0.1666 | I11: 0.1666 | K11: =1-SUM(D11:I11) -> 0
A13: 2.0 | B13: ='(ORÇAMENTO GERAL)'!D21 -> SERVIÇOS PRELIMINARES | C13: ='(ORÇAMENTO GERAL)'!Q21 -> 110675.94 | D13: =TRUNC($C13*D14,2) -> 110675.94 | E13: =TRUNC($C13*E14,2) -> 0 | F13: =TRUNC($C13*F14,2) -> 0 | G13: =TRUNC($C13*G14,2) -> 0 | H13: =TRUNC($C13*H14,2) -> 0 | I13: =TRUNC($C13*I14,2) -> 0 | K13: =C13-SUM(D13:I13) -> 0
C14: =C13/$C$46 -> 0.042727153 | D14: 1 | K14: =1-SUM(D14:I14) -> 0
A16: 3.0 | B16: ='(ORÇAMENTO GERAL)'!D65 -> DRENAGEM | C16: ='(ORÇAMENTO GERAL)'!Q65 -> 117286.42 | D16: =TRUNC($C16*D17,2) -> 117286.42 | E16: =TRUNC($C16*E17,2) -> 0 | F16: =TRUNC($C16*F17,2) -> 0 | G16: =TRUNC($C16*G17,2) -> 0 | H16: =TRUNC($C16*H17,2) -> 0 | I16: =TRUNC($C16*I17,2) -> 0 | K16: =C16-SUM(D16:I16) -> 0
C17: =C16/$C$46 -> 0.045279171 | D17: 1 | K17: =1-SUM(D17:I17) -> 0
A19: 4.0 | B19: ESTRUTURA | C19: ='(ORÇAMENTO GERAL)'!Q96 -> 288216.69 | D19: =TRUNC($C19*D20,2) -> 216162.51 | E19: =TRUNC($C19*E20,2)+0.01 -> 72054.18 | F19: =TRUNC($C19*F20,2) -> 0 | G19: =TRUNC($C19*G20,2) -> 0 | H19: =TRUNC($C19*H20,2) -> 0 | I19: =TRUNC($C19*I20,2) -> 0 | K19: =C19-SUM(D19:I19) -> 0
C20: =C19/$C$46 -> 0.11126789 | D20: 0.75 | E20: 0.25 | K20: =1-SUM(D20:I20) -> 0
A22: 5.0 | B22: ='(ORÇAMENTO GERAL)'!D109 -> PAREDES E REVESTIMENTOS | C22: ='(ORÇAMENTO GERAL)'!Q109 -> 435887.5 | D22: =TRUNC($C22*D23,2) -> 0 | E22: =TRUNC($C22*E23,2) -> 326915.62 | F22: =TRUNC($C22*F23,2)+0.01 -> 108971.88 | G22: =TRUNC($C22*G23,2) -> 0 | H22: =TRUNC($C22*H23,2) -> 0 | I22: =TRUNC($C22*I23,2) -> 0 | K22: =C22-SUM(D22:I22) -> 0
C23: =C22/$C$46 -> 0.16827715 | E23: 0.75 | F23: 0.25 | K23: =1-SUM(D23:I23) -> 0
A25: 6.0 | B25: ='(ORÇAMENTO GERAL)'!D129 -> PISOS | C25: ='(ORÇAMENTO GERAL)'!Q129 -> 355599.14 | D25: =TRUNC($C25*D26,2) -> 0 | E25: =TRUNC($C25*E26,2) -> 0 | F25: =TRUNC($C25*F26,2) -> 355599.14 | G25: =TRUNC($C25*G26,2) -> 0 | H25: =TRUNC($C25*H26,2) -> 0 | I25: =TRUNC($C25*I26,2) -> 0 | K25: =C25-SUM(D25:I25) -> 0
C26: =C25/$C$46 -> 0.13728132 | F26: 1 | K26: =1-SUM(D26:I26) -> 0
A28: 7.0 | B28: ='(ORÇAMENTO GERAL)'!D147 -> COBERTA | C28: ='(ORÇAMENTO GERAL)'!Q147 -> 570477.03 | D28: =TRUNC($C28*D29,2) -> 0 | E28: =TRUNC($C28*E29,2) -> 0 | F28: =TRUNC($C28*F29,2) -> 0 | G28: =TRUNC($C28*G29,2) -> 427857.77 | H28: =TRUNC($C28*H29,2)+0.01 -> 142619.26 | I28: =TRUNC($C28*I29,2) -> 0 | K28: =C28-SUM(D28:I28) -> 0
C29: =C28/$C$46 -> 0.2202363 | G29: 0.75 | H29: 0.25 | K29: =1-SUM(D29:I29) -> 0
A31: 8.0 | B31: ='(ORÇAMENTO GERAL)'!D180 -> ESQUADRIAS | C31: ='(ORÇAMENTO GERAL)'!Q180 -> 205025.82 | D31: =TRUNC($C31*D32,2) -> 0 | E31: =TRUNC($C31*E32,2) -> 0 | F31: =TRUNC($C31*F32,2) -> 0 | G31: =TRUNC($C31*G32,2) -> 0 | H31: =TRUNC($C31*H32,2) -> 205025.82 | I31: =TRUNC($C31*I32,2) -> 0 | K31: =C31-SUM(D31:I31) -> 0
C32: =C31/$C$46 -> 0.079151527 | H32: 1 | K32: =1-SUM(D32:I32) -> 0
A34: 9.0 | B34: ='(ORÇAMENTO GERAL)'!D228 -> PINTURAS E ACABAMENTOS | C34: ='(ORÇAMENTO GERAL)'!Q228 -> 58000.37 | D34: =TRUNC($C34*D35,2) -> 0 | E34: =TRUNC($C34*E35,2) -> 0 | F34: =TRUNC($C34*F35,2) -> 0 | G34: =TRUNC($C34*G35,2) -> 0 | H34: =TRUNC($C34*H35,2) -> 58000.37 | I34: =TRUNC($C34*I35,2) -> 0 | K34: =C34-SUM(D34:I34) -> 0
C35: =C34/$C$46 -> 0.022391413 | H35: 1 | K35: =1-SUM(D35:I35) -> 0
A37: 10.0 | B37: ='(ORÇAMENTO GERAL)'!D253 -> INSTALAÇÕES HIDROSSANITÁRIOS | C37: ='(ORÇAMENTO GERAL)'!Q253 -> 110449.45 | D37: =TRUNC($C37*D38,2) -> 0 | E37: =TRUNC($C37*E38,2) -> 0 | F37: =TRUNC($C37*F38,2) -> 0 | G37: =TRUNC($C37*G38,2) -> 0 | H37: =TRUNC($C37*H38,2) -> 0 | I37: =TRUNC($C37*I38,2) -> 110449.45 | K37: =C37-SUM(D37:I37) -> 0
C38: =C37/$C$46 -> 0.042639716 | I38: 1 | K38: =1-SUM(D38:I38) -> 0
A40: 11.0 | B40: ='(ORÇAMENTO GERAL)'!D323 -> INSTALAÇÃO ELÉTRICA | C40: ='(ORÇAMENTO GERAL)'!Q323 -> 92712.38 | D40: =TRUNC($C40*D41,2) -> 0 | E40: =TRUNC($C40*E41,2) -> 0 | F40: =TRUNC($C40*F41,2) -> 0 | G40: =TRUNC($C40*G41,2) -> 0 | H40: =TRUNC($C40*H41,2) -> 0 | I40: =TRUNC($C40*I41,2) -> 92712.38 | K40: =C40-SUM(D40:I40) -> 0
C41: =C40/$C$46 -> 0.035792206 | I41: 1 | K41: =1-SUM(D41:I41) -> 0
A43: 12.0 | B43: ='(ORÇAMENTO GERAL)'!D387 -> SERVIÇOS COMPLEMENTARES | C43: ='(ORÇAMENTO GERAL)'!Q387 -> 169791.21 | D43: =TRUNC($C43*D44,2) -> 0 | E43: =TRUNC($C43*E44,2) -> 0 | F43: =TRUNC($C43*F44,2) -> 0 | G43: =TRUNC($C43*G44,2) -> 0 | H43: =TRUNC($C43*H44,2) -> 0 | I43: =TRUNC($C43*I44,2) -> 169791.21 | K43: =C43-SUM(D43:I43) -> 0
C44: =C43/$C$46 -> 0.065548981 | I44: 1 | K44: =1-SUM(D44:I44) -> 0
A46: TOTAL (R$): | C46: =SUM(C10,C13,C16,C19,C22,C25,C28,C31,C34,C37,C40,C43) -> 2590295.2
C47: =C46/$C$46 -> 1
A49: TOTAIS PARCIAIS | D49: =SUM(D10,D13,D16,D19,D22,D25,D28,D31,D34,D37,D40,D43) -> 456822.94 | E49: =SUM(E10,E13,E16,E19,E22,E25,E28,E31,E34,E37,E40,E43) -> 411667.87 | F49: =SUM(F10,F13,F16,F19,F22,F25,F28,F31,F34,F37,F40,F43) -> 477269.09 | G49: =SUM(G10,G13,G16,G19,G22,G25,G28,G31,G34,G37,G40,G43) -> 440555.84 | H49: =SUM(H10,H13,H16,H19,H22,H25,H28,H31,H34,H37,H40,H43) -> 418335.94 | I49: =SUM(I10,I13,I16,I19,I22,I25,I28,I31,I34,I37,I40,I43) -> 385643.51 | K49: =C46-SUM(D49:I49) -> 0
D50: =D49/$C$46 -> 0.17635941 | E50: =E49/$C$46 -> 0.15892701 | F50: =F49/$C$46 -> 0.18425278 | G50: =G49/$C$46 -> 0.1700794 | H50: =H49/$C$46 -> 0.16150126 | I50: =I49/$C$46 -> 0.14888014 | K50: =1-SUM(D50:I50) -> 0
A52: TOTAIS ACUMULADOS | D52: =D49 -> 456822.94 | E52: =E49+D52 -> 868490.81 | F52: =F49+E52 -> 1345759.9 | G52: =G49+F52 -> 1786315.7 | H52: =H49+G52 -> 2204651.7 | I52: =I49+H52 -> 2590295.2
D53: =D52/$C$46 -> 0.17635941 | E53: =E52/$C$46 -> 0.33528642 | F53: =F52/$C$46 -> 0.5195392 | G53: =G52/$C$46 -> 0.6896186 | H53: =H52/$C$46 -> 0.85111986 | I53: =I52/$C$46 -> 1
A55: TOTAL GERAL | D55: =SUM(D49:I49) -> 2590295.2 | K55: =C46 -> 2590295.2 | L55: =D55-K55 -> 0
K57: MEDIA/MÊS | L57: =K55/6 -> 431715.87

Sheet QCI (2)
A1: QUADRO DE COMPOSIÇÃO DO INVESTIMENTO - QCI
A3: =CRONOGRAMA!A3 -> OBRA: REFORMA DO AÇOUGUE MUNICIPAL E CONSTRUÇÃO DE 01 GALPÃO PRÉ-FABRICADO DE CONCRETO ARMADO
A4: =CRONOGRAMA!A4 -> LOCALIZAÇÃO: RUA SÉRGIO AMARO DO NASCIMENTO - JOÃO ALFREDO/PE
A5: =CRONOGRAMA!A5 -> DATA: ABRIL/2025
A7: ETAPA | B7: DISCRIMINAÇÃO | C7: TOTAL (R$) ADEPE | D7: TOTAL (R$) CONTRAPARTIDA | E7: TOTAL (R$) ETAPA
A10: I | B10: ='[12](ORÇAMENTO GERAL)'!D14 -> REMANESCENTE DA QUADRA FNDE | C10: =ORÇAMENTO!M121 -> 2538489.3 | D10: =E10-C10 -> 51805.9 | E10: =ORÇAMENTO!I118 -> 2590295.2 | F10: =C10-SUM(C11:C13) -> 0 | G10: =D10-SUM(D11:D13) -> 0 | H10: =C10+D10-E10 -> 0 | J10: =E11-D11 -> 851121
A11: 1.0 | B11: ETAPA | C11: =ROUND(($C$10/$E$10)*$E11,2) -> 851121 | D11: =E11-C11 -> 17369.81 | E11: =SUM(CRONOGRAMA!D49:E49) -> 868490.81 | H11: =C11+D11-E11 -> 0
A12: 2.0 | B12: ETAPA | C12: =ROUND(($C$10/$E$10)*$E12,2) -> 899468.43 | D12: =E12-C12 -> 18356.5 | E12: =SUM(CRONOGRAMA!F49:G49) -> 917824.93 | H12: =C12+D12-E12 -> 0
A13: 3.0 | B13: ETAPA | C13: =ROUND(($C$10/$E$10)*$E13,2) -> 787899.86 | D13: =E13-C13 -> 16079.59 | E13: =SUM(CRONOGRAMA!H49:I49) -> 803979.45 | H13: =C13+D13-E13 -> 0
A15: TOTAIS: | C15: =SUM(C9:C14)/2 -> 2538489.3 | D15: =SUM(D9:D14)/2 -> 51805.9 | E15: =SUM(E9:E14)/2 -> 2590295.2
E19: ADEPE / REPASSE
E20: =ORÇAMENTO!M121 -> 2538489.3
C24: =C22-C21 -> 0

Sheet COMPOSIÇÕES
B2: COMPOSIÇÕES DE CUSTOS UNITÁRIOS COMPLEMENTARES
B4: ='(ORÇAMENTO GERAL)'!A6 -> OBRA: REFORMA DO AÇOUGUE MUNICIPAL E CONSTRUÇÃO DE 01 GALPÃO PRÉ-FABRICADO DE CONCRETO ARMADO
B5: ='(ORÇAMENTO GERAL)'!A7 -> LOCALIZAÇÃO: RUA SÉRGIO AMARO DO NASCIMENTO - JOÃO ALFREDO/PE
B6: ='(ORÇAMENTO GERAL)'!A8 -> FONTES DE PREÇOS: SINAPI-PE FEVEREIRO - 2025 / ORSEJANEIRO - 2025 / SEINFRA-CE 028 / SBC - PE / COMPOSIÇÕES / SEM DESONERAÇÃO / BDI = 20,50% / BDI = 11,10%
B7: ='(ORÇAMENTO GERAL)'!A9 -> DATA: ABRIL/2025
B9: ADMINISTRAÇÃO LOCAL DA OBRA | L9: OK - ATUALIZADO_02/2025
B11: COMPOSIÇÃO 01 | D11: Código de referência (origem dos coeficientes da composição): | E11: 93572 / 93565 /SINAPI-PE (FEVEREIRO/2025)
D12: Discriminação do código de referência: | E12: _ENCARREGADO GERAL DE OBRAS COM ENCARGOS COMPLEMENTARES _ENGENHEIRO CIVIL DE OBRA JUNIOR COM ENCARGOS COMPLEMENTARES
D14: Unidade: | E14: UN | F14: Custo Unitário: | G14: =H20 -> 56743.91 | I14: =J20 -> 63214.31
D15: Quantidade: | E15: 1
G16: COM DESONERAÇÂO | I16: SEM DESONERAÇÂO
B17: Fonte | C17: Código | D17: Composição | E17: Unidade | F17: Coeficiente | G17: Custo Unitário | H17: Custo Total | I17: Custo Unitário | J17: Custo Total
B18: SINAPI COMPOSIÇÃO | C18: 93572 | D18: ENCARREGADO GERAL DE OBRAS COM ENCARGOS COMPLEMENTARES | E18: MÊS | F18: =((2*4)/22)*6 -> 2.1818182 | G18: 5730,92 | H18: =TRUNC($F18*G18,2) -> 12503.82 | I18: 6345,55 | J18: =TRUNC($F18*I18,2) -> 13844.83
B19: SINAPI COMPOSIÇÃO | C19: 93565 | D19: ENGENHEIRO CIVIL DE OBRA JUNIOR COM ENCARGOS COMPLEMENTARES | E19: MÊS | F19: =((2*4)/22)*6 -> 2.1818182 | G19: 20276,71 | H19: =TRUNC($F19*G19,2) -> 44240.09 | I19: 22627,68 | J19: =TRUNC($F19*I19,2) -> 49369.48
G20: Total | H20: =TRUNC(SUM(H18:H19),2) -> 56743.91 | I20: Total | J20: =TRUNC(SUM(J18:J19),2) -> 63214.31
B22: ESCADA MARINHEIRO EM AÇO CA-50 D=16MM (5/8")
B25: COMPOSIÇÃO 09 | D25: Código de referência (origem dos coeficientes da composição) | E25: 06979/ORSE (FEVEREIRO/2022)
D26: Discriminação do código de referência: | E26: ESCADA MARINHEIRO EM AÇO CA-50 D=16MM (5/8"), EXCETO PINTURA - REV 01
D29: Unidade | E29: M | F29: Preço Unitário Custo | G29: =H37 -> 73.69 | I29: =J37 -> 76.07
D30: Quantidade | E30: 1
G31: COM DESONERAÇÂO | I31: SEM DESONERAÇÂO
B32: Fonte | C32: Código | D32: Composição | E32: Unidade | F32: Coeficiente | G32: Custo Unitário | H32: Custo Total | I32: Custo Unitário | J32: Custo Total
B33: SINAPI INSUMO | C33: 43055 | D33: ACO CA-50, 12,5 MM OU 16,0 MM, VERGALHAO | E33: KG | F33: 5.18 | G33: 9.92 | H33: =TRUNC($F33*G33,2) -> 51.38 | I33: 9.92 | J33: =TRUNC($F33*I33,2) -> 51.38
B34: SINAPI COMPOSIÇÃO | C34: 87314 | D34: ARGAMASSA TRAÇO 1:3 (EM VOLUME DE CIMENTO E AREIA GROSSA ÚMIDA) PARA CHAPISCO CONVENCIONAL, PREPARO MECÂNICO COM BETONEIRA 600 L. AF_08/2019 | E34: M3 | F34: 0.0025 | G34: 437.21 | H34: =TRUNC($F34*G34,2) -> 1.09 | I34: 448 | J34: =TRUNC($F34*I34,2) -> 1.12
B35: SINAPI COMPOSIÇÃO | C35: 88309 | D35: PEDREIRO COM ENCARGOS COMPLEMENTARES | E35: H | F35: 0.4 | G35: 20.21 | H35: =TRUNC($F35*G35,2) -> 8.08 | I35: 22.55 | J35: =TRUNC($F35*I35,2) -> 9.02
B36: SINAPI COMPOSIÇÃO | C36: 88316 | D36: SERVENTE COM ENCARGOS COMPLEMENTARES | E36: H | F36: 0.8 | G36: 16.43 | H36: =TRUNC($F36*G36,2) -> 13.14 | I36: 18.19 | J36: =TRUNC($F36*I36,2) -> 14.55
G37: Total | H37: =TRUNC(SUM(H33:H36),2) -> 73.69 | I37: Total | J37: =TRUNC(SUM(J33:J36),2) -> 76.07
B39: GUARDA-CORPO EM TUBOS DE AÇO GALVANIZADO (ALTURA = 1.00), COM BARRAS VERTICAIS A CADA 2.00M (1 1/2"), BARRA HORIZONTAL INTERMEDIÁRIA (1 1/2") E BARRA HORIZONTAL SUPERIOR (1 1/2")
B42: COMPOSIÇÃO 10 | D42: Código de referência (origem dos coeficientes da composição) | E42: ORSE 03550 (FEVEREIRO/2022)
D43: Discriminação do código de referência: | E43: GUARDA-CORPO EM TUBOS DE AÇO GALVANIZADO (ALTURA = 1.00), COM BARRAS VERTICAIS A CADA 2.00M (1 1/2"), BARRA HORIZONTAL INTERMEDIÁRIA (1 1/2") E BARRA HORIZONTAL SUPERIOR (2")
D46: Unidade | E46: M | F46: Preço Unitário Custo | G46: =H57 -> 235.65 | I46: =J57 -> 244.84
D47: Quantidade | E47: 1
G48: COM DESONERAÇÂO | I48: SEM DESONERAÇÂO
B49: Fonte | C49: Código | D49: Composição | E49: Unidade | F49: Coeficiente | G49: Custo Unitário | H49: Custo Total | I49: Custo Unitário | J49: Custo Total
B50: SINAPI INSUMO | C50: 21012 | D50: TUBO ACO GALVANIZADO COM COSTURA, CLASSE LEVE, DN 40 MM ( 1 1/2"), E = 3,00 MM, *3,48* KG/M (NBR 5580) | E50: M | F50: 2.5 | G50: 55.85 | H50: =TRUNC($F50*G50,2) -> 139.62 | I50: 55.85 | J50: =TRUNC($F50*I50,2) -> 139.62
B51: SINAPI COMPOSIÇÃO | C51: 88309 | D51: PEDREIRO COM ENCARGOS COMPLEMENTARES | E51: H | F51: 1 | G51: 20.21 | H51: =TRUNC($F51*G51,2) -> 20.21 | I51: 22.55 | J51: =TRUNC($F51*I51,2) -> 22.55
B52: SINAPI COMPOSIÇÃO | C52: 88315 | D52: SERRALHEIRO COM ENCARGOS COMPLEMENTARES | E52: H | F52: 0.5 | G52: 20.1 | H52: =TRUNC($F52*G52,2) -> 10.05 | I52: 22.42 | J52: =TRUNC($F52*I52,2) -> 11.21
B53: SINAPI COMPOSIÇÃO | C53: 88316 | D53: SERVENTE COM ENCARGOS COMPLEMENTARES | E53: H | F53: 2.5 | G53: 16.43 | H53: =TRUNC($F53*G53,2) -> 41.07 | I53: 18.19 | J53: =TRUNC($F53*I53,2) -> 45.47
B54: SINAPI COMPOSIÇÃO | C54: 88317 | D54: SOLDADOR COM ENCARGOS COMPLEMENTARES | E54: H | F54: 0.5 | G54: 20.92 | H54: =TRUNC($F54*G54,2) -> 10.46 | I54: 23.24 | J54: =TRUNC($F54*I54,2) -> 11.62
B55: SINAPI INSUMO | C55: 10997 | D55: ELETRODO REVESTIDO AWS - E7018, DIAMETRO IGUAL A 4,00 MM | E55: KG | F55: 0.25 | G55: 35.45 | H55: =TRUNC($F55*G55,2) -> 8.86 | I55: 35.45 | J55: =TRUNC($F55*I55,2) -> 8.86
B56: SINAPI COMPOSIÇÃO | C56: 94963 | D56: CONCRETO FCK = 15MPA, TRAÇO 1:3,4:3,5 (CIMENTO/ AREIA MÉDIA/ BRITA 1) - PREPARO MECÂNICO COM BETONEIRA 400 L. AF_07/2016 | E56: M3 | F56: 0.015 | G56: 358.84 | H56: =TRUNC($F56*G56,2) -> 5.38 | I56: 367.58 | J56: =TRUNC($F56*I56,2) -> 5.51
G57: Total | H57: =TRUNC(SUM(H50:H56),2) -> 235.65 | I57: Total | J57: =TRUNC(SUM(J50:J56),2) -> 244.84
B59: PONTO DE CONSUMO TERMINAL DE ÁGUA FRIA (SUBRAMAL) COM TUBULAÇÃO DE PVC, DN 25 MM, INSTALADO EM RAMAL DE ÁGUA, INCLUSOS RASGO E CHUMBAMENTO EM ALVENARIA. | L59: OK - ATUALIZADO_02/2025
B61: COMPOSIÇÃO 02 | D61: Código de referência (origem dos coeficientes da composição): | E61: 89957/SINAPI-PE (FEVEREIRO/2024)
D62: Discriminação do código de referência: | E62: PONTO DE CONSUMO TERMINAL DE ÁGUA FRIA (SUBRAMAL) COM TUBULAÇÃO DE PVC, DN 25 MM, INSTALADO EM RAMAL DE ÁGUA, INCLUSOS RASGO E CHUMBAMENTO EM ALVENARIA. AF_12/2014
D64: Unidade: | E64: UN | F64: Custo Unitário: | G64: =H74 -> 129.52 | I64: =J74 -> 138.53
D65: Quantidade: | E65: 1
G66: COM DESONERAÇÂO | I66: SEM DESONERAÇÂO
B67: Fonte | C67: Código | D67: Composição | E67: Unidade | F67: Coeficiente | G67: Custo Unitário | H67: Custo Total | I67: Custo Unitário | J67: Custo Total
B68: SINAPI COMPOSIÇÃO | C68: 89356 | D68: TUBO, PVC, SOLDÁVEL, DE 25MM, INSTALADO EM RAMAL OU SUB-RAMAL DE ÁGUA - FORNECIMENTO E INSTALAÇÃO. AF_06/2022 | E68: M | F68: 2,1400000 | G68: 21,94 | H68: =TRUNC($F68*G68,2) -> 46.95 | I68: 23,49 | J68: =TRUNC($F68*I68,2) -> 50.26
B69: SINAPI COMPOSIÇÃO | C69: 89362 | D69: JOELHO 90 GRAUS, PVC, SOLDÁVEL, DN 25MM, INSTALADO EM RAMAL OU SUB-RAMAL DE ÁGUA - FORNECIMENTO E INSTALAÇÃO. AF_06/2022 | E69: UN | F69: 1,1800000 | G69: 8,83 | H69: =TRUNC($F69*G69,2) -> 10.41 | I69: 9,45 | J69: =TRUNC($F69*I69,2) -> 11.15
B70: SINAPI COMPOSIÇÃO | C70: 89366 | D70: JOELHO 90 GRAUS COM BUCHA DE LATÃO, PVC, SOLDÁVEL, DN 25MM, X 3/4 INSTALADO EM RAMAL OU SUB-RAMAL DE ÁGUA - FORNECIMENTO E INSTALAÇÃO. AF_06/2022 | E70: UN | F70: 1,0000000 | G70: 14,82 | H70: =TRUNC($F70*G70,2) -> 14.82 | I70: 15,4 | J70: =TRUNC($F70*I70,2) -> 15.4
B71: SINAPI COMPOSIÇÃO | C71: 89395 | D71: TE, PVC, SOLDÁVEL, DN 25MM, INSTALADO EM RAMAL OU SUB-RAMAL DE ÁGUA - FORNECIMENTO E INSTALAÇÃO. AF_06/2022 | E71: UN | F71: 0,8900000 | G71: 12,14 | H71: =TRUNC($F71*G71,2) -> 10.8 | I71: 12,97 | J71: =TRUNC($F71*I71,2) -> 11.54
B72: SINAPI COMPOSIÇÃO | C72: 90443 | D72: RASGO LINEAR MANUAL EM ALVENARIA, PARA RAMAIS/ DISTRIBUIÇÃO DE INSTALAÇÕES HIDRÁULICAS, DIÂMETROS MENORES OU IGUAIS A 40 MM. AF_09/2023 | E72: M | F72: 2,1400000 | G72: 7,36 | H72: =TRUNC($F72*G72,2) -> 15.75 | I72: 8,01 | J72: =TRUNC($F72*I72,2) -> 17.14
B73: SINAPI COMPOSIÇÃO | C73: 90466 | D73: CHUMBAMENTO LINEAR EM ALVENARIA PARA RAMAIS/DISTRIBUIÇÃO DE INSTALAÇÕES HIDRÁULICAS COM DIÂMETROS MENORES OU IGUAIS A 40 MM. AF_09/2023 | E73: M | F73: 2,1400000 | G73: 14,39 | H73: =TRUNC($F73*G73,2) -> 30.79 | I73: 15,44 | J73: =TRUNC($F73*I73,2) -> 33.04
G74: Total | H74: =TRUNC(SUM(H68:H73),2) -> 129.52 | I74: Total | J74: =TRUNC(SUM(J68:J73),2) -> 138.53
B76: PONTO DE ESGOTO COM TUBO DE PVC RÍGIDO SOLDÁVEL DE Ø 100 MM (VASO SANITÁRIO) | L76: OK - ATUALIZADO_02/2025
B78: COMPOSIÇÃO 03 | D78: Código de referência (origem dos coeficientes da composição): | E78: 01683/ORSE (JANEIRO/2025)
D79: Discriminação do código de referência: | E79: PONTO DE ESGOTO COM TUBO DE PVC RÍGIDO SOLDÁVEL DE Ø 100 MM (VASO SANITÁRIO)
D81: Unidade: | E81: UN | F81: Custo Unitário: | G81: =H92 -> 105.33 | I81: =J92 -> 106.92
D82: Quantidade: | E82: 1
G83: COM DESONERAÇÂO | I83: SEM DESONERAÇÂO
B84: Fonte | C84: Código | D84: Composição | E84: Unidade | F84: Coeficiente | G84: Custo Unitário | H84: Custo Total | I84: Custo Unitário | J84: Custo Total
B85: SINAPI INSUMO | C85: 122 | D85: ADESIVO PLASTICO PARA PVC, FRASCO COM 850 GR | E85: UN | F85: 0.015 | G85: 60,78 | H85: =TRUNC($F85*G85,2) -> 0.91 | I85: 60,78 | J85: =TRUNC($F85*I85,2) -> 0.91
B86: SINAPI INSUMO | C86: 13 | D86: ESTOPA | E86: KG | F86: 0.05 | G86: 20,01 | H86: =TRUNC($F86*G86,2) -> 1 | I86: 20,01 | J86: =TRUNC($F86*I86,2) -> 1
B87: SINAPI INSUMO | C87: 3520 | D87: JOELHO PVC, SOLDAVEL, PB, 90 GRAUS, DN 100 MM, PARA ESGOTO PREDIAL | E87: UN | F87: 2 | G87: 7,39 | H87: =TRUNC($F87*G87,2) -> 14.78 | I87: 7,39 | J87: =TRUNC($F87*I87,2) -> 14.78
B88: SINAPI INSUMO | C88: 9836 | D88: TUBO PVC SERIE NORMAL, DN 100 MM, PARA ESGOTO PREDIAL (NBR 5688) | E88: M | F88: 4 | G88: 13,26 | H88: =TRUNC($F88*G88,2) -> 53.04 | I88: 13,26 | J88: =TRUNC($F88*I88,2) -> 53.04
B89: SINAPI INSUMO | C89: 10908 | D89: JUNCAO DE REDUCAO INVERTIDA, PVC SOLDAVEL, 100 X 50 MM, SERIE NORMAL PARA ESGOTO PREDIAL | E89: UN | F89: 1 | G89: 16,97 | H89: =TRUNC($F89*G89,2) -> 16.97 | I89: 16,97 | J89: =TRUNC($F89*I89,2) -> 16.97
B90: SINAPI COMPOSIÇÃO | C90: 88267 | D90: ENCANADOR OU BOMBEIRO HIDRÁULICO COM ENCARGOS COMPLEMENTARES | E90: H | F90: 0.4 | G90: 25,36 | H90: =TRUNC($F90*G90,2) -> 10.14 | I90: 27,62 | J90: =TRUNC($F90*I90,2) -> 11.04
B91: SINAPI COMPOSIÇÃO | C91: 88316 | D91: SERVENTE COM ENCARGOS COMPLEMENTARES | E91: H | F91: 0.4 | G91: 21,24 | H91: =TRUNC($F91*G91,2) -> 8.49 | I91: 22,95 | J91: =TRUNC($F91*I91,2) -> 9.18
G92: Total | H92: =TRUNC(SUM(H85:H91),2) -> 105.33 | I92: Total | J92: =TRUNC(SUM(J85:J91),2) -> 106.92
B94: PONTO DE ESGOTO COM TUBO DE PVC RÍGIDO SOLDÁVEL DE Ø 40 MM (LAVATÓRIOS, MICTÓRIOS, RALOS SIFONADOS, ETC.) | L94: OK - ATUALIZADO_02/2025
B96: COMPOSIÇÃO 04 | D96: Código de referência (origem dos coeficientes da composição): | E96: 01679/ORSE (JANEIRO/2025)
D97: Discriminação do código de referência: | E97: PONTO DE ESGOTO COM TUBO DE PVC RÍGIDO SOLDÁVEL DE Ø 40 MM (LAVATÓRIOS, MICTÓRIOS, RALOS SIFONADOS, ETC...)
D99: Unidade: | E99: UN | F99: Custo Unitário: | G99: =H112 -> 74.23 | I99: =J112 -> 76.81
D100: Quantidade: | E100: 1
G101: COM DESONERAÇÂO | I101: SEM DESONERAÇÂO
B102: Fonte | C102: Código | D102: Composição | E102: Unidade | F102: Coeficiente | G102: Custo Unitário | H102: Custo Total | I102: Custo Unitário | J102: Custo Total
B103: SINAPI INSUMO | C103: 122 | D103: ADESIVO PLASTICO PARA PVC, FRASCO COM 850 GR | E103: UN | F103: 0.039 | G103: 60,78 | H103: =TRUNC($F103*G103,2) -> 2.37 | I103: 60,78 | J103: =TRUNC($F103*I103,2) -> 2.37
B104: SINAPI INSUMO | C104: 20078 | D104: PASTA LUBRIFICANTE PARA TUBOS E CONEXOES COM JUNTA ELASTICA, EMBALAGEM DE *400* GR (USO EM PVC, ACO, POLIETILENO E OUTROS) | E104: UN | F104: 0.09 | G104: 25,08 | H104: =TRUNC($F104*G104,2) -> 2.25 | I104: 25,08 | J104: =TRUNC($F104*I104,2) -> 2.25
B105: SINAPI INSUMO | C105: 20083 | D105: SOLUCAO LIMPADORA PARA PVC, FRASCO COM 1000 CM3 | E105: UN | F105: 0.06 | G105: 68,86 | H105: =TRUNC($F105*G105,2) -> 4.13 | I105: 68,86 | J105: =TRUNC($F105*I105,2) -> 4.13
B106: SINAPI INSUMO | C106: 3516 | D106: JOELHO PVC, SOLDAVEL, BB, 45 GRAUS, DN 40 MM, PARA ESGOTO PREDIAL | E106: UN | F106: 3 | G106: 2,08 | H106: =TRUNC($F106*G106,2) -> 6.24 | I106: 2,08 | J106: =TRUNC($F106*I106,2) -> 6.24
B107: SINAPI INSUMO | C107: 3517 | D107: JOELHO PVC, SOLDAVEL, BB, 90 GRAUS, DN 40 MM, PARA ESGOTO PREDIAL | E107: UN | F107: 3 | G107: 1,88 | H107: =TRUNC($F107*G107,2) -> 5.64 | I107: 1,88 | J107: =TRUNC($F107*I107,2) -> 5.64
B108: SINAPI INSUMO | C108: 3767 | D108: LIXA EM FOLHA PARA PAREDE OU MADEIRA, NUMERO 120 COR VERMELHA | E108: UN | F108: 0.2 | G108: 0,83 | H108: =TRUNC($F108*G108,2) -> 0.16 | I108: 0,83 | J108: =TRUNC($F108*I108,2) -> 0.16
B109: SINAPI INSUMO | C109: 9835 | D109: TUBO PVC SERIE NORMAL, DN 40 MM, PARA ESGOTO PREDIAL (NBR 5688) | E109: M | F109: 4 | G109: 5,79 | H109: =TRUNC($F109*G109,2) -> 23.16 | I109: 5,79 | J109: =TRUNC($F109*I109,2) -> 23.16
B110: SINAPI COMPOSIÇÃO | C110: 88267 | D110: ENCANADOR OU BOMBEIRO HIDRÁULICO COM ENCARGOS COMPLEMENTARES | E110: H | F110: 0.65 | G110: 25,36 | H110: =TRUNC($F110*G110,2) -> 16.48 | I110: 27,62 | J110: =TRUNC($F110*I110,2) -> 17.95
B111: SINAPI COMPOSIÇÃO | C111: 88316 | D111: SERVENTE COM ENCARGOS COMPLEMENTARES | E111: H | F111: 0.65 | G111: 21,24 | H111: =TRUNC($F111*G111,2) -> 13.8 | I111: 22,95 | J111: =TRUNC($F111*I111,2) -> 14.91
G112: Total | H112: =TRUNC(SUM(H103:H111),2) -> 74.23 | I112: Total | J112: =TRUNC(SUM(J103:J111),2) -> 76.81
B114: LAVATÓRIO DE CANTO DE LOUÇA BRANCA SUSPENSO, 40 X 30 CM - FORNECIMENTO E INSTALAÇÃO | L114: OK - ATUALIZADO_02/2025
B116: COMPOSIÇÃO 05 | D116: Código de referência (origem dos coeficientes da composição): | E116: 86904/SINAPI (JUNHO/2023)
D117: Discriminação do código de referência: | E117: LAVATÓRIO LOUÇA BRANCA SUSPENSO, 29,5 X 39CM OU EQUIVALENTE, PADRÃO POPULAR - FORNECIMENTO E INSTALAÇÃO. AF_01/2020
D119: Unidade: | E119: UN | F119: Custo Unitário: | G119: =H128 -> 199.75 | I119: =J128 -> 200.94
D120: Quantidade: | E120: 1
G121: COM DESONERAÇÂO | I121: SEM DESONERAÇÂO
B122: Fonte | C122: Código | D122: Composição | E122: Unidade | F122: Coeficiente | G122: Custo Unitário | H122: Custo Total | I122: Custo Unitário | J122: Custo Total
B123: SINAPI INSUMO | C123: 4351 | D123: PARAFUSO NIQUELADO 3 1/2" COM ACABAMENTO CROMADO PARA FIXAR PECA SANITARIA, INCLUI PORCA CEGA, ARRUELA E BUCHA DE NYLON TAMANHO S-8 | E123: UN | F123: 2,0000000 | G123: 22,95 | H123: =TRUNC($F123*G123,2) -> 45.9 | I123: 22,95 | J123: =TRUNC($F123*I123,2) -> 45.9
B124: SINAPI INSUMO | C124: 36521 | D124: LAVATORIO DE CANTO DE LOUCA BRANCA, SUSPENSO (SEM COLUNA), DIMENSOES *40 X 30* CM (L X C) | E124: UN | F124: 1,0000000 | G124: 136,62 | H124: =TRUNC($F124*G124,2) -> 136.62 | I124: 136,62 | J124: =TRUNC($F124*I124,2) -> 136.62
B125: SINAPI INSUMO | C125: 37329 | D125: REJUNTE EPOXI, QUALQUER COR | E125: KG | F125: 0,0304000 | G125: 112,54 | H125: =TRUNC($F125*G125,2) -> 3.42 | I125: 112,54 | J125: =TRUNC($F125*I125,2) -> 3.42
B126: SINAPI COMPOSIÇÃO | C126: 88267 | D126: ENCANADOR OU BOMBEIRO HIDRÁULICO COM ENCARGOS COMPLEMENTARES | E126: H | F126: 0,3870000 | G126: 25,36 | H126: =TRUNC($F126*G126,2) -> 9.81 | I126: 27,62 | J126: =TRUNC($F126*I126,2) -> 10.68
B127: SINAPI COMPOSIÇÃO | C127: 88316 | D127: SERVENTE COM ENCARGOS COMPLEMENTARES | E127: H | F127: 0,1886000 | G127: 21,24 | H127: =TRUNC($F127*G127,2) -> 4 | I127: 22,95 | J127: =TRUNC($F127*I127,2) -> 4.32
...

Sheet COTAÇÃO
B2: PESQUISA DE PREÇO
B4: ='(ORÇAMENTO GERAL)'!A6 -> OBRA: REFORMA DO AÇOUGUE MUNICIPAL E CONSTRUÇÃO DE 01 GALPÃO PRÉ-FABRICADO DE CONCRETO ARMADO
B5: ='(ORÇAMENTO GERAL)'!A7 -> LOCALIZAÇÃO: RUA SÉRGIO AMARO DO NASCIMENTO - JOÃO ALFREDO/PE
B6: ='(ORÇAMENTO GERAL)'!A8 -> FONTES DE PREÇOS: SINAPI-PE FEVEREIRO - 2025 / ORSEJANEIRO - 2025 / SEINFRA-CE 028 / SBC - PE / COMPOSIÇÕES / SEM DESONERAÇÃO / BDI = 20,50% / BDI = 11,10%
B7: ='(ORÇAMENTO GERAL)'!A9 -> DATA: ABRIL/2025
B9: PESQUISA DE PREÇO 01 | C9: FORNECIMENTO DE MODULOS/PERFIS EM PVC NA COR CINZA, INCLUSIVE ACESSÓRIOS DE ACABAMENTOS, DE ACORDO A NORMA ABNT – NBR 17.077 E EM CONFORMIDADE COM A DIRETRIZ SINAT 004 (MINISTERIO DO DESENVOLVIMENTO REGIONAL).
B11: Fonte de Pesquisa | C11: Contrato | D11: Local/Município/PE | E11: Insumo | F11: Unidade | G11: Obra | H11: Processo | I11: Modalidade | J11: Custo Total
B12: Site do TCE-PE (Tome Conta) (https://sistemas.tcepe.tc.br/audinArquivos/licon/processo_licitatorio/edital/1/LICON_Edital_1_2023_65_1271441.pdf) | C12: Contrato nº 165/2023 14/09/23 a 05/06/25 | D12: Prefeitura Município de Abreu e Lima-PE | E12: FORNECIMENTO DE MODULOS EM PVC, INCLUSIVE ACESSÓRIOS, EM CONFORMIDADE COM A DIRETRIZ SINAT 004/REV1-DATEC 017A (MINISTERIO DO DESENVOLVIMENTO REGIONAL) | F12: M2 | G12: Contratação de Empresa de Engenharia para Construção de duas Escolas no Município de Abreu e Lima/PE | H12: 065/2023 | I12: CONCORRÊNCIA PÚBLICA Nº 003/2023 – PL Nº 065/2023 | J12: 527.35
B13: Site do TCE-PE (Tome Conta) (https://sistemas.tcepe.tc.br/audinArquivos/licon/processo_licitatorio/edital/66/LICON_Edital_66_2024_38_1400673.pdf) | C13: Contrato nº 305/2024 | D13: Prefeitura Municipal de Belo Jardim-PE | E13: FORNECIMENTO DE MODULOS EM PVC, INCLUSIVE ACESSÓRIOS, EM CONFORMIDADE COM A DIRETRIZ SINAT 004/REV1-DATEC 017A (MINISTERIO DO DESENVOLVIMENTO REGIONAL) | F13: M2 | G13: Construção do Centro de Excelência Municipal Professor José Vieira da Costa, no município de Belo Jardim-PE | H13: 038/2024 | I13: CONCORRÊNCIA ELETRÔNICA Nº 4/2024 | J13: 412.05
B14: Site do TCE-PE (Tome Conta) (file:///C:/Users/erist/Downloads/EDITAL%20E%20ANEXOS%20-%20ESCOLA%20(2)%20(2).pdf) | C14: Contrato nº 018/2024 | D14: Prefeitura Município de Toritama-PE | E14: FORNECIMENTO DE MODULOS EM PVC, INCLUSIVE ACESSÓRIOS, EM CONFORMIDADE COM A DIRETRIZ SINAT 004/REV1-DATEC 017A (MINISTERIO DO DESENVOLVIMENTO REGIONAL) | F14: M2 | G14: Construção de uma escola de tempo integral contendo 25 salas de aula, no sistema construtivo concreto/PVC, a ser implantado no Município de Toritama/PE | H14: 005/2024 | I14: CONCORRÊNCIA ELETRÔNICA SEDUC Nº 001/2024 | J14: 412.05
B15: MENOR VALOR DOS PREÇOS UNITÁRIOS PESQUISADO | I15: Total | J15: =AVERAGE(J14) -> 412.05
B16: OBS: Adotou-se o menor valor cotado, considerando-se a expectativa de estabilidade nos preços, uma vez que se tratam de obras recentes, cujos valores ainda refletem as condições de mercado vigentes;
B18: Fonte de pesquisa, acesso no dia 03 de fevereiro de 2025 às 8h: https://tomeconta.tcepe.tc.br/
B20: "III - utilização de dados de pesquisa publicada em mídia especializada, de tabela de referência formalmente aprovada pelo Poder Executivo federal e de sítios eletrônicos especializados ou de domínio amplo, desde que contenham a data e hora de acesso;" (LEI Nº 14.133, DE 1º DE ABRIL DE 2021)
B22: A pesquisa de preços foi realizada consultando, preferencialmente, pelo menos três fornecedores ou prestadores de serviços;

Sheet BDI_EDIFICACOES_20,50%_SEM
B2: COMPOSIÇÃO DE BDI PARA SERVIÇOS GERAIS DE EDIFICAÇÕES
B4: BONIFICAÇÃO E DESPESAS INDIRETAS
B6: ='(ORÇAMENTO GERAL)'!A6 -> OBRA: REFORMA DO AÇOUGUE MUNICIPAL E CONSTRUÇÃO DE 01 GALPÃO PRÉ-FABRICADO DE CONCRETO ARMADO
B7: ='(ORÇAMENTO GERAL)'!A7 -> LOCALIZAÇÃO: RUA SÉRGIO AMARO DO NASCIMENTO - JOÃO ALFREDO/PE
B8: ='(ORÇAMENTO GERAL)'!A9 -> DATA: ABRIL/2025
B10: DESCRIÇÃO | C10: SIGLA | D10: VALOR (*) | F10: FAIXA REFERENCIAL - Ref. Acórdão 2622/2013
B12: Taxa de rateio da Administração Central | C12: AC | D12: 0.04 | E12: med | F12: De 3,00% até 5,50%; médio = 4,00%
B14: Taxa de Despesas Financeiras | C14: DF | D14: 0.0123 | E14: med | F14: De 0,59% até 1,39%; médio = 1,23%
B16: Taxa de Risco | C16: R | D16: 0.0097 | E16: med | F16: De 0,97% até 1,27%; médio = 1,27%
B18: Taxa de Seguro e Taxa de Garantia | C18: S + G | D18: 0.008 | E18: *med=min | F18: De 0,80% até 1,00%; médio = 0,80%
B20: COFINS | C20: COFINS | D20: 0.03
B21: ISS (**) | C21: ISS | D21: 0.02 | E21: =0.05*0.4 -> 0.02
B22: PIS | C22: PIS | D22: 0.0065
B23: CONTRIBUIÇÃO PREVIDENCIÁRIA SOBRE RECEITA BRUTA (***) | C23: CPRB | D23: 0 | E23: *
B24: Taxa de Tributos (Soma dos itens COFINS, ISS, PIS e CPRB) | C24: I | D24: =SUM(D20:D23) -> 0.0565
B26: Taxa de Lucro | C26: L | D26: 0.0618 | E26: min-med | F26: De 6,16% até 8,96%; médio = 7,40%
B28: BDI Resultante | D28: =ROUND((((1+D12+D18+D16)*(1+D14)*(1+D26))/(1-D24))-1,4) -> 0.205
F29: De 20,34% até 25,00%; médio = 22,12%
B32: Fórmula do BDI conforme Acórdão TCU 2622/2013-P:
B40: Obs.:
B41: (*) Todas as taxas adotadas estão na faixa admissível do Acórdão 2622/2013-P do TCU.
B42: (**) A alíquota de ISS no Município de João Alfredo/PE é de 5% sobre os custos de mão de obra. Considerou-se para todos os serviços uma proporção de 40% de mão de obra, de modo que a taxa de ISS a incidir sobre os custos unitários dos itens será de 5% x 40% = 2,00%.
B43: (***) Conforme determina a Lei nº 13.161, de 31 de agosto de 2015, que altera a Lei nº 12.546, de 14 de dezembro 2011, para obras de infraestrutura e do setor de construção, foi regulamentada a substituição da contribuição previdenciária patronal de 20% sobre a folha de pagamentos por uma contribuição de 4,50% sobre a receita bruta, sendo facultativa a opção pela contribuição substitutiva. Nesta composição de BDI NÃO foi considerada a opção pela contribuição substitutiva, sendo portanto necessário utilizar tabelas de custos NÃO desoneradas para elaboração do orçamento básico. | F43: Obs.: 1. Acompanhar a questão, pois existe a possibilidade da Lei da Desoneração vencer ou ser revogada. 2. As atividades incluídas na desoneração são as relativas aos grupos 412, 432, 433 e 439 da CNAE 2.0
B46: Obs.:
B47: Os custos indiretos são decorrentes da estrutura da obra e da empresa e que não podem ser atribuídos diretamente à execução de um dado serviço. Os custos indiretos variam muito, principalmente, em função do local de execução dos serviços, do tipo da obra, impostos incidentes, e ainda com as exigências do edital ou contrato. Devem ser distribuídos pelos custos unitários diretos totais dos serviços na forma de percentual destes. Os custos indiretos que mais afetam a construção estão a seguir identificados, entretanto, o engenheiro de custos deve analisar em cada caso sua validade.
B61: Fórmula BDI conforme Acórdão TCU 325/2007:

Sheet BDI_PRAÇAS_SEM_NOVA_CPRB_20%
B2: COMPOSIÇÃO DE BDI PARA SERVIÇOS GERAIS DE PRAÇAS
B4: COMPOSIÇÃO DE B.D.I. – BONIFICAÇÃO E DESPESAS INDIRETAS
B6: ='(ORÇAMENTO GERAL)'!A6 -> OBRA: REFORMA DO AÇOUGUE MUNICIPAL E CONSTRUÇÃO DE 01 GALPÃO PRÉ-FABRICADO DE CONCRETO ARMADO
B7: ='(ORÇAMENTO GERAL)'!A7 -> LOCALIZAÇÃO: RUA SÉRGIO AMARO DO NASCIMENTO - JOÃO ALFREDO/PE
B8: ='(ORÇAMENTO GERAL)'!A9 -> DATA: ABRIL/2025
B10: DESCRIÇÃO | C10: SIGLA | D10: VALOR (*) | F10: FAIXA REFERENCIAL - Ref. Acórdão 2622/2013
B12: Taxa de rateio da Administração Central | C12: AC | D12: 0.0428 | E12: min | F12: De 3,80% até 4,67%; médio = 4,01%
B14: Taxa de Despesas Financeiras | C14: DF | D14: 0.0102 | E14: min | F14: De 1,02% até 1,21%; médio = 1,11%
B16: Taxa de Risco | C16: R | D16: 0.005 | E16: min | F16: De 0,50% até 0,97%; médio = 0,56%
B18: Taxa de Seguro | C18: S | D18: =0.32%/2 -> 0.0016 | E18: min | F18: De 0,32% até 0,74%; médio = 0,40%
B20: Taxa de Garantia | C20: G | D20: =D18 -> 0.0016 | E20: min
B22: COFINS | C22: COFINS | D22: 0.03
B23: ISS (**) | C23: ISS | D23: 0.02 | E23: =0.05*0.4 -> 0.02
B24: PIS | C24: PIS | D24: 0.0065
B25: CONTRIBUIÇÃO PREVIDENCIÁRIA SOBRE RECEITA BRUTA (***) | C25: CPRB | D25: 0 | E25: *
B26: Taxa de Tributos (Soma dos itens COFINS, ISS e PIS) | C26: I | D26: =SUM(D22:D25) -> 0.0565
B28: Taxa de Lucro | C28: L | D28: 0.0664 | E28: min | F28: De 6,64% até 8,69%; médio = 7,30%
B30: BDI Resultante | D30: =ROUND((((1+D12+D18+D16+D20)*(1+D14)*(1+D28))/(1-D26))-1,4) -> 0.2 | E30: Mínimo para Pavimentação sem Nova CPRB de 4,50%
F31: De 19,60% até 24,23%; médio = 20,97%
B33: Fórmula do BDI conforme Acórdão TCU 2622/2013-P:
B41: Obs.:
B42: (*) Todas as taxas adotadas estão na faixa admissível do Acórdão 2622/2013-P do TCU.
B43: (**) A alíquota de ISS no Município de João Alfredo é de 5% sobre os custos de mão de obra. Considerou-se para todos os serviços uma proporção de 40% de mão de obra, de modo que a taxa de ISS a incidir sobre os custos unitários dos itens será de 5% x 40% = 2,00%.
B44: (***) Conforme determina a Lei nº 13.161, de 31 de agosto de 2015, que altera a Lei nº 12.546, de 14 de dezembro 2011, para obras de infraestrutura e do setor de construção, foi regulamentada a substituição da contribuição previdenciária patronal de 20% sobre a folha de pagamentos por uma contribuição de 4,50% sobre a receita bruta, sendo facultativa a opção pela contribuição substitutiva. Nesta composição de BDI foi considerada a opção pela contribuição substitutiva, sendo portanto necessário utilizar tabelas de custos desoneradas para elaboração do orçamento básico. | F44: Obs.: 1. Acompanhar a questão, pois existe a possibilidade da Lei da Desoneração vencer ou ser revogada. 2. As atividades incluídas na desoneração são as relativas aos grupos 412, 432, 433 e 439 da CNAE 2.0
B47: Obs.:
B48: Os custos indiretos são decorrentes da estrutura da obra e da empresa e que não podem ser atribuídos diretamente à execução de um dado serviço. Os custos indiretos variam muito, principalmente, em função do local de execução dos serviços, do tipo da obra, impostos incidentes, e ainda com as exigências do edital ou contrato. Devem ser distribuídos pelos custos unitários diretos totais dos serviços na forma de percentual destes. Os custos indiretos que mais afetam a construção estão a seguir identificados, entretanto, o engenheiro de custos deve analisar em cada caso sua validade.
B62: Fórmula BDI conforme Acórdão TCU 325/2007:

Sheet BDI_FORNECIMENTO_11,10%_SEM
B2: COMPOSIÇÃO DE BDI PARA FORNECIMENTO DE MATERIAIS E EQUIPAMENTOS
B4: BONIFICAÇÃO E DESPESAS INDIRETAS
B6: ='(ORÇAMENTO GERAL)'!A6 -> OBRA: REFORMA DO AÇOUGUE MUNICIPAL E CONSTRUÇÃO DE 01 GALPÃO PRÉ-FABRICADO DE CONCRETO ARMADO
B7: ='(ORÇAMENTO GERAL)'!A7 -> LOCALIZAÇÃO: RUA SÉRGIO AMARO DO NASCIMENTO - JOÃO ALFREDO/PE
B8: ='(ORÇAMENTO GERAL)'!A9 -> DATA: ABRIL/2025
B10: DESCRIÇÃO | C10: SIGLA | D10: VALOR (*) | F10: FAIXA REFERENCIAL - Ref. Acórdão 2622/2013
B12: Taxa de rateio da Administração Central | C12: AC | D12: 0.015 | F12: De 1,50% até 4,49%; médio = 3,45%
B14: Taxa de Despesas Financeiras | C14: DF | D14: 0.0085 | F14: De 0,85% até 1,11%; médio = 0,85%
B16: Taxa de Risco | C16: R | D16: 0.0056 | F16: De 0,56% até 0,89%; médio = 0,85%
B18: Taxa de Seguro e Taxa de Garantia | C18: S + G | D18: 0.0049 | F18: De 0,30% até 0,82%; médio = 0,48%
B20: COFINS | C20: COFINS | D20: 0.03
B21: ISS (**) | C21: ISS | D21: 0 | E21: =0.05*0.4 -> 0.02
B22: PIS | C22: PIS | D22: 0.0065
B23: CONTRIBUIÇÃO PREVIDENCIÁRIA SOBRE RECEITA BRUTA (***) | C23: CPRB | D23: 0 | E23: *
B24: Taxa de Tributos (Soma dos itens COFINS, ISS, PIS e CPRB) | C24: I | D24: =SUM(D20:D23) -> 0.0365
B26: Taxa de Lucro | C26: L | D26: 0.035 | F26: De 3,50% até 6,22%; médio = 5,11%
B28: BDI Resultante | D28: =ROUND((((1+D12+D18+D16)*(1+D14)*(1+D26))/(1-D24))-1,4) -> 0.111
F29: De 11,10% até 16,80%; médio = 14,02%
B32: Fórmula do BDI conforme Acórdão TCU 2622/2013-P:
B40: Obs.:
B41: (*) Todas as taxas adotadas estão na faixa admissível do Acórdão 2622/2013-P do TCU.
B42: (**) A alíquota de ISS no Município de João Alfredo/PE é de 5% sobre os custos de mão de obra. Considerou-se para todos os serviços uma proporção de 40% de mão de obra, de modo que a taxa de ISS a incidir sobre os custos unitários dos itens será de 5% x 40% = 2,00%.
B43: (***) Conforme determina a Lei nº 13.161, de 31 de agosto de 2015, que altera a Lei nº 12.546, de 14 de dezembro 2011, para obras de infraestrutura e do setor de construção, foi regulamentada a substituição da contribuição previdenciária patronal de 20% sobre a folha de pagamentos por uma contribuição de 4,50% sobre a receita bruta, sendo facultativa a opção pela contribuição substitutiva. Nesta composição de BDI NÃO foi considerada a opção pela contribuição substitutiva, sendo portanto necessário utilizar tabelas de custos NÃO desoneradas para elaboração do orçamento básico. | F43: Obs.: 1. Acompanhar a questão, pois existe a possibilidade da Lei da Desoneração vencer ou ser revogada. 2. As atividades incluídas na desoneração são as relativas aos grupos 412, 432, 433 e 439 da CNAE 2.0
B46: Obs.:
B47: Os custos indiretos são decorrentes da estrutura da obra e da empresa e que não podem ser atribuídos diretamente à execução de um dado serviço. Os custos indiretos variam muito, principalmente, em função do local de execução dos serviços, do tipo da obra, impostos incidentes, e ainda com as exigências do edital ou contrato. Devem ser distribuídos pelos custos unitários diretos totais dos serviços na forma de percentual destes. Os custos indiretos que mais afetam a construção estão a seguir identificados, entretanto, o engenheiro de custos deve analisar em cada caso sua validade.
B61: Fórmula BDI conforme Acórdão TCU 325/2007:

Sheet _RESUMO COMPARATIVO_
A1: RESUMO COMPARATIVO
A2: ORÇAMENTO COM DESONERAÇÃO VERSUS ORÇAMENTO SEM DESONERAÇÃO
A4: ='(ORÇAMENTO GERAL)'!A6 -> OBRA: REFORMA DO AÇOUGUE MUNICIPAL E CONSTRUÇÃO DE 01 GALPÃO PRÉ-FABRICADO DE CONCRETO ARMADO
A5: ='(ORÇAMENTO GERAL)'!A7 -> LOCALIZAÇÃO: RUA SÉRGIO AMARO DO NASCIMENTO - JOÃO ALFREDO/PE
A6: ='(ORÇAMENTO GERAL)'!A9 -> DATA: ABRIL/2025
B8: VALOR TOTAL DO PROJETO | C8: BDI REFERENCIAL ADOTADO (dentro da faixa referencial do Acórdão 2622/2013, com tributos locais) | D8: ENCARGOS SOCIAIS ADOTADOS (padrão SINAPI Pernambuco)
A10: ORÇAMENTO COM DESONERAÇÃO | B10: ='(ORÇAMENTO GERAL)'!N405 -> 2653615.7 | C10: 26,53% (com CPRB) | D10: 91,23% (hora), 52,09% (mês)
A12: ORÇAMENTO SEM DESONERAÇÃO | B12: ='(ORÇAMENTO GERAL)'!Q405 -> 2590295.2 | C12: 20,50% (sem CPRB) | D12: 113,94% (hora), 70,11% (mês)
A15: CONCLUSÃO:
C16: A OPÇÃO MAIS ADEQUADA PARA A ADMINISTRAÇÃO É A DO ORÇAMENTO: | D16: =IF(B10>B12,"SEM DESONERAÇÃO","COM DESONERAÇÃO") -> SEM DESONERAÇÃO

Sheet COMP_ENCARGOS_SOCIAIS_SEM_D
A1: COMPOSIÇÃO DE ENCARGOS SOCIAIS SOBRE A MÃO DE OBRA
A2: ESTADO DE PERNAMBUCO - SEM DESONERAÇÃO
A3: (FONTE: SINAPI FEVEREIRO/2025)
A5: OBRA: REFORMA DO AÇOUGUE MUNICIPAL E CONSTRUÇÃO DE 01 GALPÃO PRÉ-FABRICADO DE CONCRETO ARMADO
A6: LOCALIZAÇÃO: RUA SÉRGIO AMARO DO NASCIMENTO - JOÃO ALFREDO/PE
A7: DATA: ABRIL/2025
A9: ENCARGOS SOCIAIS SOBRE A MÃO DE OBRA
A10: CÓDIGO | B10: DESCRIÇÃO | C10: COM DESONERAÇÃO | E10: SEM DESONERAÇÃO
A11: CÓDIGO | B11: DESCRIÇÃO | C11: HORISTA % | D11: MENSALISTA % | E11: HORISTA % | F11: MENSALISTA %
A12: GRUPO A
A13: A1 | B13: INSS | C13: 5,00% | D13: 5,00% | E13: 20,00% | F13: 20,00%
A14: A2 | B14: SESI | C14: 1,50% | D14: 1,50% | E14: 1,50% | F14: 1,50%
A15: A3 | B15: SENAI | C15: 1,00% | D15: 1,00% | E15: 1,00% | F15: 1,00%
A16: A4 | B16: INCRA | C16: 0,20% | D16: 0,20% | E16: 0,20% | F16: 0,20%
A17: A5 | B17: SEBRAE | C17: 0,60% | D17: 0,60% | E17: 0,60% | F17: 0,60%
A18: A6 | B18: Salário Educação | C18: 2,50% | D18: 2,50% | E18: 2,50% | F18: 2,50%
A19: A7 | B19: Seguro Contra Acidentes de Trabalho | C19: 3,00% | D19: 3,00% | E19: 3,00% | F19: 3,00%
A20: A8 | B20: FGTS | C20: 8,00% | D20: 8,00% | E20: 8,00% | F20: 8,00%
A21: A9 | B21: SECONCI | C21: 0,00% | D21: 0,00% | E21: 0,00% | F21: 0,00%
A22: A | B22: Total | C22: 21,80% | D22: 21,80% | E22: 36,80% | F22: 36,80%
A23: GRUPO B
A24: B1 | B24: Repouso Semanal Remunerado | C24: 18,01% | D24: Não incide | E24: 18,01% | F24: Não incide
A25: B2 | B25: Feriados | C25: 4,32% | D25: Não incide | E25: 4,32% | F25: Não incide
A26: B3 | B26: Auxílio - Enfermidade | C26: 0,86% | D26: 0,65% | E26: 0,86% | F26: 0,65%
A27: B4 | B27: 13º Salário | C27: 10,97% | D27: 8,33% | E27: 10,97% | F27: 8,33%
A28: B5 | B28: Licença Paternidade | C28: 0,07% | D28: 0,05% | E28: 0,07% | F28: 0,05%
A29: B6 | B29: Faltas Justificadas | C29: 0,73% | D29: 0,56% | E29: 0,73% | F29: 0,56%
A30: B7 | B30: Dias de Chuvas | C30: 1,96% | D30: Não incide | E30: 1,96% | F30: Não incide
A31: B8 | B31: Auxílio Acidente de Trabalho | C31: 0,10% | D31: 0,07% | E31: 0,10% | F31: 0,07%
A32: B9 | B32: Férias Gozadas | C32: 9,95% | D32: 7,56% | E32: 9,95% | F32: 7,56%
A33: B10 | B33: Salário Maternidade | C33: 0,03% | D33: 0,03% | E33: 0,03% | F33: 0,03%
A34: B | B34: Total | C34: 47,00% | D34: 17,25% | E34: 47,00% | F34: 17,25%
A35: GRUPO C
A36: C1 | B36: Aviso Prévio Indenizado | C36: 4,77% | D36: 3,63% | E36: 4,77% | F36: 3,63%
A37: C2 | B37: Aviso Prévio Trabalhado | C37: 0,11% | D37: 0,09% | E37: 0,11% | F37: 0,09%
A38: C3 | B38: Férias Indenizadas | C38: 3,98% | D38: 0.0303 | E38: 3,98% | F38: 3,03%
A39: C4 | B39: Depósito Rescisão Sem Justa Causa | C39: 3,06% | D39: 2,33% | E39: 3,06% | F39: 2,33%
A40: C5 | B40: Indenização Adicional | C40: 0,40% | D40: 0,31% | E40: 0,40% | F40: 0,31%
A41: C | B41: Total | C41: 12,32% | D41: 9,39% | E41: 12,32% | F41: 9,39%
A42: GRUPO D
A43: D1 | B43: Reincidência de Grupo A sobre Grupo B (sem considerar INNS sobre 13º, conforme Lei nº 14.973/2024) | C43: 9,70% | D43: 3,34% | E43: 17,30% | F43: 6,35%
A44: D2 | B44: Reincidência de Grupo A sobre Aviso Prévio Trabalhado e Reincidência do FGTS sobre Aviso Prévio Indenizado | C44: 0,41% | D44: 0,31% | E44: 0,42% | F44: 0,32%
A45: D | B45: Total | C45: 10,11% | D45: 3,65% | E45: 17,72% | F45: 6,67%
A46: TOTAL(A+B+C+D) | C46: 91,23% | D46: 52,09% | E46: 113,84% | F46: 70,11%

Sheet CURVA ABC
A1: CURVA ABC
A3: OBRA: REFORMA DO AÇOUGUE MUNICIPAL E CONSTRUÇÃO DE 01 GALPÃO PRÉ-FABRICADO DE CONCRETO ARMADO
A4: LOCALIZAÇÃO: RUA SÉRGIO AMARO DO NASCIMENTO - JOÃO ALFREDO/PE
A5: FONTES DE PREÇOS: SINAPI-PE FEVEREIRO - 2025 / ORSEJANEIRO - 2025 / SEINFRA-CE 028 / SBC - PE / COMPOSIÇÕES / SEM DESONERAÇÃO / BDI = 20,50% / BDI = 11,10%
A6: DATA: ABRIL/2025
G7: BDI (FORNECIMENTO) = | I7: 0.111
G8: BDI (EDIFICAÇÕES) = | I8: 0.205
G9: SEM DESONERAÇÃO
A10: ITEM | B10: FONTE | C10: CÓDIGO | D10: DESCRIÇÃO | E10: UN. | F10: QUANT. | G10: V. UNIT. S/BDI | H10: V. UNIT. C/ BDI | I10: V. TOTAL C/ BDI | K10: % | L10: % ACUMULADO | M10: CLASSIFICAÇÃO | N10: JUSTIF. | O10: ACERVO? | P10: CLASSE | Q10: CORTE
A12: 7.1 | B12: SINAPI | C12: 94216 | D12: TELHAMENTO COM TELHA METÁLICA TERMOACÚSTICA E = 30 MM, COM ATÉ 2 ÁGUAS, INCLUSO IÇAMENTO. AF_07/2019 | E12: M2 | F12: 1952.66 | G12: 203,52 | H12: =ROUND(G12*(1+$I$8),2) -> 245.24 | I12: =TRUNC($F12*H12,2) -> 478870.33 | K12: =I12/$I$93 -> 0.18487095 | L12: =K12 -> 0.18487095 | M12: =IF(L12<=$Q$12,"A",IF(L12<=$Q$13,"B","C")) -> A | N12: > 4% | O12: SIM | P12: A | Q12: 0.8
A13: 5.3 | B13: SINAPI | C13: 87792 | D13: EMBOÇO OU MASSA ÚNICA EM ARGAMASSA TRAÇO 1:2:8, PREPARO MECÂNICO COM BETONEIRA 400 L, APLICADA MANUALMENTE EM PANOS CEGOS DE FACHADA (SEM PRESENÇA DE VÃOS), ESPESSURA DE 25 MM. AF_08/2022 | E13: M2 | F13: 4998.08 | G13: 43,38 | H13: =ROUND(G13*(1+$I$8),2) -> 52.27 | I13: =TRUNC($F13*H13,2) -> 261249.64 | K13: =I13/$I$93 -> 0.10085709 | L13: =K13+L12 -> 0.28572804 | M13: =IF(L13<=$Q$12,"A",IF(L13<=$Q$13,"B","C")) -> A | N13: > 4% | O13: SIM | P13: B | Q13: 0.95
A14: 6.3 | B14: SINAPI | C14: 104162 | D14: PISO EM GRANILITE, MARMORITE OU GRANITINA EM AMBIENTES INTERNOS, COM ESPESSURA DE 8 MM, INCLUSO MISTURA EM BETONEIRA, COLOCAÇÃO DAS JUNTAS, APLICAÇÃO DO PISO, 4 POLIMENTOS COM POLITRIZ, ESTUCAMENTO, SELADOR E CERA. AF_06/2022 | E14: M2 | F14: 1798.52 | G14: 95,93 | H14: =ROUND(G14*(1+$I$8),2) -> 115.6 | I14: =TRUNC($F14*H14,2) -> 207908.91 | K14: =I14/$I$93 -> 0.080264562 | L14: =K14+L13 -> 0.3659926 | M14: =IF(L14<=$Q$12,"A",IF(L14<=$Q$13,"B","C")) -> A | N14: > 4% | O14: SIM | P14: C | Q14: 1
A15: 4.2 | B15: ORSE | C15: 12994 | D15: ESTRUTURA PARA GALPÃO PRÉ-MOLDADO DE CONCRETO ARMADO, PADRÃO QUADRA DE ESPORTE, SEM LANTERNIM, C/MONTAGEM, VÃOS ATÉ 22M, TESOURA SEM EMENDA, VÃOS ENTRE PILARES DE 5,00/6,00M, ALTURA 6,50/7,50M(LATERAL/MEIO), EXCLUSO TELHAS, INCLUSIVE FUNDAÇÃO - RV 01 | E15: M2 | F15: 390 | G15: 350 | H15: =ROUND(G15*(1+$I$8),2) -> 421.75 | I15: =TRUNC($F15*H15,2) -> 164482.5 | K15: =I15/$I$93 -> 0.06349952 | L15: =K15+L14 -> 0.42949212 | M15: =IF(L15<=$Q$12,"A",IF(L15<=$Q$13,"B","C")) -> A | N15: > 4% | O15: SIM
A16: 12.1 | B16: SBC | C16: 008584 | D16: COZINHA-CAMARA FRIGORIFICA 3,3x1,55x2,20m 80 kgf/DIA | E16: UN | F16: 3 | G16: 49161.4 | H16: =ROUND(G16*(1+$I$7),2) -> 54618.32 | I16: =TRUNC($F16*H16,2) -> 163854.96 | K16: =I16/$I$93 -> 0.063257254 | L16: =K16+L15 -> 0.49274938 | M16: =IF(L16<=$Q$12,"A",IF(L16<=$Q$13,"B","C")) -> A | N16: > 4% | O16: NÃO
A17: 8.6 | B17: ORSE | C17: 99855 | D17: CORRIMÃO SIMPLES, DIÂMETRO EXTERNO = 1 1/2", EM AÇO GALVANIZADO. AF_04/2019_PS | E17: M | F17: 1271.62 | G17: 102,27 | H17: =ROUND(G17*(1+$I$8),2) -> 123.24 | I17: =TRUNC($F17*H17,2) -> 156714.44 | K17: =I17/$I$93 -> 0.06050061 | L17: =K17+L16 -> 0.55324999 | M17: =IF(L17<=$Q$12,"A",IF(L17<=$Q$13,"B","C")) -> A | N17: > 4% | O17: SIM
A18: 5.5 | B18: SINAPI | C18: 104611 | D18: REVESTIMENTO CERÂMICO PARA PAREDES INTERNAS COM PLACAS TIPO ESMALTADA DE DIMENSÕES 60X60 CM APLICADAS NA ALTURA INTEIRA DAS PAREDES. AF_02/2023_PE | E18: M2 | F18: 1245.83 | G18: 96,65 | H18: =ROUND(G18*(1+$I$8),2) -> 116.46 | I18: =TRUNC($F18*H18,2) -> 145089.36 | K18: =I18/$I$93 -> 0.056012674 | L18: =K18+L17 -> 0.60926266 | M18: =IF(L18<=$Q$12,"A",IF(L18<=$Q$13,"B","C")) -> A | N18: > 4% | O18: SIM
A19: 4.1 | B19: SEINFRA.28 | C19: C5216 | D19: ESTRUTURA TRELIÇADA DE COBERTURA, TIPO FINK, COM LIGAÇÕES SOLDADAS, INCLUSOS PERFIS METÁLICOS, CHAPAS METÁLICAS, TRANSPORTE COM GUINDASTE, JATEAMENTO E PINTURA | E19: KG | F19: 5593.77 | G19: 18.36 | H19: =ROUND(G19*(1+$I$8),2) -> 22.12 | I19: =TRUNC($F19*H19,2) -> 123734.19 | K19: =I19/$I$93 -> 0.047768374 | L19: =K19+L18 -> 0.65703104 | M19: =IF(L19<=$Q$12,"A",IF(L19<=$Q$13,"B","C")) -> A | N19: > 4% | O19: SIM
A20: 6.2 | B20: SINAPI | C20: 87735 | D20: CONTRAPISO EM ARGAMASSA TRAÇO 1:4 (CIMENTO E AREIA), PREPARO MECÂNICO COM BETONEIRA 400 L, APLICADO EM ÁREAS MOLHADAS SOBRE LAJE, ADERIDO, ACABAMENTO NÃO REFORÇADO, ESPESSURA 2CM. AF_07/2021 | E20: M2 | F20: 1798.52 | G20: 43,66 | H20: =ROUND(G20*(1+$I$8),2) -> 52.61 | I20: =TRUNC($F20*H20,2) -> 94620.13 | K20: =I20/$I$93 -> 0.036528705 | L20: =K20+L19 -> 0.69355974
A21: 1.1 | B21: COMPOSIÇÃO | C21: 01 | D21: ADMINISTRAÇÃO LOCAL DA OBRA | E21: UN | F21: 1 | G21: =COMPOSIÇÕES!J20 -> 63214.31 | H21: =ROUND(G21*(1+$I$8),2) -> 76173.24 | I21: =TRUNC($F21*H21,2) -> 76173.24 | K21: =I21/$I$93 -> 0.029407166 | L21: =K21+L20 -> 0.72296691
A22: 6.1 | B22: SINAPI | C22: 96620 | D22: LASTRO DE CONCRETO MAGRO, APLICADO EM PISOS, LAJES SOBRE SOLO OU RADIERS. AF_01/2024 | E22: M3 | F22: 53.96 | G22: 735,91 | H22: =ROUND(G22*(1+$I$8),2) -> 886.77 | I22: =TRUNC($F22*H22,2) -> 47850.1 | K22: =I22/$I$93 -> 0.018472837 | L22: =K22+L21 -> 0.74143974
A23: 7.4 | B23: SINAPI | C23: 94229 | D23: CALHA EM CHAPA DE AÇO GALVANIZADO NÚMERO 24, DESENVOLVIMENTO DE 100 CM, INCLUSO TRANSPORTE VERTICAL. AF_07/2019 | E23: M | F23: 252 | G23: 147,1 | H23: =ROUND(G23*(1+$I$8),2) -> 177.26 | I23: =TRUNC($F23*H23,2) -> 44669.52 | K23: =I23/$I$93 -> 0.017244953 | L23: =K23+L22 -> 0.7586847
A24: 3.1 | B24: SINAPI | C24: 92212 | D24: TUBO DE CONCRETO PARA REDES COLETORAS DE ÁGUAS PLUVIAIS, DIÂMETRO DE 600 MM, JUNTA RÍGIDA, INSTALADO EM LOCAL COM BAIXO NÍVEL DE INTERFERÊNCIAS - FORNECIMENTO E ASSENTAMENTO. AF_03/2024 | E24: M | F24: 150 | G24: 242,75 | H24: =ROUND(G24*(1+$I$8),2) -> 292.51 | I24: =TRUNC($F24*H24,2) -> 43876.5 | K24: =I24/$I$93 -> 0.016938803 | L24: =K24+L23 -> 0.7756235
A25: 3.2 | B25: SINAPI | C25: 97951 | D25: CAIXA PARA BOCA DE LOBO COMBINADA COM GRELHA RETANGULAR, EM ALVENARIA COM TIJOLOS CERÂMICOS MACIÇOS, DIMENSÕES INTERNAS: 1,3X1X1,2 M. AF_12/2020 | E25: UN | F25: 12 | G25: 2685,26 | H25: =ROUND(G25*(1+$I$8),2) -> 3235.74 | I25: =TRUNC($F25*H25,2) -> 38828.88 | K25: =I25/$I$93 -> 0.014990137 | L25: =K25+L24 -> 0.79061364
A26: 11.4 | B26: ORSE | C26: 00642 | D26: PONTO DE LUZ EM TETO OU PAREDE, COM ELETRODUTO PVC RÍGIDO EMBUTIDO Ø 3/4" | E26: UN | F26: 108 | G26: 291.08 | H26: =ROUND(G26*(1+$I$8),2) -> 350.75 | I26: =TRUNC($F26*H26,2) -> 37881 | K26: =I26/$I$93 -> 0.014624202 | L26: =K26+L25 -> 0.80523784
A27: 2.4 | B27: SINAPI | C27: 97633 | D27: DEMOLIÇÃO DE REVESTIMENTO CERÂMICO, DE FORMA MANUAL, SEM REAPROVEITAMENTO. AF_09/2023 | E27: M2 | F27: 1245.83 | G27: 24,24 | H27: =ROUND(G27*(1+$I$8),2) -> 29.21 | I27: =TRUNC($F27*H27,2) -> 36390.69 | K27: =I27/$I$93 -> 0.014048858 | L27: =K27+L26 -> 0.8192867
A28: 10.5 | B28: SINAPI | C28: 86943 | D28: LAVATÓRIO LOUÇA BRANCA SUSPENSO, 29,5 X 39CM OU EQUIVALENTE, PADRÃO POPULAR, INCLUSO SIFÃO FLEXÍVEL EM PVC, VÁLVULA E ENGATE FLEXÍVEL 30CM EM PLÁSTICO E TORNEIRA CROMADA DE MESA, PADRÃO POPULAR - FORNECIMENTO E INSTALAÇÃO. AF_01/2020 | E28: UN | F28: 111 | G28: 268,5 | H28: =ROUND(G28*(1+$I$8),2) -> 323.54 | I28: =TRUNC($F28*H28,2) -> 35912.94 | K28: =I28/$I$93 -> 0.01386442 | L28: =K28+L27 -> 0.83315112
A29: 11.5 | B29: ORSE | C29: 3298 | D29: PONTO DE TOMADA 2P+T, ABNT, DE EMBUTIR, 10 A, COM ELETRODUTO DE PVC FLEXÍVEL SANFONADO EMBUTIDO Ø 3/4", FIO RIGIDO 2,5MM² (FIO 12), INCLUSIVE PLACA EM PVCE ATERRAMENTO | E29: PT | F29: 121 | G29: 222.37 | H29: =ROUND(G29*(1+$I$8),2) -> 267.96 | I29: =TRUNC($F29*H29,2) -> 32423.16 | K29: =I29/$I$93 -> 0.012517168 | L29: =K29+L28 -> 0.84566828
A30: 8.2 | B30: ORSE | C30: 12710 | D30: PORTA DE ENROLAR, EM PERFIL MEIA CANA FECHADO, EM CHAPA DE AÇO GALVANIZADO Nº22 | E30: UN | F30: 63.97 | G30: 356.32 | H30: =ROUND(G30*(1+$I$8),2) -> 429.37 | I30: =TRUNC($F30*H30,2) -> 27466.79 | K30: =I30/$I$93 -> 0.01060373 | L30: =K30+L29 -> 0.85627201
A31: 5.2 | B31: SINAPI | C31: 87879 | D31: CHAPISCO APLICADO EM ALVENARIAS E ESTRUTURAS DE CONCRETO INTERNAS, COM COLHER DE PEDREIRO. ARGAMASSA TRAÇO 1:3 COM PREPARO EM BETONEIRA 400L. AF_10/2022 | E31: M2 | F31: 4998.08 | G31: 4,42 | H31: =ROUND(G31*(1+$I$8),2) -> 5.33 | I31: =TRUNC($F31*H31,2) -> 26639.76 | K31: =I31/$I$93 -> 0.010284449 | L31: =K31+L30 -> 0.86655646
A32: 9.2 | B32: SINAPI | C32: 88497 | D32: EMASSAMENTO COM MASSA LÁTEX, APLICAÇÃO EM PAREDE, DUAS DEMÃOS, LIXAMENTO MANUAL. AF_04/2023 | E32: M2 | F32: 1226.75 | G32: 16,95 | H32: =ROUND(G32*(1+$I$8),2) -> 20.42 | I32: =TRUNC($F32*H32,2) -> 25050.23 | K32: =I32/$I$93 -> 0.0096708013 | L32: =K32+L31 -> 0.87622727
A33: 10.1 | B33: COMPOSIÇÃO | C33: 02 | D33: PONTO DE CONSUMO TERMINAL DE ÁGUA FRIA (SUBRAMAL) COM TUBULAÇÃO DE PVC, DN 25 MM, INSTALADO EM RAMAL DE ÁGUA, INCLUSOS RASGO E CHUMBAMENTO EM ALVENARIA. AF_12/2014 | E33: UN | F33: 121 | G33: =COMPOSIÇÕES!J74 -> 138.53 | H33: =ROUND(G33*(1+$I$8),2) -> 166.93 | I33: =TRUNC($F33*H33,2) -> 20198.53 | K33: =I33/$I$93 -> 0.0077977715 | L33: =K33+L32 -> 0.88402504
A34: 9.3 | B34: SINAPI | C34: 88489 | D34: PINTURA LÁTEX ACRÍLICA PREMIUM, APLICAÇÃO MANUAL EM PAREDES, DUAS DEMÃOS. AF_04/2023 | E34: M2 | F34: 1226.75 | G34: 13,54 | H34: =ROUND(G34*(1+$I$8),2) -> 16.32 | I34: =TRUNC($F34*H34,2) -> 20020.56 | K34: =I34/$I$93 -> 0.007729065 | L34: =K34+L33 -> 0.8917541
A35: 7.2 | B35: SEINFRA.28 | C35: C1002 | D35: CUMEEIRA TERMOACÚSTICA | E35: M | F35: 187 | G35: 78.3 | H35: =ROUND(G35*(1+$I$8),2) -> 94.35 | I35: =TRUNC($F35*H35,2) -> 17643.45 | K35: =I35/$I$93 -> 0.0068113665 | L35: =K35+L34 -> 0.89856547
A36: 11.8 | B36: ORSE | C36: 12808 | D36: REFLETOR SLIM LED 200W DE POTÊNCIA, BRANCO FRIO, 6500K, AUTOVOLT, MARCA G-LIGHT OU SIMILAR | E36: UN | F36: 101 | G36: 134.66 | H36: =ROUND(G36*(1+$I$8),2) -> 162.27 | I36: =TRUNC($F36*H36,2) -> 16389.27 | K36: =I36/$I$93 -> 0.0063271823 | L36: =K36+L35 -> 0.90489265
A37: 2.8 | B37: SINAPI | C37: 97631 | D37: DEMOLIÇÃO DE ARGAMASSAS, DE FORMA MANUAL, SEM REAPROVEITAMENTO. AF_09/2023 | E37: M2 | F37: 1226.75 | G37: 10.35 | H37: =ROUND(G37*(1+$I$8),2) -> 12.47 | I37: =TRUNC($F37*H37,2) -> 15297.57 | K37: =I37/$I$93 -> 0.0059057246 | L37: =K37+L36 -> 0.91079838
A38: 2.1 | B38: SINAPI | C38: 103689 | D38: FORNECIMENTO E INSTALAÇÃO DE PLACA DE OBRA COM CHAPA GALVANIZADA E ESTRUTURA DE MADEIRA. AF_03/2022_PS | E38: M2 | F38: 27 | G38: 465,75 | H38: =ROUND(G38*(1+$I$8),2) -> 561.23 | I38: =TRUNC($F38*H38,2) -> 15153.21 | K38: =I38/$I$93 -> 0.0058499935 | L38: =K38+L37 -> 0.91664837
A39: 3.4 | B39: SEINFRA.28 | C39: C1437 | D39: GRELHA DE FERRO P/CANALETAS | E39: M2 | F39: 45 | G39: 256.32 | H39: =ROUND(G39*(1+$I$8),2) -> 308.87 | I39: =TRUNC($F39*H39,2) -> 13899.15 | K39: =I39/$I$93 -> 0.0053658556 | L39: =K39+L38 -> 0.92201422
A40: 10.8 | B40: SINAPI | C40: 89987 | D40: REGISTRO DE GAVETA BRUTO, LATÃO, ROSCÁVEL, 3/4", COM ACABAMENTO E CANOPLA CROMADOS - FORNECIMENTO E INSTALAÇÃO. AF_08/2021 | E40: UN | F40: 114 | G40: 99,87 | H40: =ROUND(G40*(1+$I$8),2) -> 120.34 | I40: =TRUNC($F40*H40,2) -> 13718.76 | K40: =I40/$I$93 -> 0.0052962149 | L40: =K40+L39 -> 0.92731044
A41: 2.5 | B41: SINAPI | C41: 97621 | D41: DEMOLIÇÃO DE ALVENARIA DE BLOCO FURADO, DE FORMA MANUAL, COM REAPROVEITAMENTO. AF_09/2023 | E41: M2 | F41: 87.42 | G41: 123,97 | H41: =ROUND(G41*(1+$I$8),2) -> 149.38 | I41: =TRUNC($F41*H41,2) -> 13058.79 | K41: =I41/$I$93 -> 0.0050414293 | L41: =K41+L40 -> 0.93235187
A42: 8.1 | B42: SINAPI | C42: 91341 | D42: PORTA EM ALUMÍNIO DE ABRIR TIPO VENEZIANA COM GUARNIÇÃO, FIXAÇÃO COM PARAFUSOS - FORNECIMENTO E INSTALAÇÃO. AF_12/2019 | E42: M2 | F42: 15.36 | G42: 691,18 | H42: =ROUND(G42*(1+$I$8),2) -> 832.87 | I42: =TRUNC($F42*H42,2) -> 12792.88 | K42: =I42/$I$93 -> 0.004938773 | L42: =K42+L41 -> 0.93729064
A43: 10.3 | B43: COMPOSIÇÃO | C43: 04 | D43: PONTO DE ESGOTO COM TUBO DE PVC RÍGIDO SOLDÁVEL DE Ø 40 MM (LAVATÓRIOS, MICTÓRIOS, RALOS SIFONADOS, ETC.) | E43: UN | F43: 129 | G43: =COMPOSIÇÕES!J112 -> 76.81 | H43: =ROUND(G43*(1+$I$8),2) -> 92.56 | I43: =TRUNC($F43*H43,2) -> 11940.24 | K43: =I43/$I$93 -> 0.0046096059 | L43: =K43+L42 -> 0.94190025
A44: 2.3 | B44: SINAPI | C44: 104790 | D44: DEMOLIÇÃO DE PISO DE CONCRETO SIMPLES, DE FORMA MECANIZADA COM MARTELETE, SEM REAPROVEITAMENTO. AF_09/2023 | E44: M3 | F44: 89.93 | G44: 107,3 | H44: =ROUND(G44*(1+$I$8),2) -> 129.3 | I44: =TRUNC($F44*H44,2) -> 11627.94 | K44: =I44/$I$93 -> 0.0044890405 | L44: =K44+L43 -> 0.94638929
A45: 3.3 | B45: SINAPI | C45: 97952 | D45: CAIXA PARA BOCA DE LOBO DUPLA COMBINADA COM GRELHA RETANGULAR, EM ALVENARIA COM TIJOLOS CERÂMICOS MACIÇOS, DIMENSÕES INTERNAS: 1,3X2,2X1,2 M. AF_12/2020 | E45: UN | F45: 2 | G45: 4652,52 | H45: =ROUND(G45*(1+$I$8),2) -> 5606.29 | I45: =TRUNC($F45*H45,2) -> 11212.58 | K45: =I45/$I$93 -> 0.0043286881 | L45: =K45+L44 -> 0.95071798
A46: 10.13 | B46: COMPOSIÇÃO | C46: 06 | D46: RESERVATÓRIO ELEVADO C/ CAIXA D'AGUA EM FIBRA DE VIDRO DE 5.000 LITROS APOIADO EM ESTRUTURA PRÉ-MOLDADA CONCRETO, COMPOSTA DE CAPITEL P/APOIO DA CAIXA E PILAR CILÍNDRICO C/ALTURA ÚTIL = 6,00M, INCLUSO FRETE E MONTAGEM NO LOCAL | E46: UN | F46: 1 | G46: =COMPOSIÇÕES!J145 -> 9162.51 | H46: =ROUND(G46*(1+$I$8),2) -> 11040.82 | I46: =TRUNC($F46*H46,2) -> 11040.82 | K46: =I46/$I$93 -> 0.0042623791 | L46: =K46+L45 -> 0.95498035
A47: 7.6 | B47: SINAPI | C47: 89512 | D47: TUBO PVC, SÉRIE R, ÁGUA PLUVIAL, DN 100 MM, FORNECIDO E INSTALADO EM RAMAL DE ENCAMINHAMENTO. AF_06/2022 | E47: M | F47: 186.4 | G47: 46,39 | H47: =ROUND(G47*(1+$I$8),2) -> 55.9 | I47: =TRUNC($F47*H47,2) -> 10419.76 | K47: =I47/$I$93 -> 0.0040226149 | L47: =K47+L46 -> 0.95900297
A48: 2.9 | B48: SINAPI | C48: 98459 | D48: TAPUME COM TELHA METÁLICA. AF_03/2024 | E48: M2 | F48: 88 | G48: 94,86 | H48: =ROUND(G48*(1+$I$8),2) -> 114.31 | I48: =TRUNC($F48*H48,2) -> 10059.28 | K48: =I48/$I$93 -> 0.0038834493 | L48: =K48+L47 -> 0.96288642
A49: 7.6 | B49: SINAPI | C49: 92210 | D49: TUBO DE CONCRETO PARA REDES COLETORAS DE ÁGUAS PLUVIAIS, DIÂMETRO DE 400 MM, JUNTA RÍGIDA, INSTALADO EM LOCAL COM BAIXO NÍVEL DE INTERFERÊNCIAS - FORNECIMENTO E ASSENTAMENTO. AF_03/2024 | E49: M | F49: 50 | G49: 131,29 | H49: =ROUND(G49*(1+$I$8),2) -> 158.2 | I49: =TRUNC($F49*H49,2) -> 7910 | K49: =I49/$I$93 -> 0.003053706 | L49: =K49+L48 -> 0.96594013
A50: 7.7 | B50: SINAPI | C50: 99253 | D50: CAIXA ENTERRADA HIDRÁULICA RETANGULAR EM ALVENARIA COM TIJOLOS CERÂMICOS MACIÇOS, DIMENSÕES INTERNAS: 0,6X0,6X0,6 M PARA REDE DE DRENAGEM. AF_12/2020 | E50: UN | F50: 12 | G50: 532,57 | H50: =ROUND(G50*(1+$I$8),2) -> 641.75 | I50: =TRUNC($F50*H50,2) -> 7701 | K50: =I50/$I$93 -> 0.0029730202 | L50: =K50+L49 -> 0.96891315
A51: 10.14 | B51: SINAPI | C51: 89357 | D51: TUBO, PVC, SOLDÁVEL, DE 32MM, INSTALADO EM RAMAL OU SUB-RAMAL DE ÁGUA - FORNECIMENTO E INSTALAÇÃO. AF_06/2022 | E51: M | F51: 200 | G51: 31,8 | H51: =ROUND(G51*(1+$I$8),2) -> 38.32 | I51: =TRUNC($F51*H51,2) -> 7664 | K51: =I51/$I$93 -> 0.0029587361 | L51: =K51+L50 -> 0.97187188
A52: 2.2 | B52: SINAPI | C52: 97647 | D52: REMOÇÃO DE TELHAS DE FIBROCIMENTO METÁLICA E CERÂMICA, DE FORMA MANUAL, SEM REAPROVEITAMENTO. AF_09/2023 | E52: M2 | F52: 1562.66 | G52: 3,76 | H52: =ROUND(G52*(1+$I$8),2) -> 4.53 | I52: =TRUNC($F52*H52,2) -> 7078.84 | K52: =I52/$I$93 -> 0.0027328314 | L52: =K52+L51 -> 0.97460471
A53: 9.1 | B53: SINAPI | C53: 88485 | D53: FUNDO SELADOR ACRÍLICO, APLICAÇÃO MANUAL EM PAREDE, UMA DEMÃO. AF_04/2023 | E53: M2 | F53: 1226.75 | G53: 4,24 | H53: =ROUND(G53*(1+$I$8),2) -> 5.11 | I53: =TRUNC($F53*H53,2) -> 6268.69 | K53: =I53/$I$93 -> 0.0024200678 | L53: =K53+L52 -> 0.97702478
A54: 3.5 | B54: ORSE | C54: 9942 | D54: CANALETA EM TIJOLO MACIÇO 45X40CM COM TAMPA DE CONCRETO | E54: M | F54: 22.2 | G54: 201.89 | H54: =ROUND(G54*(1+$I$8),2) -> 243.28 | I54: =TRUNC($F54*H54,2) -> 5400.81 | K54: =I54/$I$93 -> 0.0020850172 | L54: =K54+L53 -> 0.9791098
A55: 6.4 | B55: SINAPI | C55: 94274 | D55: ASSENTAMENTO DE GUIA (MEIO-FIO) EM TRECHO CURVO, CONFECCIONADA EM CONCRETO PRÉ-FABRICADO, DIMENSÕES 100X15X13X30 CM (COMPRIMENTO X BASE INFERIOR X BASE SUPERIOR X ALTURA). AF_01/2024 | E55: M | F55: 80 | G55: 54,15 | H55: =ROUND(G55*(1+$I$8),2) -> 65.25 | I55: =TRUNC($F55*H55,2) -> 5220 | K55: =I55/$I$93 -> 0.0020152143 | L55: =K55+L54 -> 0.98112501
A56: 12.3 | B56: SINAPI | C56: 99814 | D56: LIMPEZA DE SUPERFÍCIE COM JATO DE ALTA PRESSÃO. AF_04/2019 | E56: M2 | F56: 1798.52 | G56: 2.1 | H56: =ROUND(G56*(1+$I$8),2) -> 2.53 | I56: =TRUNC($F56*H56,2) -> 4550.25 | K56: =I56/$I$93 -> 0.0017566531 | L56: =K56+L55 -> 0.98288167
A57: 9.5 | B57: SINAPI | C57: 100758 | D57: PINTURA COM TINTA ALQUÍDICA DE ACABAMENTO (ESMALTE SINTÉTICO ACETINADO) APLICADA A ROLO OU PINCEL SOBRE SUPERFÍCIES METÁLICAS (EXCETO PERFIL) EXECUTADO EM OBRA (02 DEMÃOS). AF_01/2020 | E57: M2 | F57: 70.1 | G57: 52,18 | H57: =ROUND(G57*(1+$I$8),2) -> 62.88 | I57: =TRUNC($F57*H57,2) -> 4407.88 | K57: =I57/$I$93 -> 0.0017016902 | L57: =K57+L56 -> 0.98458336
A58: 10.4 | B58: SINAPI | C58: 86888 | D58: VASO SANITÁRIO SIFONADO COM CAIXA ACOPLADA LOUÇA BRANCA - FORNECIMENTO E INSTALAÇÃO. AF_01/2020 | E58: UN | F58: 8 | G58: 453,25 | H58: =ROUND(G58*(1+$I$8),2) -> 546.17 | I58: =TRUNC($F58*H58,2) -> 4369.36 | K58: =I58/$I$93 -> 0.0016868193 | L58: =K58+L57 -> 0.98627017
A59: 3.6 | B59: SINAPI | C59: 104166 | D59: TUBO PVC, SÉRIE R, ÁGUA PLUVIAL, DN 150 MM, FORNECIDO E INSTALADO EM RAMAL DE ENCAMINHAMENTO. AF_06/2022 | E59: M | F59: 50 | G59: 67,53 | H59: =ROUND(G59*(1+$I$8),2) -> 81.37 | I59: =TRUNC($F59*H59,2) -> 4068.5 | K59: =I59/$I$93 -> 0.0015706704 | L59: =K59+L58 -> 0.98784085
A60: 8.3 | B60: SINAPI | C60: 100701 | D60: PORTA DE FERRO, DE ABRIR, TIPO GRADE COM CHAPA, COM GUARNIÇÕES. AF_12/2019 | E60: M2 | F60: 3.96 | G60: 697,63 | H60: =ROUND(G60*(1+$I$8),2) -> 840.64 | I60: =TRUNC($F60*H60,2) -> 3328.93 | K60: =I60/$I$93 -> 0.0012851547 | L60: =K60+L59 -> 0.989126
A61: 7.5 | B61: SINAPI | C61: 96486 | D61: FORRO EM RÉGUAS DE PVC, LISO, PARA AMBIENTES COMERCIAIS, INCLUSIVE ESTRUTURA BIDIRECIONAL DE FIXAÇÃO. AF_08/2023_PS | E61: M | F61: 38.07 | G61: 71,13 | H61: =ROUND(G61*(1+$I$8),2) -> 85.71 | I61: =TRUNC($F61*H61,2) -> 3262.97 | K61: =I61/$I$93 -> 0.0012596904 | L61: =K61+L60 -> 0.99038569
A62: 5.1 | B62: SINAPI | C62: 103328 | D62: ALVENARIA DE VEDAÇÃO DE BLOCOS CERÂMICOS FURADOS NA HORIZONTAL DE 9X19X19 CM (ESPESSURA 9 CM) E ARGAMASSA DE ASSENTAMENTO COM PREPARO EM BETONEIRA. AF_12/2021 | E62: M2 | F62: 26.46 | G62: 91,23 | H62: =ROUND(G62*(1+$I$8),2) -> 109.93 | I62: =TRUNC($F62*H62,2) -> 2908.74 | K62: =I62/$I$93 -> 0.0011229377 | L62: =K62+L61 -> 0.99150863
A63: 9.4 | B63: SINAPI | C63: 100721 | D63: PINTURA COM TINTA ALQUÍDICA DE FUNDO (TIPO ZARCÃO) PULVERIZADA SOBRE SUPERFÍCIES METÁLICAS (EXCETO PERFIL) EXECUTADO EM OBRA (POR DEMÃO). AF_01/2020_P | E63: M2 | F63: 70.1 | G63: 26,67 | H63: =ROUND(G63*(1+$I$8),2) -> 32.14 | I63: =TRUNC($F63*H63,2) -> 2253.01 | K63: =I63/$I$93 -> 0.0008697889 | L63: =K63+L62 -> 0.99237842
A64: 10.15 | B64: SINAPI | C64: 97901 | D64: CAIXA ENTERRADA HIDRÁULICA RETANGULAR EM ALVENARIA COM TIJOLOS CERÂMICOS MACIÇOS, DIMENSÕES INTERNAS: 0,4X0,4X0,4 M PARA REDE DE ESGOTO. AF_12/2020 | E64: UN | F64: 6 | G64: 285,04 | H64: =ROUND(G64*(1+$I$8),2) -> 343.47 | I64: =TRUNC($F64*H64,2) -> 2060.82 | K64: =I64/$I$93 -> 0.00079559272 | L64: =K64+L63 -> 0.99317401
A65: 8.7 | B65: SINAPI | C65: 100868 | D65: BARRA DE APOIO RETA, EM ACO INOX POLIDO, COMPRIMENTO 80 CM, FIXADA NA PAREDE - FORNECIMENTO E INSTALAÇÃO. AF_01/2020 | E65: UN | F65: 4 | G65: 363,34 | H65: =ROUND(G65*(1+$I$8),2) -> 437.82 | I65: =TRUNC($F65*H65,2) -> 1751.28 | K65: =I65/$I$93 -> 0.00067609283 | L65: =K65+L64 -> 0.9938501
A66: 11.6 | B66: ORSE | C66: 3287 | D66: PONTO DE INTERRUPTOR 01 SEÇÃO PARALELA, EMBUTIDO, COM ELETRODUTO DE PVC FLEXÍVEL SANFONADO Ø 3/4" | E66: PT | F66: 6 | G66: 218.97 | H66: =ROUND(G66*(1+$I$8),2) -> 263.86 | I66: =TRUNC($F66*H66,2) -> 1583.16 | K66: =I66/$I$93 -> 0.00061118903 | L66: =K66+L65 -> 0.99446129
A67: 8.5 | B67: SINAPI | C67: 91307 | D67: FECHADURA DE EMBUTIR PARA PORTAS INTERNAS, COMPLETA, ACABAMENTO PADRÃO POPULAR, COM EXECUÇÃO DE FURO - FORNECIMENTO E INSTALAÇÃO. AF_12/2019 | E67: UN | F67: 12 | G67: 108,67 | H67: =ROUND(G67*(1+$I$8),2) -> 130.95 | I67: =TRUNC($F67*H67,2) -> 1571.4 | K67: =I67/$I$93 -> 0.00060664901 | L67: =K67+L66 -> 0.99506794
A68: 8.4 | B68: SINAPI | C68: 94570 | D68: JANELA DE ALUMÍNIO DE CORRER COM 2 FOLHAS PARA VIDROS (VIDROS INCLUSOS), BATENTE/ REQUADRO 6 A 14 CM, ACABAMENTO COM ACETATO OU BRILHANTE, FIXAÇÃO COM PARAFUSO, SEM GUARNIÇÃO/ ALIZAR, DIMENSÕES 100X120 CM, VEDAÇÃO COM SILICONE, EXCLUSIVE CONTRAMARCO - FORNECIMENTO E INSTALAÇÃO. AF_11/2024 | E68: M2 | F68: 4.95 | G68: 234.73 | H68: =ROUND(G68*(1+$I$8),2) -> 282.85 | I68: =TRUNC($F68*H68,2) -> 1400.1 | K68: =I68/$I$93 -> 0.00054051755 | L68: =K68+L67 -> 0.99560846
A69: 11.1 | B69: COMPOSIÇÃO | C69: 07 | D69: POSTE DE CONCRETO COM COMPRIMENTO NOMINAL DE 8 M, ENGASTAMENTO SIMPLES COM 1,5 M DE SOLO - FORNECIMENTO E INSTALACAO | E69: UN | F69: 1 | G69: =COMPOSIÇÕES!J159 -> 1008.86 | H69: =ROUND(G69*(1+$I$8),2) -> 1215.68 | I69: =TRUNC($F69*H69,2) -> 1215.68 | K69: =I69/$I$93 -> 0.00046932103 | L69: =K69+L68 -> 0.99607778
A70: 10.2 | B70: COMPOSIÇÃO | C70: 03 | D70: PONTO DE ESGOTO COM TUBO DE PVC RÍGIDO SOLDÁVEL DE Ø 100 MM (VASO SANITÁRIO) | E70: UN | F70: 8 | G70: =COMPOSIÇÕES!J92 -> 106.92 | H70: =ROUND(G70*(1+$I$8),2) -> 128.84 | I70: =TRUNC($F70*H70,2) -> 1030.72 | K70: =I70/$I$93 -> 0.00039791604 | L70: =K70+L69 -> 0.9964757
A71: 2.7 | B71: ORSE | C71: 021 | D71: DEMOLIÇÃO DE MEIO-FIO GRANÍTICO OU PRE-MOLDADO | E71: M | F71: 80 | G71: 10.35 | H71: =ROUND(G71*(1+$I$8),2) -> 12.47 | I71: =TRUNC($F71*H71,2) -> 997.6 | K71: =I71/$I$93 -> 0.00038512985 | L71: =K71+L70 -> 0.99686082
A72: 12.3 | B72: SINAPI | C72: 101909 | D72: EXTINTOR DE INCÊNDIO PORTÁTIL COM CARGA DE PQS DE 6 KG, CLASSE BC - FORNECIMENTO E INSTALAÇÃO. AF_10/2020_P | E72: UN | F72: 2 | G72: 305,05 | H72: =ROUND(G72*(1+$I$8),2) -> 367.59 | I72: =TRUNC($F72*H72,2) -> 735.18 | K72: =I72/$I$93 -> 0.00028382093 | L72: =K72+L71 -> 0.99714465
A73: 11.12 | B73: SINAPI | C73: 39471 | D73: DISPOSITIVO DPS CLASSE II, 1 POLO, TENSAO MAXIMA DE 275 V, CORRENTE MAXIMA DE *45* KA (TIPO AC) | E73: UN | F73: 4 | G73: 141,77 | H73: =ROUND(G73*(1+$I$8),2) -> 170.83 | I73: =TRUNC($F73*H73,2) -> 683.32 | K73: =I73/$I$93 -> 0.00026380005 | L73: =K73+L72 -> 0.99740845
A74: 12.2 | B74: SINAPI | C74: 101905 | D74: EXTINTOR DE INCÊNDIO PORTÁTIL COM CARGA DE ÁGUA PRESSURIZADA DE 10 L, CLASSE A - FORNECIMENTO E INSTALAÇÃO. AF_10/2020_P | E74: UN | F74: 2 | G74: 270,05 | H74: =ROUND(G74*(1+$I$8),2) -> 325.41 | I74: =TRUNC($F74*H74,2) -> 650.82 | K74: =I74/$I$93 -> 0.00025125322 | L74: =K74+L73 -> 0.9976597
A75: 2.10 | B75: SINAPI | C75: 99059 | D75: LOCAÇÃO CONVENCIONAL DE OBRA, UTILIZANDO GABARITO DE TÁBUAS CORRIDAS PONTALETADAS A CADA 2,00M - 2 UTILIZAÇÕES. AF_03/2024 | E75: M | F75: 8 | G75: 66,95 | H75: =ROUND(G75*(1+$I$8),2) -> 80.67 | I75: =TRUNC($F75*H75,2) -> 645.36 | K75: =I75/$I$93 -> 0.00024914535 | L75: =K75+L74 -> 0.99790884
A76: 11.3 | B76: SINAPI | C76: 101879 | D76: QUADRO DE DISTRIBUIÇÃO DE ENERGIA EM CHAPA DE AÇO GALVANIZADO, DE EMBUTIR, COM BARRAMENTO TRIFÁSICO, PARA 24 DISJUNTORES DIN 100A - FORNECIMENTO E INSTALAÇÃO. AF_10/2020 | E76: UN | F76: 1 | G76: 490.5 | H76: =ROUND(G76*(1+$I$8),2) -> 591.05 | I76: =TRUNC($F76*H76,2) -> 591.05 | K76: =I76/$I$93 -> 0.00022817863 | L76: =K76+L75 -> 0.99813702
A77: 10.12 | B77: SINAPI | C77: 95543 | D77: PORTA TOALHA BANHO EM METAL CROMADO, TIPO BARRA, INCLUSO FIXAÇÃO. AF_01/2020 | E77: UN | F77: 4 | G77: 108,92 | H77: =ROUND(G77*(1+$I$8),2) -> 131.25 | I77: =TRUNC($F77*H77,2) -> 525 | K77: =I77/$I$93 -> 0.0002026796 | L77: =K77+L76 -> 0.9983397
A78: 11.15 | B78: SINAPI | C78: 96985 | D78: HASTE DE ATERRAMENTO, DIÂMETRO 5/8", COM 3 METROS - FORNECIMENTO E INSTALAÇÃO. AF_08/2023 | E78: UN | F78: 4 | G78: 108,27 | H78: =ROUND(G78*(1+$I$8),2) -> 130.47 | I78: =TRUNC($F78*H78,2) -> 521.88 | K78: =I78/$I$93 -> 0.00020147511 | L78: =K78+L77 -> 0.99854118
A79: 10.6 | B79: COMPOSIÇÃO | C79: 05 | D79: LAVATÓRIO DE CANTO DE LOUÇA BRANCA SUSPENSO, 40 X 30 CM - FORNECIMENTO E INSTALAÇÃO | E79: UN | F79: 2 | G79: =COMPOSIÇÕES!J128 -> 200.94 | H79: =ROUND(G79*(1+$I$8),2) -> 242.13 | I79: =TRUNC($F79*H79,2) -> 484.26 | K79: =I79/$I$93 -> 0.00018695167 | L79: =K79+L78 -> 0.99872813
A80: 10.11 | B80: SINAPI | C80: 95544 | D80: PAPELEIRA DE PAREDE EM METAL CROMADO SEM TAMPA, INCLUSO FIXAÇÃO. AF_01/2020 | E80: UN | F80: 4 | G80: 84,05 | H80: =ROUND(G80*(1+$I$8),2) -> 101.28 | I80: =TRUNC($F80*H80,2) -> 405.12 | K80: =I80/$I$93 -> 0.00015639916 | L80: =K80+L79 -> 0.99888453
A81: 10.10 | B81: SINAPI | C81: 95545 | D81: SABONETEIRA DE PAREDE EM METAL CROMADO, INCLUSO FIXAÇÃO. AF_01/2020 | E81: UN | F81: 4 | G81: 82,21 | H81: =ROUND(G81*(1+$I$8),2) -> 99.06 | I81: =TRUNC($F81*H81,2) -> 396.24 | K81: =I81/$I$93 -> 0.00015297098 | L81: =K81+L80 -> 0.9990375
A82: 10.7 | B82: SINAPI | C82: 86915 | D82: TORNEIRA CROMADA DE MESA, 1/2" OU 3/4", PARA LAVATÓRIO, PADRÃO MÉDIO - FORNECIMENTO E INSTALAÇÃO. AF_01/2020 | E82: UN | F82: 2 | G82: 160,17 | H82: =ROUND(G82*(1+$I$8),2) -> 193 | I82: =TRUNC($F82*H82,2) -> 386 | K82: =I82/$I$93 -> 0.00014901777 | L82: =K82+L81 -> 0.99918652
A83: 2.6 | B83: SINAPI | C83: 104803 | D83: REMOÇÃO CALHAS E RUFOS, DE FORMA MANUAL, SEM REAPROVEITAMENTO. AF_09/2023 | E83: M2 | F83: 63 | G83: 4,83 | H83: =ROUND(G83*(1+$I$8),2) -> 5.82 | I83: =TRUNC($F83*H83,2) -> 366.66 | K83: =I83/$I$93 -> 0.00014155143 | L83: =K83+L82 -> 0.99932807
A84: 10.9 | B84: SINAPI | C84: 100849 | D84: ASSENTO SANITÁRIO CONVENCIONAL - FORNECIMENTO E INSTALACAO. AF_01/2020 | E84: UN | F84: 8 | G84: 32,85 | H84: =ROUND(G84*(1+$I$8),2) -> 39.58 | I84: =TRUNC($F84*H84,2) -> 316.64 | K84: =I84/$I$93 -> 0.00012224089 | L84: =K84+L83 -> 0.99945031
A85: 11.11 | B85: SINAPI | C85: 101893 | D85: DISJUNTOR TRIPOLAR TIPO NEMA, CORRENTE NOMINAL DE 10 ATÉ 50A - FORNECIMENTO E INSTALAÇÃO. AF_10/2020 | E85: UN | F85: 2 | G85: 122,04 | H85: =ROUND(G85*(1+$I$8),2) -> 147.06 | I85: =TRUNC($F85*H85,2) -> 294.12 | K85: =I85/$I$93 -> 0.0001135469 | L85: =K85+L84 -> 0.99956386
A86: 11.7 | B86: SINAPI | C86: 103782 | D86: LUMINÁRIA TIPO PLAFON CIRCULAR, DE SOBREPOR, COM LED DE 12/13 W - FORNECIMENTO E INSTALAÇÃO. AF_09/2024 | E86: UN | F86: 7 | G86: 34,65 | H86: =ROUND(G86*(1+$I$8),2) -> 41.75 | I86: =TRUNC($F86*H86,2) -> 292.25 | K86: =I86/$I$93 -> 0.00011282498 | L86: =K86+L85 -> 0.99967668
A87: 11.13 | B87: SINAPI | C87: 39456 | D87: DISPOSITIVO DR, 4 POLOS, SENSIBILIDADE DE 30 MA, CORRENTE DE 40 A, TIPO AC | E87: UN | F87: 1 | G87: 216,21 | H87: =ROUND(G87*(1+$I$8),2) -> 260.53 | I87: =TRUNC($F87*H87,2) -> 260.53 | K87: =I87/$I$93 -> 0.00010057927 | L87: =K87+L86 -> 0.99977726
A88: 11.10 | B88: SINAPI | C88: 93654 | D88: DISJUNTOR MONOPOLAR TIPO DIN, CORRENTE NOMINAL DE 16A - FORNECIMENTO E INSTALAÇÃO. AF_10/2020 | E88: UN | F88: 11 | G88: 15,96 | H88: =ROUND(G88*(1+$I$8),2) -> 19.23 | I88: =TRUNC($F88*H88,2) -> 211.53 | K88: =I88/$I$93 -> 8.1662507e-05 | L88: =K88+L87 -> 0.99985892
A89: 11.14 | B89: SINAPI | C89: 98111 | D89: CAIXA DE INSPEÇÃO PARA ATERRAMENTO, CIRCULAR, EM POLIETILENO, DIÂMETRO INTERNO = 0,3 M. AF_12/2020 | E89: UN | F89: 4 | G89: 43,23 | H89: =ROUND(G89*(1+$I$8),2) -> 52.09 | I89: =TRUNC($F89*H89,2) -> 208.36 | K89: =I89/$I$93 -> 8.0438709e-05 | L89: =K89+L88 -> 0.99993936
A90: 11.2 | B90: SINAPI | C90: 39808 | D90: CAIXA PARA MEDIDOR MONOFASICO, EM POLICARBONATO / TERMOPLASTICO, PARA ALOJAR 1 DISJUNTOR (PADRAO DA CONCESSIONARIA LOCAL) | E90: UN | F90: 1 | G90: 115,04 | H90: =ROUND(G90*(1+$I$8),2) -> 138.62 | I90: =TRUNC($F90*H90,2) -> 138.62 | K90: =I90/$I$93 -> 5.3515136e-05 | L90: =K90+L89 -> 0.99999288
A91: 11.9 | B91: SINAPI | C91: 93653 | D91: DISJUNTOR MONOPOLAR TIPO DIN, CORRENTE NOMINAL DE 10A - FORNECIMENTO E INSTALAÇÃO. AF_10/2020 | E91: UN | F91: 1 | G91: 15,31 | H91: =ROUND(G91*(1+$I$8),2) -> 18.45 | I91: =TRUNC($F91*H91,2) -> 18.45 | K91: =I91/$I$93 -> 7.1227403e-06 | L91: =K91+L90 -> 1
A93: =UPPER([11]!VExtensoFree(I93)) -> DOIS MILHÕES, QUINHENTOS E NOVENTA MIL, DUZENTOS E NOVENTA E CINCO REAIS E DEZENOVE CENTAVOS | G93: TOTAL GERAL (R$) | I93: =SUM(I11:I92) -> 2590295.2
I95: =SUMIF(F11:F92,">0",I11:I92) -> 2590295.2

Sheet QCI
A1: QUADRO DE COMPOSIÇÃO DO INVESTIMENTO - QCI
A3: =CRONOGRAMA!A3 -> OBRA: REFORMA DO AÇOUGUE MUNICIPAL E CONSTRUÇÃO DE 01 GALPÃO PRÉ-FABRICADO DE CONCRETO ARMADO
A4: =CRONOGRAMA!A4 -> LOCALIZAÇÃO: RUA SÉRGIO AMARO DO NASCIMENTO - JOÃO ALFREDO/PE
A5: =CRONOGRAMA!A5 -> DATA: ABRIL/2025
A7: ETAPA | B7: DISCRIMINAÇÃO | C7: TOTAL (R$) ADEPE | D7: TOTAL (R$) CONTRAPARTIDA | E7: TOTAL (R$) ETAPA
A10: I | B10: ='[12](ORÇAMENTO GERAL)'!D14 -> REMANESCENTE DA QUADRA FNDE | C10: =ORÇAMENTO!M121 -> 2538489.3 | D10: =E10-C10 -> 51805.9 | E10: =ORÇAMENTO!I118 -> 2590295.2 | F10: =C10-SUM(C11:C22) -> 0 | G10: =D10-SUM(D11:D22) -> -2.0372681e-10 | H10: =C10+D10-E10 -> 0 | J10: =E11-D11 -> 74649.78
A11: 1.0 | B11: ADMINISTRAÇÃO LOCAL | C11: =ROUND(($C$10/$E$10)*$E11,2) -> 74649.78 | D11: =E11-C11 -> 1523.46 | E11: =CRONOGRAMA!C10 -> 76173.24 | H11: =C11+D11-E11 -> 0
A12: 2.0 | B12: SERVIÇOS PRELIMINARES | C12: =ROUND(($C$10/$E$10)*$E12,2) -> 108462.42 | D12: =E12-C12 -> 2213.52 | E12: =CRONOGRAMA!C13 -> 110675.94 | H12: =C12+D12-E12 -> 0
A13: 3.0 | B13: DRENAGEM | C13: =ROUND(($C$10/$E$10)*$E13,2) -> 114940.69 | D13: =E13-C13 -> 2345.73 | E13: =CRONOGRAMA!C16 -> 117286.42 | H13: =C13+D13-E13 -> 0
A14: 4.0 | B14: ESTRUTURA | C14: =ROUND(($C$10/$E$10)*$E14,2) -> 282452.36 | D14: =E14-C14 -> 5764.33 | E14: =CRONOGRAMA!C19 -> 288216.69 | H14: =C14+D14-E14 -> 0
A15: 5.0 | B15: PAREDES E REVESTIMENTOS | C15: =ROUND(($C$10/$E$10)*$E15,2) -> 427169.75 | D15: =E15-C15 -> 8717.75 | E15: =CRONOGRAMA!C22 -> 435887.5 | H15: =C15+D15-E15 -> 0
A16: 6.0 | B16: PISOS | C16: =ROUND(($C$10/$E$10)*$E16,2) -> 348487.16 | D16: =E16-C16 -> 7111.98 | E16: =CRONOGRAMA!C25 -> 355599.14 | H16: =C16+D16-E16 -> 0
A17: 7.0 | B17: COBERTA | C17: =ROUND(($C$10/$E$10)*$E17,2) -> 559067.49 | D17: =E17-C17 -> 11409.54 | E17: =CRONOGRAMA!C28 -> 570477.03 | H17: =C17+D17-E17 -> 0
A18: 8.0 | B18: ESQUADRIAS | C18: =ROUND(($C$10/$E$10)*$E18,2) -> 200925.3 | D18: =E18-C18 -> 4100.52 | E18: =CRONOGRAMA!C31 -> 205025.82 | H18: =C18+D18-E18 -> 0
A19: 9.0 | B19: PINTURAS E ACABAMENTOS | C19: =ROUND(($C$10/$E$10)*$E19,2) -> 56840.36 | D19: =E19-C19 -> 1160.01 | E19: =CRONOGRAMA!C34 -> 58000.37 | H19: =C19+D19-E19 -> 0
A20: 10.0 | B20: INSTALAÇÕES HIDROSSANITÁRIOS | C20: =ROUND(($C$10/$E$10)*$E20,2) -> 108240.46 | D20: =E20-C20 -> 2208.99 | E20: =CRONOGRAMA!C37 -> 110449.45 | H20: =C20+D20-E20 -> 0
A21: 11.0 | B21: INSTALAÇÃO ELÉTRICA | C21: =ROUND(($C$10/$E$10)*$E21,2) -> 90858.13 | D21: =E21-C21 -> 1854.25 | E21: =CRONOGRAMA!C40 -> 92712.38 | H21: =C21+D21-E21 -> 0
A22: 12.0 | B22: SERVIÇOS COMPLEMENTARES | C22: =ROUND(($C$10/$E$10)*$E22,2) -> 166395.39 | D22: =E22-C22 -> 3395.82 | E22: =CRONOGRAMA!C43 -> 169791.21 | H22: =C22+D22-E22 -> 0
A24: TOTAIS: | C24: =SUM(C9:C23)/2 -> 2538489.3 | D24: =SUM(D9:D23)/2 -> 51805.9 | E24: =SUM(E9:E23)/2 -> 2590295.2
E28: ADEPE / REPASSE
E29: =ORÇAMENTO!M121 -> 2538489.3
C33: =C31-C30 -> 0

Sheet ETP
A4: ITEM | B4: DESCRIÇÃO | C4: QUANT.
A6: 1.0 | B6: ADMINISTRAÇÃO LOCAL
A7: 1.1 | B7: ADMINISTRAÇÃO LOCAL DA OBRA | C7: 1
A9: 2.0 | B9: SERVIÇOS PRELIMINARES
A10: 2.1 | B10: FORNECIMENTO E INSTALAÇÃO DE PLACA DE OBRA COM CHAPA GALVANIZADA E ESTRUTURA DE MADEIRA. AF_03/2022_PS | C10: 27
A11: 2.2 | B11: REMOÇÃO DE TELHAS DE FIBROCIMENTO METÁLICA E CERÂMICA, DE FORMA MANUAL, SEM REAPROVEITAMENTO. AF_09/2023 | C11: 1562.66
A12: 2.3 | B12: DEMOLIÇÃO DE PISO DE CONCRETO SIMPLES, DE FORMA MECANIZADA COM MARTELETE, SEM REAPROVEITAMENTO. AF_09/2023 | C12: 89.93
A13: 2.4 | B13: DEMOLIÇÃO DE REVESTIMENTO CERÂMICO, DE FORMA MANUAL, SEM REAPROVEITAMENTO. AF_09/2023 | C13: 1245.83
A14: 2.5 | B14: DEMOLIÇÃO DE ALVENARIA DE BLOCO FURADO, DE FORMA MANUAL, COM REAPROVEITAMENTO. AF_09/2023 | C14: 87.42
A15: 2.6 | B15: REMOÇÃO CALHAS E RUFOS, DE FORMA MANUAL, SEM REAPROVEITAMENTO. AF_09/2023 | C15: 63
A16: 2.7 | B16: DEMOLIÇÃO DE MEIO-FIO GRANÍTICO OU PRE-MOLDADO | C16: 80
A17: 2.8 | B17: DEMOLIÇÃO DE ARGAMASSAS, DE FORMA MANUAL, SEM REAPROVEITAMENTO. AF_09/2023 | C17: 1226.75
A18: 2.9 | B18: TAPUME COM TELHA METÁLICA. AF_03/2024 | C18: 88
A19: 2.10 | B19: LOCAÇÃO CONVENCIONAL DE OBRA, UTILIZANDO GABARITO DE TÁBUAS CORRIDAS PONTALETADAS A CADA 2,00M - 2 UTILIZAÇÕES. AF_03/2024 | C19: 8
A21: 3.0 | B21: DRENAGEM
A22: 3.1 | B22: TUBO DE CONCRETO PARA REDES COLETORAS DE ÁGUAS PLUVIAIS, DIÂMETRO DE 600 MM, JUNTA RÍGIDA, INSTALADO EM LOCAL COM BAIXO NÍVEL DE INTERFERÊNCIAS - FORNECIMENTO E ASSENTAMENTO. AF_03/2024 | C22: 150
A23: 3.2 | B23: CAIXA PARA BOCA DE LOBO COMBINADA COM GRELHA RETANGULAR, EM ALVENARIA COM TIJOLOS CERÂMICOS MACIÇOS, DIMENSÕES INTERNAS: 1,3X1X1,2 M. AF_12/2020 | C23: 12
A24: 3.3 | B24: CAIXA PARA BOCA DE LOBO DUPLA COMBINADA COM GRELHA RETANGULAR, EM ALVENARIA COM TIJOLOS CERÂMICOS MACIÇOS, DIMENSÕES INTERNAS: 1,3X2,2X1,2 M. AF_12/2020 | C24: 2
A25: 3.4 | B25: GRELHA DE FERRO P/CANALETAS | C25: 45
A26: 3.5 | B26: CANALETA EM TIJOLO MACIÇO 45X40CM COM TAMPA DE CONCRETO | C26: 22.2
A27: 3.6 | B27: TUBO PVC, SÉRIE R, ÁGUA PLUVIAL, DN 150 MM, FORNECIDO E INSTALADO EM RAMAL DE ENCAMINHAMENTO. AF_06/2022 | C27: 50
A29: 4.0 | B29: ESTRUTURA
B30: ESTRUTURA METÁLICA - COBERTA
A31: 4.1 | B31: ESTRUTURA TRELIÇADA DE COBERTURA, TIPO FINK, COM LIGAÇÕES SOLDADAS, INCLUSOS PERFIS METÁLICOS, CHAPAS METÁLICAS, TRANSPORTE COM GUINDASTE, JATEAMENTO E PINTURA | C31: 5593.77
B32: OUTROS ELEMENTOS ESTRUTURAIS
A33: 4.2 | B33: ESTRUTURA PARA GALPÃO PRÉ-MOLDADO DE CONCRETO ARMADO, PADRÃO QUADRA DE ESPORTE, SEM LANTERNIM, C/MONTAGEM, VÃOS ATÉ 22M, TESOURA SEM EMENDA, VÃOS ENTRE PILARES DE 5,00/6,00M, ALTURA 6,50/7,50M(LATERAL/MEIO), EXCLUSO TELHAS, INCLUSIVE FUNDAÇÃO - RV 01 | C33: 390
A35: 5.0 | B35: PAREDES E REVESTIMENTOS
A36: 5.1 | B36: ALVENARIA DE VEDAÇÃO DE BLOCOS CERÂMICOS FURADOS NA HORIZONTAL DE 9X19X19 CM (ESPESSURA 9 CM) E ARGAMASSA DE ASSENTAMENTO COM PREPARO EM BETONEIRA. AF_12/2021 | C36: 26.46
A37: 5.2 | B37: CHAPISCO APLICADO EM ALVENARIAS E ESTRUTURAS DE CONCRETO INTERNAS, COM COLHER DE PEDREIRO. ARGAMASSA TRAÇO 1:3 COM PREPARO EM BETONEIRA 400L. AF_10/2022 | C37: 4998.08
A38: 5.3 | B38: EMBOÇO OU MASSA ÚNICA EM ARGAMASSA TRAÇO 1:2:8, PREPARO MECÂNICO COM BETONEIRA 400 L, APLICADA MANUALMENTE EM PANOS CEGOS DE FACHADA (SEM PRESENÇA DE VÃOS), ESPESSURA DE 25 MM. AF_08/2022 | C38: 4998.08
A39: 5.5 | B39: REVESTIMENTO CERÂMICO PARA PAREDES INTERNAS COM PLACAS TIPO ESMALTADA DE DIMENSÕES 60X60 CM APLICADAS NA ALTURA INTEIRA DAS PAREDES. AF_02/2023_PE | C39: 1245.83
A41: 6.0 | B41: PISOS
A42: 6.1 | B42: LASTRO DE CONCRETO MAGRO, APLICADO EM PISOS, LAJES SOBRE SOLO OU RADIERS. AF_01/2024 | C42: 53.96
A43: 6.2 | B43: CONTRAPISO EM ARGAMASSA TRAÇO 1:4 (CIMENTO E AREIA), PREPARO MECÂNICO COM BETONEIRA 400 L, APLICADO EM ÁREAS MOLHADAS SOBRE LAJE, ADERIDO, ACABAMENTO NÃO REFORÇADO, ESPESSURA 2CM. AF_07/2021 | C43: 1798.52
A44: 6.3 | B44: PISO EM GRANILITE, MARMORITE OU GRANITINA EM AMBIENTES INTERNOS, COM ESPESSURA DE 8 MM, INCLUSO MISTURA EM BETONEIRA, COLOCAÇÃO DAS JUNTAS, APLICAÇÃO DO PISO, 4 POLIMENTOS COM POLITRIZ, ESTUCAMENTO, SELADOR E CERA. AF_06/2022 | C44: 1798.52
A45: 6.4 | B45: ASSENTAMENTO DE GUIA (MEIO-FIO) EM TRECHO CURVO, CONFECCIONADA EM CONCRETO PRÉ-FABRICADO, DIMENSÕES 100X15X13X30 CM (COMPRIMENTO X BASE INFERIOR X BASE SUPERIOR X ALTURA). AF_01/2024 | C45: 80
A47: 7.0 | B47: COBERTA
A48: 7.1 | B48: TELHAMENTO COM TELHA METÁLICA TERMOACÚSTICA E = 30 MM, COM ATÉ 2 ÁGUAS, INCLUSO IÇAMENTO. AF_07/2019 | C48: 1952.66
A49: 7.2 | B49: CUMEEIRA TERMOACÚSTICA | C49: 187
A50: 7.4 | B50: CALHA EM CHAPA DE AÇO GALVANIZADO NÚMERO 24, DESENVOLVIMENTO DE 100 CM, INCLUSO TRANSPORTE VERTICAL. AF_07/2019 | C50: 252
A51: 7.5 | B51: FORRO EM RÉGUAS DE PVC, LISO, PARA AMBIENTES COMERCIAIS, INCLUSIVE ESTRUTURA BIDIRECIONAL DE FIXAÇÃO. AF_08/2023_PS | C51: 38.07
A52: 7.6 | B52: TUBO PVC, SÉRIE R, ÁGUA PLUVIAL, DN 100 MM, FORNECIDO E INSTALADO EM RAMAL DE ENCAMINHAMENTO. AF_06/2022 | C52: 186.4
A53: 7.6 | B53: TUBO DE CONCRETO PARA REDES COLETORAS DE ÁGUAS PLUVIAIS, DIÂMETRO DE 400 MM, JUNTA RÍGIDA, INSTALADO EM LOCAL COM BAIXO NÍVEL DE INTERFERÊNCIAS - FORNECIMENTO E ASSENTAMENTO. AF_03/2024 | C53: 50
A54: 7.7 | B54: CAIXA ENTERRADA HIDRÁULICA RETANGULAR EM ALVENARIA COM TIJOLOS CERÂMICOS MACIÇOS, DIMENSÕES INTERNAS: 0,6X0,6X0,6 M PARA REDE DE DRENAGEM. AF_12/2020 | C54: 12
A56: 8.0 | B56: ESQUADRIAS
A57: 8.1 | B57: PORTA EM ALUMÍNIO DE ABRIR TIPO VENEZIANA COM GUARNIÇÃO, FIXAÇÃO COM PARAFUSOS - FORNECIMENTO E INSTALAÇÃO. AF_12/2019 | C57: 15.36
A58: 8.2 | B58: PORTA DE ENROLAR, EM PERFIL MEIA CANA FECHADO, EM CHAPA DE AÇO GALVANIZADO Nº22 | C58: 63.97
A59: 8.3 | B59: PORTA DE FERRO, DE ABRIR, TIPO GRADE COM CHAPA, COM GUARNIÇÕES. AF_12/2019 | C59: 3.96
A60: 8.4 | B60: JANELA DE ALUMÍNIO DE CORRER COM 2 FOLHAS PARA VIDROS (VIDROS INCLUSOS), BATENTE/ REQUADRO 6 A 14 CM, ACABAMENTO COM ACETATO OU BRILHANTE, FIXAÇÃO COM PARAFUSO, SEM GUARNIÇÃO/ ALIZAR, DIMENSÕES 100X120 CM, VEDAÇÃO COM SILICONE, EXCLUSIVE CONTRAMARCO - FORNECIMENTO E INSTALAÇÃO. AF_11/2024 | C60: 4.95
A61: 8.5 | B61: FECHADURA DE EMBUTIR PARA PORTAS INTERNAS, COMPLETA, ACABAMENTO PADRÃO POPULAR, COM EXECUÇÃO DE FURO - FORNECIMENTO E INSTALAÇÃO. AF_12/2019 | C61: 12
A62: 8.6 | B62: CORRIMÃO SIMPLES, DIÂMETRO EXTERNO = 1 1/2", EM AÇO GALVANIZADO. AF_04/2019_PS | C62: 1271.62
A63: 8.7 | B63: BARRA DE APOIO RETA, EM ACO INOX POLIDO, COMPRIMENTO 80 CM, FIXADA NA PAREDE - FORNECIMENTO E INSTALAÇÃO. AF_01/2020 | C63: 4
A65: 9.0 | B65: PINTURAS E ACABAMENTOS
A66: 9.1 | B66: FUNDO SELADOR ACRÍLICO, APLICAÇÃO MANUAL EM PAREDE, UMA DEMÃO. AF_04/2023 | C66: 1226.75
A67: 9.2 | B67: EMASSAMENTO COM MASSA LÁTEX, APLICAÇÃO EM PAREDE, DUAS DEMÃOS, LIXAMENTO MANUAL. AF_04/2023 | C67: 1226.75
A68: 9.3 | B68: PINTURA LÁTEX ACRÍLICA PREMIUM, APLICAÇÃO MANUAL EM PAREDES, DUAS DEMÃOS. AF_04/2023 | C68: 1226.75
A69: 9.4 | B69: PINTURA COM TINTA ALQUÍDICA DE FUNDO (TIPO ZARCÃO) PULVERIZADA SOBRE SUPERFÍCIES METÁLICAS (EXCETO PERFIL) EXECUTADO EM OBRA (POR DEMÃO). AF_01/2020_P | C69: 70.1
A70: 9.5 | B70: PINTURA COM TINTA ALQUÍDICA DE ACABAMENTO (ESMALTE SINTÉTICO ACETINADO) APLICADA A ROLO OU PINCEL SOBRE SUPERFÍCIES METÁLICAS (EXCETO PERFIL) EXECUTADO EM OBRA (02 DEMÃOS). AF_01/2020 | C70: 70.1
A72: 10.0 | B72: INSTALAÇÕES HIDROSSANITÁRIOS
A73: 10.1 | B73: PONTO DE CONSUMO TERMINAL DE ÁGUA FRIA (SUBRAMAL) COM TUBULAÇÃO DE PVC, DN 25 MM, INSTALADO EM RAMAL DE ÁGUA, INCLUSOS RASGO E CHUMBAMENTO EM ALVENARIA. AF_12/2014 | C73: 121
A74: 10.2 | B74: PONTO DE ESGOTO COM TUBO DE PVC RÍGIDO SOLDÁVEL DE Ø 100 MM (VASO SANITÁRIO) | C74: 8
A75: 10.3 | B75: PONTO DE ESGOTO COM TUBO DE PVC RÍGIDO SOLDÁVEL DE Ø 40 MM (LAVATÓRIOS, MICTÓRIOS, RALOS SIFONADOS, ETC.) | C75: 129
A76: 10.4 | B76: VASO SANITÁRIO SIFONADO COM CAIXA ACOPLADA LOUÇA BRANCA - FORNECIMENTO E INSTALAÇÃO. AF_01/2020 | C76: 8
A77: 10.5 | B77: LAVATÓRIO LOUÇA BRANCA SUSPENSO, 29,5 X 39CM OU EQUIVALENTE, PADRÃO POPULAR, INCLUSO SIFÃO FLEXÍVEL EM PVC, VÁLVULA E ENGATE FLEXÍVEL 30CM EM PLÁSTICO E TORNEIRA CROMADA DE MESA, PADRÃO POPULAR - FORNECIMENTO E INSTALAÇÃO. AF_01/2020 | C77: 111
A78: 10.6 | B78: LAVATÓRIO DE CANTO DE LOUÇA BRANCA SUSPENSO, 40 X 30 CM - FORNECIMENTO E INSTALAÇÃO | C78: 2
A79: 10.7 | B79: TORNEIRA CROMADA DE MESA, 1/2" OU 3/4", PARA LAVATÓRIO, PADRÃO MÉDIO - FORNECIMENTO E INSTALAÇÃO. AF_01/2020 | C79: 2
A80: 10.8 | B80: REGISTRO DE GAVETA BRUTO, LATÃO, ROSCÁVEL, 3/4", COM ACABAMENTO E CANOPLA CROMADOS - FORNECIMENTO E INSTALAÇÃO. AF_08/2021 | C80: 114
A81: 10.9 | B81: ASSENTO SANITÁRIO CONVENCIONAL - FORNECIMENTO E INSTALACAO. AF_01/2020 | C81: 8
A82: 10.10 | B82: SABONETEIRA DE PAREDE EM METAL CROMADO, INCLUSO FIXAÇÃO. AF_01/2020 | C82: 4
A83: 10.11 | B83: PAPELEIRA DE PAREDE EM METAL CROMADO SEM TAMPA, INCLUSO FIXAÇÃO. AF_01/2020 | C83: 4
A84: 10.12 | B84: PORTA TOALHA BANHO EM METAL CROMADO, TIPO BARRA, INCLUSO FIXAÇÃO. AF_01/2020 | C84: 4
... A87: 10.15 | B87: CAIXA ENTERRADA HIDRÁULICA RETANGULAR EM ALVENARIA COM TIJOLOS CERÂMICOS MACIÇOS, DIMENSÕES INTERNAS: 0,4X0,4X0,4 M PARA REDE DE ESGOTO. AF_12/2020 | C87: 6
A89: 11.0 | B89: INSTALAÇÃO ELÉTRICA
A90: 11.1 | B90: POSTE DE CONCRETO COM COMPRIMENTO NOMINAL DE 8 M, ENGASTAMENTO SIMPLES COM 1,5 M DE SOLO - FORNECIMENTO E INSTALACAO | C90: 1
A91: 11.2 | B91: CAIXA PARA MEDIDOR MONOFASICO, EM POLICARBONATO / TERMOPLASTICO, PARA ALOJAR 1 DISJUNTOR (PADRAO DA CONCESSIONARIA LOCAL) | C91: 1
A92: 11.3 | B92: QUADRO DE DISTRIBUIÇÃO DE ENERGIA EM CHAPA DE AÇO GALVANIZADO, DE EMBUTIR, COM BARRAMENTO TRIFÁSICO, PARA 24 DISJUNTORES DIN 100A - FORNECIMENTO E INSTALAÇÃO. AF_10/2020 | C92: 1
A93: 11.4 | B93: PONTO DE LUZ EM TETO OU PAREDE, COM ELETRODUTO PVC RÍGIDO EMBUTIDO Ø 3/4" | C93: 108
A94: 11.5 | B94: PONTO DE TOMADA 2P+T, ABNT, DE EMBUTIR, 10 A, COM ELETRODUTO DE PVC FLEXÍVEL SANFONADO EMBUTIDO Ø 3/4", FIO RIGIDO 2,5MM² (FIO 12), INCLUSIVE PLACA EM PVCE ATERRAMENTO | C94: 121
A95: 11.6 | B95: PONTO DE INTERRUPTOR 01 SEÇÃO PARALELA, EMBUTIDO, COM ELETRODUTO DE PVC FLEXÍVEL SANFONADO Ø 3/4" | C95: 6
A96: 11.7 | B96: LUMINÁRIA TIPO PLAFON CIRCULAR, DE SOBREPOR, COM LED DE 12/13 W - FORNECIMENTO E INSTALAÇÃO. AF_09/2024 | C96: 7
A97: 11.8 | B97: REFLETOR SLIM LED 200W DE POTÊNCIA, BRANCO FRIO, 6500K, AUTOVOLT, MARCA G-LIGHT OU SIMILAR | C97: 101
A98: 11.9 | B98: DISJUNTOR MONOPOLAR TIPO DIN, CORRENTE NOMINAL DE 10A - FORNECIMENTO E INSTALAÇÃO. AF_10/2020 | C98: 1
A99: 11.10 | B99: DISJUNTOR MONOPOLAR TIPO DIN, CORRENTE NOMINAL DE 16A - FORNECIMENTO E INSTALAÇÃO. AF_10/2020 | C99: 11
A100: 11.11 | B100: DISJUNTOR TRIPOLAR TIPO NEMA, CORRENTE NOMINAL DE 10 ATÉ 50A - FORNECIMENTO E INSTALAÇÃO. AF_10/2020 | C100: 2
A101: 11.12 | B101: DISPOSITIVO DPS CLASSE II, 1 POLO, TENSAO MAXIMA DE 275 V, CORRENTE MAXIMA DE *45* KA (TIPO AC) | C101: 4
... A104: 11.15 | B104: HASTE DE ATERRAMENTO, DIÂMETRO 5/8", COM 3 METROS - FORNECIMENTO E INSTALAÇÃO. AF_08/2023 | C104: 4
A106: 12.0 | B106: SERVIÇOS COMPLEMENTARES
A107: 12.1 | B107: COZINHA-CAMARA FRIGORIFICA 3,3x1,55x2,20m 80 kgf/DIA | C107: 3
A108: 12.2 | B108: EXTINTOR DE INCÊNDIO PORTÁTIL COM CARGA DE ÁGUA PRESSURIZADA DE 10 L, CLASSE A - FORNECIMENTO E INSTALAÇÃO. AF_10/2020_P | C108: 2
A109: 12.3 | B109: EXTINTOR DE INCÊNDIO PORTÁTIL COM CARGA DE PQS DE 6 KG, CLASSE BC - FORNECIMENTO E INSTALAÇÃO. AF_10/2020_P | C109: 2
A110: 12.3 | B110: LIMPEZA DE SUPERFÍCIE COM JATO DE ALTA PRESSÃO. AF_04/2019 | C110: 1798.52

Sheet BDI_FORNECIMENTO_16,32%_COM
B2: COMPOSIÇÃO DE BDI PARA FORNECIMENTO DE MATERIAIS E EQUIPAMENTOS
B4: BONIFICAÇÃO E DESPESAS INDIRETAS
B6: ='(ORÇAMENTO GERAL)'!A6 -> OBRA: REFORMA DO AÇOUGUE MUNICIPAL E CONSTRUÇÃO DE 01 GALPÃO PRÉ-FABRICADO DE CONCRETO ARMADO
B7: ='(ORÇAMENTO GERAL)'!A7 -> LOCALIZAÇÃO: RUA SÉRGIO AMARO DO NASCIMENTO - JOÃO ALFREDO/PE
B8: ='(ORÇAMENTO GERAL)'!A9 -> DATA: ABRIL/2025
B10: DESCRIÇÃO | C10: SIGLA | D10: VALOR (*) | F10: FAIXA REFERENCIAL - Ref. Acórdão 2622/2013
B12: Taxa de rateio da Administração Central | C12: AC | D12: 0.015 | F12: De 1,50% até 4,49%; médio = 3,45%
B14: Taxa de Despesas Financeiras | C14: DF | D14: 0.0085 | F14: De 0,85% até 1,11%; médio = 0,85%
B16: Taxa de Risco | C16: R | D16: 0.0056 | F16: De 0,56% até 0,89%; médio = 0,85%
B18: Taxa de Seguro e Taxa de Garantia | C18: S + G | D18: 0.003 | F18: De 0,30% até 0,82%; médio = 0,48%
B20: COFINS | C20: COFINS | D20: 0.03
B21: ISS (**) | C21: ISS | D21: 0 | E21: =0.05*0.4 -> 0.02
B22: PIS | C22: PIS | D22: 0.0065
B23: CONTRIBUIÇÃO PREVIDENCIÁRIA SOBRE RECEITA BRUTA (***) | C23: CPRB | D23: 0.045 | E23: *
B24: Taxa de Tributos (Soma dos itens COFINS, ISS, PIS e CPRB) | C24: I | D24: =SUM(D20:D23) -> 0.0815
B26: Taxa de Lucro | C26: L | D26: 0.035 | F26: De 3,50% até 6,22%; médio = 5,11%
B28: BDI Resultante | D28: =ROUND((((1+D12+D18+D16)*(1+D14)*(1+D26))/(1-D24))-1,4) -> 0.1632
F29: De 11,10% até 16,80%; médio = 14,02%
B32: Fórmula do BDI conforme Acórdão TCU 2622/2013-P:
B40: Obs.:
B41: (*) Todas as taxas adotadas estão na faixa admissível do Acórdão 2622/2013-P do TCU.
B42: (**) A alíquota de ISS no Município de João Alfredo/PE é de 5% sobre os custos de mão de obra. Considerou-se para todos os serviços uma proporção de 40% de mão de obra, de modo que a taxa de ISS a incidir sobre os custos unitários dos itens será de 5% x 40% = 2,00%.
B43: (***) Conforme determina a Lei nº 13.161, de 31 de agosto de 2015, que altera a Lei nº 12.546, de 14 de dezembro 2011, para obras de infraestrutura e do setor de construção, foi regulamentada a substituição da contribuição previdenciária patronal de 20% sobre a folha de pagamentos por uma contribuição de 4,50% sobre a receita bruta, sendo facultativa a opção pela contribuição substitutiva. Nesta composição de BDI NÃO foi considerada a opção pela contribuição substitutiva, sendo portanto necessário utilizar tabelas de custos NÃO desoneradas para elaboração do orçamento básico. | F43: Obs.: 1. Acompanhar a questão, pois existe a possibilidade da Lei da Desoneração vencer ou ser revogada. 2. As atividades incluídas na desoneração são as relativas aos grupos 412, 432, 433 e 439 da CNAE 2.0
B46: Obs.:
B47: Os custos indiretos são decorrentes da estrutura da obra e da empresa e que não podem ser atribuídos diretamente à execução de um dado serviço. Os custos indiretos variam muito, principalmente, em função do local de execução dos serviços, do tipo da obra, impostos incidentes, e ainda com as exigências do edital ou contrato. Devem ser distribuídos pelos custos unitários diretos totais dos serviços na forma de percentual destes. Os custos indiretos que mais afetam a construção estão a seguir identificados, entretanto, o engenheiro de custos deve analisar em cada caso sua validade.
B61: Fórmula BDI conforme Acórdão TCU 325/2007:

Sheet BDI_PRAÇAS_COM_NOVA_CPRB_26,01%
B2: COMPOSIÇÃO DE BDI PARA SERVIÇOS GERAIS DE PRAÇAS
B4: COMPOSIÇÃO DE B.D.I. – BONIFICAÇÃO E DESPESAS INDIRETAS
B6: ='(ORÇAMENTO GERAL)'!A6 -> OBRA: REFORMA DO AÇOUGUE MUNICIPAL E CONSTRUÇÃO DE 01 GALPÃO PRÉ-FABRICADO DE CONCRETO ARMADO
B7: ='(ORÇAMENTO GERAL)'!A7 -> LOCALIZAÇÃO: RUA SÉRGIO AMARO DO NASCIMENTO - JOÃO ALFREDO/PE
B8: ='(ORÇAMENTO GERAL)'!A9 -> DATA: ABRIL/2025
B10: DESCRIÇÃO | C10: SIGLA | D10: VALOR (*) | F10: FAIXA REFERENCIAL - Ref. Acórdão 2622/2013
B12: Taxa de rateio da Administração Central | C12: AC | D12: 0.0428 | E12: min | F12: De 3,80% até 4,67%; médio = 4,01%
B14: Taxa de Despesas Financeiras | C14: DF | D14: 0.0102 | E14: min | F14: De 1,02% até 1,21%; médio = 1,11%
B16: Taxa de Risco | C16: R | D16: 0.005 | E16: min | F16: De 0,50% até 0,97%; médio = 0,56%
B18: Taxa de Seguro | C18: S | D18: =0.32%/2 -> 0.0016 | E18: min | F18: De 0,32% até 0,74%; médio = 0,40%
B20: Taxa de Garantia | C20: G | D20: =D18 -> 0.0016 | E20: min
B22: COFINS | C22: COFINS | D22: 0.03
B23: ISS (**) | C23: ISS | D23: 0.02 | E23: =0.05*0.4 -> 0.02
B24: PIS | C24: PIS | D24: 0.0065
B25: CONTRIBUIÇÃO PREVIDENCIÁRIA SOBRE RECEITA BRUTA (***) | C25: CPRB | D25: 0.045 | E25: *
B26: Taxa de Tributos (Soma dos itens COFINS, ISS, PIS e INSS) | C26: I | D26: =SUM(D22:D25) -> 0.1015
B28: Taxa de Lucro | C28: L | D28: 0.0664 | E28: min | F28: De 6,64% até 8,69%; médio = 7,30%
B30: BDI Resultante | D30: =ROUND((((1+D12+D18+D16+D20)*(1+D14)*(1+D28))/(1-D26))-1,4) -> 0.2601 | E30: Mínimo para Pavimentação com Nova CPRB de 4,50%
F31: De 19,60% até 24,23%; médio = 20,97%
B33: Fórmula do BDI conforme Acórdão TCU 2622/2013-P:
B41: Obs.:
B42: (*) Todas as taxas adotadas estão na faixa admissível do Acórdão 2622/2013-P do TCU.
B43: (**) A alíquota de ISS no Município de João Alfredo é de 5% sobre os custos de mão de obra. Considerou-se para todos os serviços uma proporção de 40% de mão de obra, de modo que a taxa de ISS a incidir sobre os custos unitários dos itens será de 5% x 40% = 2,00%.
B44: (***) Conforme determina a Lei nº 13.161, de 31 de agosto de 2015, que altera a Lei nº 12.546, de 14 de dezembro 2011, para obras de infraestrutura e do setor de construção, foi regulamentada a substituição da contribuição previdenciária patronal de 20% sobre a folha de pagamentos por uma contribuição de 4,50% sobre a receita bruta, sendo facultativa a opção pela contribuição substitutiva. Nesta composição de BDI foi considerada a opção pela contribuição substitutiva, sendo portanto necessário utilizar tabelas de custos desoneradas para elaboração do orçamento básico. | F44: Obs.: 1. Acompanhar a questão, pois existe a possibilidade da Lei da Desoneração vencer ou ser revogada. 2. As atividades incluídas na desoneração são as relativas aos grupos 412, 432, 433 e 439 da CNAE 2.0
B47: Obs.:
B48: Os custos indiretos são decorrentes da estrutura da obra e da empresa e que não podem ser atribuídos diretamente à execução de um dado serviço. Os custos indiretos variam muito, principalmente, em função do local de execução dos serviços, do tipo da obra, impostos incidentes, e ainda com as exigências do edital ou contrato. Devem ser distribuídos pelos custos unitários diretos totais dos serviços na forma de percentual destes. Os custos indiretos que mais afetam a construção estão a seguir identificados, entretanto, o engenheiro de custos deve analisar em cada caso sua validade.
B62: Fórmula BDI conforme Acórdão TCU 325/2007:
